Workbook
Name \X: #REF!
Name ____________________MDE09: [1]Peralatan!$BO$187
Name ____________________MDE10: [1]Peralatan!$BO$207
Name ____________________MDE11: [1]Peralatan!$BO$227
Name ____________________MDE25: [1]Peralatan!$BO$507
Name ____________________ME09: [1]Peralatan!$BO$186
Name ____________________ME10: [1]Peralatan!$BO$206
Name ____________________ME11: [1]Peralatan!$BO$226
Name ____________________ME25: [1]Peralatan!$BO$506
Name ___________________MDE01: [1]Peralatan!$BO$27
Name ___________________MDE02: [1]Peralatan!$BO$47
Name ___________________MDE03: [1]Peralatan!$BO$67
Name ___________________MDE04: [1]Peralatan!$BO$87
Name ___________________MDE05: [1]Peralatan!$BO$107
Name ___________________MDE06: [1]Peralatan!$BO$127
Name ___________________MDE07: [1]Peralatan!$BO$147
Name ___________________MDE08: [1]Peralatan!$BO$167
Name ___________________MDE09: [1]Peralatan!$BO$187
Name ___________________MDE10: [1]Peralatan!$BO$207
Name ___________________MDE11: [1]Peralatan!$BO$227
Name ___________________MDE13: [1]Peralatan!$BO$267
Name ___________________MDE14: [1]Peralatan!$BO$287
Name ___________________MDE15: [1]Peralatan!$BO$307
Name ___________________MDE16: [1]Peralatan!$BO$327
Name ___________________MDE17: [1]Peralatan!$BO$347
Name ___________________MDE18: [1]Peralatan!$BO$367
Name ___________________MDE19: [1]Peralatan!$BO$387
Name ___________________MDE20: [1]Peralatan!$BO$407
Name ___________________MDE21: [1]Peralatan!$BO$427
Name ___________________MDE22: [1]Peralatan!$BO$447
Name ___________________MDE23: [1]Peralatan!$BO$467
Name ___________________MDE24: [1]Peralatan!$BO$487
Name ___________________MDE25: [1]Peralatan!$BO$507
Name ___________________MDE27: [1]Peralatan!$BO$547
Name ___________________MDE28: [1]Peralatan!$BO$567
Name ___________________MDE29: [1]Peralatan!$BO$587
Name ___________________MDE30: [1]Peralatan!$BO$607
Name ___________________MDE31: [1]Peralatan!$BO$627
Name ___________________MDE32: [1]Peralatan!$BO$647
Name ___________________MDE33: [1]Peralatan!$BO$667
Name ___________________MDE34: [1]Peralatan!$BO$698
Name ___________________ME01: [1]Peralatan!$BO$26
Name ___________________ME02: [1]Peralatan!$BO$46
Name ___________________ME03: [1]Peralatan!$BO$66
Name ___________________ME04: [1]Peralatan!$BO$86
Name ___________________ME05: [1]Peralatan!$BO$106
Name ___________________ME06: [1]Peralatan!$BO$126
Name ___________________ME07: [1]Peralatan!$BO$146
Name ___________________ME08: [1]Peralatan!$BO$166
Name ___________________ME09: [1]Peralatan!$BO$186
Name ___________________ME10: [1]Peralatan!$BO$206
Name ___________________ME11: [1]Peralatan!$BO$226
Name ___________________ME13: [1]Peralatan!$BO$266
Name ___________________ME14: [1]Peralatan!$BO$286
Name ___________________ME15: [1]Peralatan!$BO$306
Name ___________________ME16: [1]Peralatan!$BO$326
Name ___________________ME17: [1]Peralatan!$BO$346
Name ___________________ME18: [1]Peralatan!$BO$366
Name ___________________ME19: [1]Peralatan!$BO$386
Name ___________________ME20: [1]Peralatan!$BO$406

Sheet NERACA
A1: BADAN USAHA MILIK DESA BUMDesa SEJAHTERA
A2: NERACA BUMDESA
A3: TANGGAL, 31 AGUSTUS 2026
A8: AKTIVA | F8: PASSIVA
A9: 1. | B9: HARTA | F9: 2. | G9: HUTANG
A10: 1.1 | B10: Kas | F10: 2.1 | G10: PADes | H10: =SUM(REKAP!F68) -> 15050178
A11: 1.1.1 | B11: Kas Umum | F11: 2.2 | G11: Penguatan modal | H11: =SUM(REKAP!G68) -> 4013380.9
A12: 1.1.2 | B12: Kas Harian | E12: =SUM(KASHAR!W174) -> 51053772 | F12: 2.3 | G12: Cadangan | H12: =SUM(REKAP!H68) -> 1003345.2
B13: Total Kas | E13: =SUM(E11:E12) -> 51053772 | G13: Jumlah | H13: =SUM(H10:H12) -> 20066904
F14: 3. | G14: MODAL
A15: 1.2 | B15: Bank | F15: 3.1 | G15: Penguatan modal dari SHU
A16: 1.2.1 | B16: Bank BRI | E16: 55562530 | F16: 3.1.1 | G16: SHU 2017 | H16: 1186803
A17: 1.2.2 | B17: Bank BPD | E17: 549503 | F17: 3.1.2 | G17: SHU 2018 | H17: 4659495 | J17: =[45]REKAP!$F$75 -> 0
B18: Total Bank | E18: =SUM(E16:E17) -> 56112033 | F18: 3.1.3 | G18: SHU 2019 | H18: 12940985 | J18: =E16-J17 -> 55562530
F19: 3.1.4 | G19: SHU 2020 | H19: 29810954
A20: 1.3 | B20: Inventaris | D20: =SUM('[48]INVEN (2)'!$G$187) -> 310608000 | F20: 3.1.5 | G20: SHU 2021 | H20: 31861941
A21: 1.3.1 | B21: Akumulasi Penyusutan | D21: =SUM(INVENTARIS!R195) -> 63046783 | F21: 3.1.6 | G21: SHU 2022 | H21: 31326534
A22: 1.3.2 | B22: Nilai Buku | E22: =SUM(INVENTARIS!R196) -> 2.4756122e+08 | F22: 3.1.7 | G22: SHU 2023 | H22: 40014708
F23: 3.1.8 | G23: SHU 2024 | H23: 26027431
F24: 3.1.0 | G24: SHU 2025 | H24: 29437299
G25: Jumlah | H25: =SUM(H16:H24) -> 207266150
A26: 1.4 | B26: Alokasi ke Unit Usaha | F26: 3.2 | G26: Penyertaan Modal
A27: 1.4.1 | B27: Modal Usaha (Piutang) Syariah | E27: =SUM(MODUS!J160) -> 617812062 | F27: 3.2.1 | G27: Dari APBD Barru 2013-2014 | H27: 30000000
A28: 1.4.2 | B28: Investasi Gas | E28: 61950250 | F28: 3.2.2 | G28: Dari Dana Desa 2017 | H28: 98340000 | I28: =E27+E30 -> 932761499 | J28: 20190000
A29: 1.4.3 | B29: Investasi Perikanan | E29: =SUM(14073208+396000-175000) -> 14294208 | F29: 3.2.3 | G29: Dari Dana Desa 2018 | H29: 130000000 | J29: =E31-J28 -> 42310000
A30: 1.4.4 | B30: Piutang Multi Finance | E30: =SUM(MULTI!P57) -> 314949437 | F30: 3.2.4 | G30: Dari Dana Desa 2019 | H30: 220232350 | J30: 5690000 | K30: 38890000
A31: 1.4.5 | B31: Unit Usaha BRI Link | E31: 62500000 | F31: 3.2.5 | G31: Dari Dana Desa 2020 | H31: 46905500 | J31: =K30+J30 -> 44580000
A32: 1.4.6 | B32: Usaha Jasa dan Distribusi Barang | E32: =SUM(KASHAR!R174) -> 409000 | F32: 3.2.6 | G32: Dari Dana Desa 2022 | H32: 135766650 | J32: 1940549
A33: 1.4.7 | B33: Investasi Ketahanan Pangan | E33: =SUM(KASHAR!Q174) -> 234492900 | F33: 3.2.7 | G33: Dari Dana Desa 2023 | H33: 200000000
A34: 1.4.8 | B34: Toko Alat Bengkel | E34: 55000000 | F34: 3.2.8 | G34: Dari Dana Desa 2024 | H34: 220000000 | J34: =E31-1500000 -> 61000000
A35: 1.4.9 | B35: Dana Pelatihan Pengurus BUMDes | E35: 3500000 | F35: 3.2.9 | G35: Ketahanan Pangan 2025 | H35: 343500000
F36: 3.2.10 | G36: Ketahanan Pangan 2026 | H36: 55000000 | I36: =SUM(H28:H36) -> 1449744500
A37: 1.4.10 | B37: Piutang Sementara | E37: =SUM(KASHAR!S174) -> 63177675 | F37: 3.2.11 | G37: Dari Kemendes 2023 | H37: 75000000 | I37: =SUM(H28:H35) -> 1394744500
B38: Jumlah | E38: =SUM(E27:E37) -> 1.4280855e+09 | F38: 3.2.12 | G38: Tabungan Masyarakat | H38: 735000
G39: Jumlah | H39: =SUM(H27:H38) -> 1555479500
F40: 3.2.13 | G40: Surplus ditahan | H40: =SUM('RL JAN-DES'!C35) -> 20066904
F41: 3.2.14 | G41: Surplus berjalan | J41: =SUM(E31+I44) -> 62500000
A43: TOTAL AKTIVA | E43: =SUM(E13+E18+E21+E22+E38) -> 1.7828126e+09 | F43: JUMLAH | H43: =SUM(H25+H39+H40) -> 1.7828126e+09 | I43: =E11+I44 -> 0.083333254
H44: Batupute, 31 Agustus 2026 | I44: =H43-E43 -> 0.083333254 | K44: =E11-I47 -> 0.083333254
A45: PENGURUS BUMDes SEJAHTERA
A46: DESA BATUPUTE KEC.SOPPENG RIAJA KAB.BARRU
A47: DIREKTUR | H47: BENDAHARA | I47: =E43-H43 -> -0.083333254 | J47: =I47-#REF! -> #REF! | K47: =KASHAR!Y178 -> 0
I48: =I28 -> 932761499 | K48: =I47-K47 -> -0.083333254
K51: =256607-150491 -> 106116
B52: WAWAN DARMAWAN | H52: IRMA ALISA, S.T

Sheet RUGI LABA 
A1: BADAN USAHA MILIK DESA BUMDesa SEJAHTERA
A2: RUGI LABA BUMDESA SEJAHTERA
A3: BULAN AGUSTUS 2026
A4: Desa/Kecamatan | C4: : Batupute Kec.Soppeng Riaja
A5: Kabupaten | C5: : Barru
A6: Provinsi | C6: : Sulsel
A7: 4 | B7: PENDAPATAN | C7: LABA/RUGI
A8: 4.1 | B8: Pendapatan Operasional
A9: 4.1.1 | B9: Unit Usaha Piutang Syariah | C9: =SUM(MODUS!H160) -> 7191890
A10: 4.1.2 | B10: Unit Usaha Penjualan Gas | C10: =SUM(KASHAR!F174) -> 800000
A11: 4.1.3 | B11: Unit Usaha Penjualan Alat-alat Prikanan
A12: 4.1.4 | B12: BRILINK | C12: =SUM(BRILink!E16) -> 3144870
A13: 4.1.5 | B13: Multiguna Finance | C13: =SUM(MULTI!N57) -> 7987627
A14: 4.1.6 | B14: Pengadaan Barang & Jasa | C14: =SUM(KASHAR!G174) -> 280000
A15: 4.1.7 | B15: Ketahanan Pangan | C15: =SUM(KASHAR!I174) -> 0
A16: 4.1.8 | B16: Toko Bengkel | C16: =SUM('TOKO BENGKEL'!N103) -> 362404
A17: 4.2 | B17: Pendapatan Non Ops
A18: 4.2.1 | B18: Bunga Bank
A19: 4.2.2 | B19: Pendapatan Lain-lain
A21: TOTAL PENDAPATAN ( KOTOR) | C21: =SUM(C8:C20) -> 19766791
A22: 5 | B22: BIAYA-BIAYA
A23: 5.1.1 | B23: Gaji Pengurus | C23: 7850000
A24: 5.1.2 | B24: Gaji Penasehat | C24: 1600000
A25: 5.1.3 | B25: Gaji Pengawas | C25: 1100000
A26: 5.1.4 | B26: Biaya Operasional | C26: =SUM(KASHAR!T174) -> 4120000 | F26: =C23+C24+C25+C2+C26+C27+C28+C30+C31 -> 18880217
A27: 5.1.5 | B27: Kegiatan Sosial
A28: 5.1.6 | B28: Beban Penyusutan | C28: =SUM(INVENTARIS!R194) -> 4210216.7
A29: 6. | B29: Biaya OPS
A30: 6.1.1 | B30: Pajak
A31: 6.1.2 | B31: Tunjangan Kerja
A32: 7 | B32: Biaya Lain-Lain
A33: 7.1 | B33: Studi Banding
A34: LABA BERSIH BUMDes | C34: =C21-C23-C24-C25-C26-C27-C28-C30-C31 -> 886574.33
C35: Batupute, 31 AGUSTUS 2026
A36: PENGURUS BUMDes SEJAHTERA
A37: DESA BATUPUTE KEC.SOPPENG RIAJA KAB.BARRU
A39: DIREKTUR | C39: BENDAHARA
A44: WAWAN DARMAWAN | C44: IRMA ALISA, ST

Sheet RL JAN-DES
A2: BADAN USAHA MILIK DESA BUMDesa SEJAHTERA
A3: RUGI LABA BUMDESA
A4: BULAN JANUARI S / D DESEMBER 2026
A5: Desa/Kecamatan | C5: : Batupute Kec.Soppeng Riaja
A6: Kabupaten | C6: : Barru
A7: Provinsi | C7: : Sulsel
A8: 4 | B8: PENDAPATAN | C8: LABA/RUGI
A9: 4.1 | B9: Pendapatan Operasional | G9: JANUARI | H9: FEBRUARI | I9: Maret | J9: april | K9: MEI | L9: juni | M9: Juli | N9: Agustus | O9: September | P9: Oktober | Q9: November | R9: desember
A10: 4.1.1 | B10: Unit Piutang Syariah | C10: =F10+G10+H10+I10+J10+K10+L10+M10+N10+O10+P10+Q10+R10 -> 59950721 | G10: =SUM('[49]RUGI LABA '!$C$9) -> 8815913 | H10: =SUM('[50]RUGI LABA '!$C$9) -> 7794055 | I10: =SUM('[51]RUGI LABA '!$C$9) -> 7005396 | J10: =SUM('[52]RUGI LABA '!$C$9) -> 7404097 | K10: =SUM('[53]RUGI LABA '!$C$9) -> 6592431 | L10: =SUM('[54]RUGI LABA '!$C$9) -> 7836460 | M10: =SUM('[57]RUGI LABA '!$C$9) -> 7310479 | N10: =SUM('RUGI LABA '!C9) -> 7191890
A11: 4.1.2 | B11: Investasi Gas Penjualan Gas | C11: =F11+G11+H11+I11+J11+K11+L11+M11+N11+O11+P11+Q11+R11 -> 6400000 | G11: =SUM('[49]RUGI LABA '!$C$10) -> 800000 | H11: =SUM('[50]RUGI LABA '!$C$10) -> 800000 | I11: =SUM('[51]RUGI LABA '!$C$10) -> 800000 | J11: =SUM('[52]RUGI LABA '!$C$10) -> 800000 | K11: =SUM('[53]RUGI LABA '!$C$10) -> 800000 | L11: 800000 | M11: =SUM('[57]RUGI LABA '!$C$10) -> 800000 | N11: 800000
A12: 4.1.3 | B12: Unit Usaha Penjualan Alat-alat Prikanan | C12: =SUM(G12:R12) -> 225000 | G12: =SUM('[49]RUGI LABA '!$C$11) -> 195000 | H12: =SUM('[50]RUGI LABA '!$C$11) -> 30000
A13: 4.1.4 | B13: Investasi BRILINK | C13: =SUM(G13+H13+I13+J13+K13+L13+M13+N13+O13+P13+Q13+R13) -> 28521806 | G13: =SUM('[49]RUGI LABA '!$C$12) -> 3403256 | H13: =SUM('[50]RUGI LABA '!$C$12) -> 4175520 | I13: =SUM('[51]RUGI LABA '!$C$12) -> 2957700 | J13: =SUM('[52]RUGI LABA '!$C$12) -> 4162140 | K13: =SUM('[53]RUGI LABA '!$C$12) -> 4614400 | L13: =SUM('[54]RUGI LABA '!$C$12) -> 2596470 | M13: =SUM('[57]RUGI LABA '!$C$12) -> 3467450 | N13: =SUM('RUGI LABA '!C12) -> 3144870
A14: 4.1.5 | B14: Piutang Multiguna Finance | C14: =F14+G14+H14+I14+J14+K14+L14+M14+N14+O14+P14+Q14+R14 -> 37455612 | G14: =SUM('[49]RUGI LABA '!$C$13) -> 3631205 | H14: =SUM('[50]RUGI LABA '!$C$13) -> 3306497 | I14: =SUM('[51]RUGI LABA '!$C$13) -> 4016780 | J14: =SUM('[52]RUGI LABA '!$C$13) -> 7447000 | K14: =SUM('[53]RUGI LABA '!$C$13) -> 3984169 | L14: =SUM('[54]RUGI LABA '!$C$13) -> 3541666 | M14: =SUM('[57]RUGI LABA '!$C$13) -> 3540668 | N14: =SUM('RUGI LABA '!C13) -> 7987627
A15: 4.1.6 | B15: Pengadaan Barang & Jasa | C15: =G15+H15+I15+J15+K15+L15+M15+N15+O15+P15+Q15+R15 -> 10104000 | I15: =SUM('[51]RUGI LABA '!$C$14) -> 2675000 | J15: =SUM('[52]RUGI LABA '!$C$14) -> 2500000 | L15: =SUM('[54]RUGI LABA '!$C$14) -> 2739000 | M15: =SUM('[57]RUGI LABA '!$C$14) -> 1910000 | N15: =SUM('RUGI LABA '!C14) -> 280000
A16: 4.1.7 | B16: Ketahanan Pangan | C16: =SUM(K16+L16+M16) -> 11702600 | K16: =SUM('[53]RUGI LABA '!$C$15) -> 11702600
A17: 4.1.8 | B17: Toko Bengkel | C17: =SUM(G17:R17) -> 2866815 | G17: =SUM('[49]RUGI LABA '!$C$16) -> 232302 | H17: =SUM('[50]RUGI LABA '!$C$16) -> 226450 | I17: =SUM('[51]RUGI LABA '!$C$16) -> 378000 | J17: =SUM('[52]RUGI LABA '!$C$16) -> 387240 | K17: =SUM('[53]RUGI LABA '!$C$16) -> 380282 | L17: =SUM('[54]RUGI LABA '!$C$16) -> 402234 | M17: =SUM('[57]RUGI LABA '!$C$16) -> 497903 | N17: =SUM('RUGI LABA '!C16) -> 362404
A18: 4.2 | B18: Pendapatan Non Ops
A19: 4.2.1 | B19: Bunga Bank
A20: 4.2.2 | B20: Pendapatan Lain-lain | C20: =F20+G20+H20+I20+J20 -> 0
A22: TOTAL PENDAPATAN ( KOTOR) | C22: =SUM(C10:C20) -> 157226554
A23: 5 | B23: BIAYA-BIAYA
A24: 5.1.1 | B24: Gaji Pengurus | C24: =SUM(G24+H24+I24+J24+K24+L24+M24+N24+O24+P24+Q24+R24) -> 62800000 | G24: =SUM('[49]RUGI LABA '!$C$23) -> 7850000 | H24: 7850000 | I24: 7850000 | J24: 7850000 | K24: 7850000 | L24: 7850000 | M24: 7850000 | N24: 7850000
A25: 5.1.3 | B25: Gaji Penasehat | C25: =F25+G25+H25+I25+J25+K25+L25+M25+N25+O25+P25+Q25+R25 -> 12800000 | G25: =SUM('[49]RUGI LABA '!$C$24) -> 1600000 | H25: 1600000 | I25: 1600000 | J25: 1600000 | K25: 1600000 | L25: 1600000 | M25: 1600000 | N25: 1600000
A26: 5.1.4 | B26: Gaji Pengawas | C26: =F26+G26+H26+I26+J26+K26+L26+M26+N26+O26+P26+Q26+R26 -> 8800000 | G26: =SUM('[49]RUGI LABA '!$C$25) -> 1100000 | H26: 1100000 | I26: 1100000 | J26: 1100000 | K26: 1100000 | L26: 1100000 | M26: 1100000 | N26: 1100000
A27: 5.1.5 | B27: Biaya Operasional | C27: =SUM(G27+H27+I27+J27+K27+L27+M27+N27+O27+P27+Q27+R27) -> 14910000 | G27: =SUM('[49]RUGI LABA '!$C$26) -> 1345000 | H27: =SUM('[50]RUGI LABA '!$C$26) -> 650000 | I27: =SUM('[51]RUGI LABA '!$C$26) -> 1575000 | J27: =SUM('[52]RUGI LABA '!$C$26) -> 1890000 | K27: =SUM('[53]RUGI LABA '!$C$26) -> 1950000 | L27: =SUM('[54]RUGI LABA '!$C$26) -> 1200000 | M27: =SUM('[57]RUGI LABA '!$C$26) -> 2180000 | N27: =SUM('RUGI LABA '!C26) -> 4120000
A28: 5.1.6 | B28: Kegiatan Sosial ( Safari Ramadhan ) | C28: =G28+H28+I28+J28 -> 2500000 | E28: =SUM(C24:C32) -> 1.3715965e+08 | J28: 2500000
A29: 5.1.7 | B29: Beban Penyusutan | C29: =SUM(G29+H29+I29+J29+K29+L29+M29+N29+O29+P29+Q29+R29) -> 34349650 | G29: =SUM('[49]RUGI LABA '!$C$28) -> 4281633.3 | H29: =SUM('[50]RUGI LABA '!$C$28) -> 4281633.3 | I29: =SUM('[51]RUGI LABA '!$C$28) -> 4281633 | J29: =SUM('[52]RUGI LABA '!$C$28) -> 4281633.3 | K29: =SUM('[53]RUGI LABA '!$C$28) -> 4361633.3 | L29: =SUM('[54]RUGI LABA '!$C$28) -> 4391050 | M29: =SUM('[57]RUGI LABA '!$C$28) -> 4260216.7 | N29: =SUM('RUGI LABA '!C28) -> 4210216.7 | S29: =SUM(G29:P29) -> 34349650
A30: 6. | B30: Biaya OPS
A31: 6.1.1 | B31: Pajak Penghasilan | C31: =SUM(G31+H31+I31+M31) -> 0
A32: 6.1.2 | B32: Tunjangan Kerja | C32: =SUM(J32:Q32) -> 1000000 | J32: 500000 | K32: 500000
A33: 7 | B33: Bayar Gas Hilang | D33: =C24+C25+C26 -> 84400000 | E33: =C22-D33 -> 72826554
A34: 7.1 | B34: Studi Banding | D34: 63
A35: LABA BERSIH BUMDes | C35: =C22-C24-C25-C26-C27-C28-C29-C31-C32 -> 20066904
C36: Batupute, 31 AGUSTUS 2026
A37: PENGURUS BUMDes SEJAHTERA
A38: DESA BATUPUTE KEC.SOPPENG RIAJA KAB.BARRU
A40: DIREKTUR | C40: BENDAHARA
A44: WAWAN DARMAWAN | C44: IRMA ALISA, ST

Sheet KASHAR
A1: BADAN USAHA MILIK DESA BUMDesa SEJAHTERA
A2: KAS HARIAN BULAN AGUSTUS 2026
A3: Desa | B3: : Batupute Kec.Soppeng Riaja
A4: Kab | B4: : Barru
A5: Prov | B5: : Sulsel
A6: TANGGAL | B6: URAIAN | C6: PEMASUKAN | N6: PENGELUARAN | W6: KAS HARIAN
C7: PIUTANG SYARI'AH | D7: MULTI FINANCE | E7: BRILink | F7: GAS ELPIJI | G7: BARANG DAN JASA | H7: TOKO NELAYAN | I7: KETAHANAN PANGAN | J7: TOKO BENGKEL | K7: BIAYA LAIN-LAIN | L7: TABUNGAN MASYARAKAT | M7: JUMLAH | N7: PIUTANG SYARI'AH | O7: MULTI FINANCE | P7: BRILink | Q7: KETAHANAN PANGAN | R7: BARANG DAN JASA | S7: PIUTANG SEMENTARA | T7: BIAYA OPERASIONAL | U7: BIAYA-BIAYA | V7: JUMLAH
A8: 1-07-2026 | B8: SALDO AKHIR BULAN JULI | W8: =SUM([57]KASHAR!$W$199) -> 21333240
B9: Pipa Saluran air ujunge | M9: =SUM(C9:L9) -> 0 | R9: 219000 | W9: =SUM(M9-V9) -> 0
B10: Materai belum laku | M10: =SUM(C10:L10) -> 0 | R10: 40000 | W10: =SUM(M10-V10) -> 0
B11: Materai | R11: 150000
B12: Mantanaince bor air | Q12: =SUM('Mantanaice bor air'!G34) -> 18072000 | W12: =SUM(M12-V12) -> 0
B13: Pestisida | Q13: =SUM([49]KASHAR!$Q$12) -> 4070000 | W13: =SUM(M13-V13) -> 0
B14: Sisa dana bor air | Q14: =SUM(Sheet1!E5) -> 120000000 | W14: =SUM(M14-V14) -> 0 | X14: Sisa bor air | Y14: =Q14 -> 120000000
B15: TAHAP KEDUA GALUNG JAMPU | Q15: =SUM('PENG. GALUNG JAMPU TAHAP KE 2'!I56) -> 2531600 | W15: =SUM(M15-V15) -> 0
B16: TAHAP KEDUA LOMPO E TAHAP KEDUA | Q16: =SUM('PENG. LOMPO E TAHAP KE (2)'!I44) -> 5132500
B17: Tambahan Pestisida | Q17: =SUM([53]KASHAR!$Q$17) -> 84686800 | W17: =SUM(M17-V17) -> 0
B18: Piutang Sementara baju | M18: =SUM(C18:L18) -> 0 | S18: 156000 | W18: =SUM(M18-V18) -> 0
B19: Hilang materai | M19: =SUM(C19:L19) -> 0 | S19: 150000 | W19: =SUM(M19-V19) -> 0
B20: BelI mesin potong rumput + GAS BAPAK PUTRI | M20: =SUM(C20:L20) -> 0 | S20: 2530000 | W20: =SUM(M20-V20) -> 0
B21: Talangan tukang | M21: =SUM(C21:L21) -> 0 | S21: 600000 | W21: =SUM(M21-V21) -> 0
B22: Panjar pak malik | S22: 2000000 | W22: =SUM(M22-V22) -> 0
B23: Piutang sementara wawan gaji tukang | S23: 1000000
B24: Pengeluaran LPJ 2025 | S24: =SUM([56]Sheet1!$C$15) -> 4569675.2
B25: Mantanaince Molen | S25: 1000000
B26: Talangan Bahan bangunan | S26: =SUM('Pengadaan barang dan jasa'!G24) -> 13360000
B27: Pengeluaran Bank sampah | S27: 1500000
B28: Ebit Kurniawan | S28: 200000
B29: Motor muh. saing | S29: 5000000
B30: panjar pak malik tgl 2/5/2026 | S30: 1000000
B31: Panjar pak malik bayar bpjs | S31: 3000000
B32: Talangan stnk kak lina | S32: 250000
B33: Panjar pak malik tgl 30/6/2026 | S33: 2000000
B34: Talangan cat wawan | S34: 100000
B35: Mata gurinda tukang | S35: 100000
A36: 4-8-2026 | B36: evi | D36: 266000 | M36: =SUM(C36:L36) -> 266000 | V36: =SUM(N36:U36) -> 0 | W36: =SUM(M36-V36) -> 266000
B37: Suci Febrianti | D37: 390000 | M37: =SUM(C37:L37) -> 390000 | V37: =SUM(N37:U37) -> 0 | W37: =SUM(M37-V37) -> 390000
B38: Hasaruddin | C38: 500000 | M38: =SUM(C38:L38) -> 500000 | V38: =SUM(N38:U38) -> 0 | W38: =SUM(M38-V38) -> 500000
B39: Hera | D39: 1184000 | M39: =SUM(C39:L39) -> 1184000 | V39: =SUM(N39:U39) -> 0 | W39: =SUM(M39-V39) -> 1184000
B40: Haslinda | C40: 100000 | M40: =SUM(C40:L40) -> 100000 | V40: =SUM(N40:U40) -> 0 | W40: =SUM(M40-V40) -> 100000
B41: Arisman | D41: 500000 | M41: =SUM(C41:L41) -> 500000 | V41: =SUM(N41:U41) -> 0 | W41: =SUM(M41-V41) -> 500000
A42: 5-8-2026 | B42: Talangan pengajian | K42: 600000 | M42: =SUM(C42:L42) -> 600000 | V42: =SUM(N42:U42) -> 0 | W42: =SUM(M42-V42) -> 600000
B43: Muh. nawir | C43: 400000 | M43: =SUM(C43:L43) -> 400000 | V43: =SUM(N43:U43) -> 0 | W43: =SUM(M43-V43) -> 400000
A44: 6-8-2026 | M44: =SUM(C44:L44) -> 0 | V44: =SUM(N44:U44) -> 0 | W44: =SUM(M44-V44) -> 0
A45: 7-8-2026 | M45: =SUM(C45:L45) -> 0 | V45: =SUM(N45:U45) -> 0 | W45: =SUM(M45-V45) -> 0
A46: 8-8-2026 | M46: =SUM(C46:K46) -> 0 | V46: =SUM(N46:U46) -> 0 | W46: =SUM(M46-V46) -> 0
A47: 9-8-2026 | M47: =SUM(C47:K47) -> 0 | V47: =SUM(N47:U47) -> 0 | W47: =SUM(M47-V47) -> 0
A48: 10-8-2026 | M48: =SUM(C48:K48) -> 0 | V48: =SUM(N48:U48) -> 0 | W48: =SUM(M48-V48) -> 0
A49: 11-8-2026 | B49: Nuryadin jafar | C49: 273858 | M49: =SUM(C49:K49) -> 273858 | V49: =SUM(N49:U49) -> 0 | W49: =SUM(M49-V49) -> 273858
B50: Sa'nang | C50: 150000 | M50: =SUM(C50:K50) -> 150000 | V50: =SUM(N50:U50) -> 0 | W50: =SUM(M50-V50) -> 150000
A51: 12-8-2026 | B51: Wawan darmawan | D51: 634000 | M51: =SUM(C51:K51) -> 634000 | V51: =SUM(N51:U51) -> 0 | W51: =SUM(M51-V51) -> 634000 | Y51: =#REF!-#REF! -> #REF!
A52: 13-8-2026 | B52: Muh. Kurniawan | D52: 500000 | M52: =SUM(C52:K52) -> 500000 | V52: =SUM(N52:U52) -> 0 | W52: =SUM(M52-V52) -> 500000
A53: 14-8-2026 | B53: Yuli | C53: 50000 | M53: =SUM(C53:K53) -> 50000 | V53: =SUM(N53:U53) -> 0 | W53: =SUM(M53-V53) -> 50000
B54: Amriana | C54: 200000 | M54: =SUM(C54:K54) -> 200000 | V54: =SUM(N54:U54) -> 0 | W54: =SUM(M54-V54) -> 200000
A55: 15-8-2026 | B55: libur | M55: =SUM(C55:K55) -> 0 | V55: =SUM(N55:U55) -> 0 | W55: =SUM(M55-V55) -> 0
A56: 16-8-2026 | B56: libur | M56: =SUM(C56:K56) -> 0 | V56: =SUM(N56:U56) -> 0 | W56: =SUM(M56-V56) -> 0
A57: 17-8-2026 | B57: libur | M57: =SUM(C57:K57) -> 0 | V57: =SUM(N57:U57) -> 0 | W57: =SUM(M57-V57) -> 0
A58: 18-8-2026 | B58: Irtika adillah | D58: 500000 | M58: =SUM(C58:K58) -> 500000 | V58: =SUM(N58:U58) -> 0 | W58: =SUM(M58-V58) -> 500000
B59: Apandi | D59: 150000 | M59: =SUM(C59:K59) -> 150000 | V59: =SUM(N59:U59) -> 0 | W59: =SUM(M59-V59) -> 150000
B60: Farida | C60: 1250000 | M60: =SUM(C60:L60) -> 1250000 | V60: =SUM(N60:U60) -> 0 | W60: =SUM(M60-V60) -> 1250000
B61: Ember ebit | M61: =SUM(C61:L61) -> 0 | S61: 200000 | V61: =SUM(N61:U61) -> 200000 | W61: =SUM(M61-V61) -> -200000
B62: Gerobak | M62: =SUM(C62:K62) -> 0 | S62: 700000 | V62: =SUM(N62:U62) -> 700000 | W62: =SUM(M62-V62) -> -700000
B63: Paku | M63: =SUM(C63:K63) -> 0 | S63: 300000 | V63: =SUM(N63:U63) -> 300000 | W63: =SUM(M63-V63) -> -300000
B64: Tali | M64: =SUM(C64:K64) -> 0 | S64: 200000 | V64: =SUM(N64:U64) -> 200000 | W64: =SUM(M64-V64) -> -200000
B65: Cipping | M65: =SUM(C65:L65) -> 0 | S65: 850000 | V65: =SUM(N65:U65) -> 850000 | W65: =SUM(M65-V65) -> -850000
B66: Ippang | K66: 350000 | M66: =SUM(C66:K66) -> 350000 | V66: =SUM(N66:U66) -> 0 | W66: =SUM(M66-V66) -> 350000
B67: Muh. tang | D67: 24000000 | M67: =SUM(C67:K67) -> 24000000 | V67: =SUM(N67:U67) -> 0 | W67: =SUM(M67-V67) -> 24000000
B68: Paku | M68: =SUM(C68:K68) -> 0 | S68: 380000 | V68: =SUM(N68:U68) -> 380000 | W68: =SUM(M68-V68) -> -380000
B69: Pengeluaran oli untuk mesin air | K69: 480000 | M69: =SUM(C69:K69) -> 480000 | V69: =SUM(N69:U69) -> 0 | W69: =SUM(M69-V69) -> 480000
B70: Pengeluaran oli untuk mesin air | M70: =SUM(C70:L70) -> 0 | T70: 480000 | V70: =SUM(N70:U70) -> 480000 | W70: =SUM(M70-V70) -> -480000 | Y70: 3958000
B71: Mantanaince Molen gommo | K71: 200000 | M71: =SUM(C71:L71) -> 200000 | V71: =SUM(N71:U71) -> 0 | W71: =SUM(M71-V71) -> 200000
B72: Mantanaince Molen gommo | M72: =SUM(C72:K72) -> 0 | T72: 200000 | V72: =SUM(N72:U72) -> 200000 | W72: =SUM(M72-V72) -> -200000
B73: transport pak desa menghadiri acara desa briliank dimks | K73: 700000 | M73: =SUM(C73:K73) -> 700000 | V73: =SUM(N73:U73) -> 0 | W73: =SUM(M73-V73) -> 700000
B74: transport pak desa menghadiri acara desa briliank dimks | M74: =SUM(C74:K74) -> 0 | T74: 700000 | V74: =SUM(N74:U74) -> 700000 | W74: =SUM(M74-V74) -> -700000
B75: Transport kemakassar untuk toko bengkel | K75: 1300000 | M75: =SUM(C75:K75) -> 1300000 | V75: =SUM(N75:U75) -> 0 | W75: =SUM(M75-V75) -> 1300000
B76: Transport kemakassar untuk toko bengkel | M76: =SUM(C76:K76) -> 0 | T76: 1300000 | V76: =SUM(N76:U76) -> 1300000 | W76: =SUM(M76-V76) -> -1300000
B77: Pembayaran wifi | K77: 325000 | M77: =SUM(C77:K77) -> 325000 | V77: =SUM(N77:U77) -> 0 | W77: =SUM(M77-V77) -> 325000
A78: 19-8-2026 | B78: Keuntungan pengadaan barang dan jasa | G78: =SUM('Pengadaan barang dan jasa'!J50) -> 280000 | M78: =SUM(C78:K78) -> 280000 | V78: =SUM(N78:U78) -> 0 | W78: =SUM(M78-V78) -> 280000
B79: Pembayaran pembangunan | K79: =SUM('Pengadaan barang dan jasa'!G50) -> 5200000 | M79: =SUM(C79:K79) -> 5200000 | V79: =SUM(N79:U79) -> 0 | W79: =SUM(M79-V79) -> 5200000
B80: Revarasi mesin pompa | M80: =SUM(C80:K80) -> 0 | T80: 530000 | V80: =SUM(N80:U80) -> 530000 | W80: =SUM(M80-V80) -> -530000
B81: Biaya angkut mesin | M81: =SUM(C81:K81) -> 0 | T81: 300000 | V81: =SUM(N81:U81) -> 300000 | W81: =SUM(M81-V81) -> -300000
B82: Tripleks | M82: =SUM(C82:K82) -> 0 | S82: 2626000 | V82: =SUM(N82:U82) -> 2626000 | W82: =SUM(M82-V82) -> -2626000
A83: 20-8-2026 | B83: Panjar kayu | M83: =SUM(C83:K83) -> 0 | S83: 15000000 | V83: =SUM(N83:U83) -> 15000000 | W83: =SUM(M83-V83) -> -15000000
B84: Pengembalian pengeluaran lompo e | K84: 27963500 | M84: =SUM(C84:K84) -> 27963500 | V84: =SUM(N84:U84) -> 0 | W84: =SUM(M84-V84) -> 27963500
B85: Panjar etta ruke TPK | M85: =SUM(C85:K85) -> 0 | S85: 100000 | V85: =SUM(N85:U85) -> 100000 | W85: =SUM(M85-V85) -> -100000
A86: 21-8-2026 | B86: Mila | D86: 217000 | M86: =SUM(C86:K86) -> 217000 | V86: =SUM(N86:U86) -> 0 | W86: =SUM(M86-V86) -> 217000
A87: 22-8-2026 | B87: libur | M87: =SUM(C87:K87) -> 0 | V87: =SUM(N87:U87) -> 0 | W87: =SUM(M87-V87) -> 0
A88: 23-8-2026 | B88: libur | M88: =SUM(C88:K88) -> 0 | V88: =SUM(N88:U88) -> 0 | W88: =SUM(M88-V88) -> 0
A89: 24-8-2026 | B89: Pencairan Tasya | M89: =SUM(C89:K89) -> 0 | N89: 3000000 | V89: =SUM(N89:U89) -> 3000000 | W89: =SUM(M89-V89) -> -3000000
A90: 25-8-2026 | B90: libur | M90: =SUM(C90:K90) -> 0 | V90: =SUM(N90:U90) -> 0 | W90: =SUM(M90-V90) -> 0
A91: 26-8-2026 | B91: Pengembalian pengeluaran galung jampu | K91: 36588400 | M91: =SUM(C91:K91) -> 36588400 | V91: =SUM(N91:U91) -> 0 | W91: =SUM(M91-V91) -> 36588400
B92: Talangan kayu pembangunan kantor aula | M92: =SUM(C92:K92) -> 0 | S92: 1750000 | V92: =SUM(N92:U92) -> 1750000 | W92: =SUM(M92-V92) -> -1750000
B93: Talangan kak inang | M93: =SUM(C93:K93) -> 0 | S93: 2000000 | V93: =SUM(N93:U93) -> 2000000 | W93: =SUM(M93-V93) -> -2000000
B94: Sponsor 17 agustusan dusun awerange | M94: =SUM(C94:K94) -> 0 | T94: 400000 | V94: =SUM(N94:U94) -> 400000 | W94: =SUM(M94-V94) -> -400000
B95: Nurlina | D95: 300000 | M95: =SUM(C95:L95) -> 300000 | V95: =SUM(N95:U95) -> 0 | W95: =SUM(M95-V95) -> 300000
B96: Hj. Rusnaeni | C96: 50000 | M96: =SUM(C96:L96) -> 50000 | V96: =SUM(N96:U96) -> 0 | W96: =SUM(M96-V96) -> 50000
A97: 28-8-2026 | B97: Biaya cetak rekening koran | M97: =SUM(C97:L97) -> 0 | T97: 40000 | V97: =SUM(N97:U97) -> 40000 | W97: =SUM(M97-V97) -> -40000
B98: ATK | M98: =SUM(C98:L98) -> 0 | T98: 41000 | V98: =SUM(N98:U98) -> 41000 | W98: =SUM(M98-V98) -> -41000
B99: Paku 2kg | M99: =SUM(C99:L99) -> 0 | S99: 56000 | V99: =SUM(N99:U99) -> 56000 | W99: =SUM(M99-V99) -> -56000
B100: Pengembalian modal ketahanan pangan | M100: =SUM(C100:L100) -> 0 | U100: 55000000 | V100: =SUM(N100:U100) -> 55000000 | W100: =SUM(M100-V100) -> -55000000
...

Sheet MODUS
A2: BUKU BANTU
A3: MODAL USAHA SYARIAH
A4: Hari Tanggal-Bulan-Tahun | C4: : 31 AGUSTUS 2026
A5: NO | B5: NASABAH | C5: TANGGAL | D5: JML PINJAMAN | E5: ANGSURAN | J5: SISA | L5: TUNGGAKAN BAGI HASIL 2.5% | M5: KET
E6: SISA | F6: TANGGAL | G6: POKOK | H6: B. SIL 2.5% | I6: JUMLAH
J7: POKOK | K7: B. SIL 2.5%
A8: 1 | B8: ASTRINA | C8: =C51 -> 10-02-2023 | D8: 5900000 | E8: 4750000 | I8: =G8+H8 -> 0 | J8: =SUM(E8-G8) -> 4750000
A9: 2 | B9: Ariyanto.SH.MH. | D9: 44000000 | E9: 39400000 | I9: =G9+H9 -> 0 | J9: =SUM(E9-G9) -> 39400000
A10: 3 | B10: Satria Sinring | D10: 15000000 | E10: 12150000 | F10: 31-8-2026 | G10: 100000 | I10: =G10+H10 -> 100000 | J10: =SUM(E10-G10) -> 12050000
A11: =A10+1 -> 4 | B11: ST.Hasnah | D11: 5000000 | E11: 1350000 | I11: =G11+H11 -> 0 | J11: =SUM(E11-G11) -> 1350000
A12: =A11+1 -> 5 | B12: Sukmawati | D12: 1159840 | E12: 709840 | I12: =G12+H12 -> 0 | J12: =SUM(E12-G12) -> 709840
A13: =A12+1 -> 6 | B13: Hasniati | D13: 5000000 | E13: 115832 | F13: 31-8-2026 | G13: 115832 | H13: 2896 | I13: =G13+H13 -> 118728 | J13: =SUM(E13-G13) -> 0 | K13: =SUM(J13*2.5%) -> 0 | N13: =250000-H13 -> 247104 | O13: =100000-H13 -> 97104 | P13: =250000-H13 -> 247104 | Q13: =H14+K14 -> 96552.5 | R13: =150000-H13 -> 147104
A14: =A13+1 -> 7 | B14: Hj.Nadira | D14: 3569061 | E14: 1981288 | F14: 31-8-2026 | G14: 100468 | H14: 49532 | I14: =G14+H14 -> 150000 | J14: =SUM(E14-G14) -> 1880820 | K14: =SUM(J14*2.5%) -> 47020.5 | N14: =150000-H14 -> 100468 | P14: =K14+L14 -> 47020.5 | Q14: =200000-H14 -> 150468
A15: =A14+1 -> 8 | B15: Indra Umi Rulianti | D15: 1088597 | E15: 735692 | F15: 31-8-2026 | G15: 381608 | H15: 18392 | I15: =G15+H15 -> 400000 | J15: =SUM(E15-G15) -> 354084 | K15: =SUM(J15*2.5%) -> 8852.1 | N15: =400000-H15 -> 381608 | P15: =100000-P14 -> 52979.5 | Q15: =P15+G14 -> 153447.5
A16: =A15+1 -> 9 | B16: Nurfaidah | D16: 967246 | E16: 892095 | F16: 31-8-2026 | G16: 2698 | H16: 22302 | I16: =G16+H16 -> 25000 | J16: =SUM(E16-G16) -> 889397 | K16: =SUM(J16*2.5%) -> 22234.925 | N16: =25000-H16 -> 2698 | O16: =H16-K16 -> 67.075 | P16: =L16-O16 -> -67.075 | Q16: =K16+L16 -> 22234.925
A17: =A16+1 -> 10 | B17: Tumina | D17: 722590 | E17: 479931 | I17: =G17+H17 -> 0 | J17: =SUM(E17-G17) -> 479931 | K17: =SUM(J17*2.5%) -> 11998.275 | L17: 107982 | M17: stop bagi hasil | O17: =L16-O16 -> -67.075 | Q17: =25000-Q16 -> 2765.075
A18: =A17+1 -> 11 | B18: Ratna S | D18: 1784893 | E18: 1461453 | I18: =G18+H18 -> 0 | J18: =SUM(E18-G18) -> 1461453 | K18: =SUM(J18*2.5%) -> 36536.325 | L18: 124608 | M18: stop bagi hasil
A19: =A18+1 -> 12 | B19: Fadillah | D19: 3611701 | E19: 3560937 | I19: =G19+H19 -> 0 | J19: =SUM(E19-G19) -> 3560937 | K19: =SUM(J19*2.5%) -> 89023.425 | L19: 245115 | N19: =H19-K19 -> -89023.425 | O19: =L19-N19 -> 334138.42
A20: =A19+1 -> 13 | B20: Nurhayati Bahtiar | D20: 1755363 | E20: 1263615 | I20: =G20+H20 -> 0 | J20: =SUM(E20-G20) -> 1263615 | K20: =SUM(J20*2.5%) -> 31590.375 | L20: 315900 | N20: =L20+K20 -> 347490.38
A21: =A20+1 -> 14 | B21: Wahidah | D21: 1755480 | E21: 1407699 | I21: =G21+H21 -> 0 | J21: =SUM(E21-G21) -> 1407699 | K21: =SUM(J21*2.5%) -> 35192.475 | L21: 146344 | N21: =L21+K21 -> 181536.48 | O21: =100000-K21 -> 64807.525 | P21: =L21-O21 -> 81536.475
A22: =A21+1 -> 15 | B22: Sakka Batupute | D22: 1493970 | E22: 1315178 | I22: =G22+H22 -> 0 | J22: =SUM(E22-G22) -> 1315178 | M22: stp bagi hasil | O22: =L21-O21 -> 81536.475
A23: =A22+1 -> 16 | B23: Aisyah | C23: 15-07-2020 | D23: 2868402 | E23: 0 | I23: =G23+H23 -> 0 | J23: =SUM(E23-G23) -> 0 | K23: =SUM(J23*2.5%) -> 0 | L23: 264256
A24: =A23+1 -> 17 | B24: Nurjanna | D24: 1876372 | E24: 218814 | I24: =G24+H24 -> 0 | J24: =SUM(E24-G24) -> 218814 | K24: =SUM(J24*2.5%) -> 5470.35 | O24: =K24+L24 -> 5470.35 | P24: =100000-H24 -> 100000
A25: =A24+1 -> 18 | B25: A.Haerul | C25: 22-10-2020 | D25: 2000000 | E25: 1849856 | I25: =G25+H25 -> 0 | J25: =SUM(E25-G25) -> 1849856 | K25: =SUM(J25*2.5%) -> 46246.4 | L25: 184984 | N25: =L25+K25 -> 231230.4
A26: =A25+1 -> 19 | B26: usman | C26: 11-01-2022 | D26: 4568513 | E26: 4394990 | I26: =G26+H26 -> 0 | J26: =SUM(E26-G26) -> 4394990 | K26: =SUM(J26*2.5%) -> 109874.75 | L26: 828375 | N26: =L26+K26 -> 938249.75
A27: =A26+1 -> 20 | B27: Herawati | C27: 10-01-2022 | D27: 2381327 | E27: 1666412 | F27: 31-8-2026 | G27: 8340 | H27: 41660 | I27: =G27+H27 -> 50000 | J27: =SUM(E27-G27) -> 1658072 | K27: =SUM(J27*2.5%) -> 41451.8 | O27: =50000-H27 -> 8340 | P27: =100000-O27 -> 91660 | Q27: =100000-H27 -> 58340
A28: =A27+1 -> 21 | B28: FITRIANI A | C28: 10-01-2022 | D28: 5911040 | E28: 5908816 | I28: =G28+H28 -> 0 | J28: =SUM(E28-G28) -> 5908816 | K28: =SUM(J28*2.5%) -> 147720.4 | L28: 656088 | O28: =H28-K28 -> -147720.4 | P28: =150000-H28 -> 150000 | Q28: =L28-P28 -> 506088 | R28: =Q28-H28 -> 506088
A29: =A28+1 -> 22 | B29: FITRIANI B | C29: 10-01-2022 | D29: 2000000 | E29: 446201 | I29: =G29+H29 -> 0 | J29: =SUM(E29-G29) -> 446201 | K29: =SUM(J29*2.5%) -> 11155.025 | L29: 22310 | N29: =L29+K29 -> 33465.025 | O29: =L28-O28 -> 803808.4 | P29: =L29+K29 -> 33465.025
A30: =A29+1 -> 23 | B30: Hj.Wali | C30: 10-01-2022 | D30: 1202503 | E30: 713026 | F30: 31-8-2026 | G30: 50000 | I30: =G30+H30 -> 50000 | J30: =SUM(E30-G30) -> 663026 | M30: stp bg hasil | P30: =50000-P29 -> 16534.975
A31: =A30+1 -> 24 | B31: WELLU | C31: 10-01-2022 | D31: 22500000 | E31: 20000000 | F31: 31-8-2026 | H31: 500000 | I31: =G31+H31 -> 500000 | J31: =SUM(E31-G31) -> 20000000 | K31: =SUM(J31*2.5%) -> 500000
A32: =A31+1 -> 25 | B32: DEWI | C32: 14-01-2022 | D32: 1496052 | E32: 0 | I32: =G32+H32 -> 0 | J32: =SUM(E32-G32) -> 0 | K32: =SUM(J32*2.5%) -> 0 | O32: =L32+K32 -> 0 | P32: =100000-H32 -> 100000
A33: =A32+1 -> 26 | B33: mariati zainuddin | D33: 1360543 | E33: 666345 | F33: 31-8-2026 | G33: 16705 | H33: 83295 | I33: =G33+H33 -> 100000 | J33: =SUM(E33-G33) -> 649640 | K33: =SUM(J33*2.5%) -> 16241 | O33: =L33+K33 -> 16241 | P33: =100000-H33 -> 16705 | Q33: =100000-H33 -> 16705
A34: =A33+1 -> 27 | B34: MULIANI | C34: 05-04-2022 | D34: 2000000 | E34: 1900000 | I34: =G34+H34 -> 0 | J34: =SUM(E34-G34) -> 1900000 | M34: stop bagi hasil
A35: =A34+1 -> 28 | B35: RUSMIATI AWERANGE | C35: 01-10-2022 | D35: 1692069 | E35: 1638565 | I35: =G35+H35 -> 0 | J35: =SUM(E35-G35) -> 1638565 | K35: =SUM(J35*2.5%) -> 40964.125 | L35: 195784 | N35: =L35+K35 -> 236748.12
A36: =A35+1 -> 29 | B36: Hj Rosniah | C36: =#REF! -> #REF! | D36: 7938265 | E36: 6453359 | I36: =G36+H36 -> 0 | J36: =SUM(E36-G36) -> 6453359 | K36: =SUM(J36*2.5%) -> 161333.98 | L36: 716840 | M36: stp sementara | N36: =L36+K36 -> 878173.97 | P36: =#REF!+329893 -> #REF!
A37: =A36+1 -> 30 | B37: Iraja | C37: 25-11-2022 | D37: 1585780 | E37: 418456 | F37: 31-8-2026 | G37: 47695 | H37: 52305 | I37: =G37+H37 -> 100000 | J37: =SUM(E37-G37) -> 370761 | K37: =SUM(J37*2.5%) -> 9269.025 | N37: =100000-H37 -> 47695 | O37: =N37/K37 -> 5.1456329 | P37: =100000-H37 -> 47695
A38: =A37+1 -> 31 | B38: Labeddu | C38: 26-11-2022 | D38: 4187495 | E38: 2094432 | F38: 31-8-2026 | G38: 190556 | H38: 209444 | I38: =G38+H38 -> 400000 | J38: =SUM(E38-G38) -> 1903876 | K38: =SUM(J38*2.5%) -> 47596.9 | N38: =L38+K38 -> 47596.9 | O38: =L38+K38 -> 47596.9 | P38: =K38+L38 -> 47596.9 | Q38: =400000-H38 -> 190556
A39: =A38+1 -> 32 | B39: Suci Febrianti | C39: 30-11-2022 | D39: 4626747 | E39: 8316847 | I39: =G39+H39 -> 0 | J39: =SUM(E39-G39) -> 8316847 | K39: =SUM(J39*2.5%) -> 207921.17 | L39: 115842 | N39: =300000-K39 -> 92078.825 | O39: =130000-H39 -> 130000 | P39: =K39-H39 -> 207921.17
A40: =A39+1 -> 33 | B40: Jayanti | C40: =C39 -> 30-11-2022 | D40: 2213403 | E40: 629455 | F40: 31-8-2026 | G40: 84264 | H40: 15736 | I40: =G40+H40 -> 100000 | J40: =SUM(E40-G40) -> 545191 | K40: =SUM(J40*2.5%) -> 13629.775 | N40: =L39-N39 -> 23763.175 | O40: =100000-H40 -> 84264
A41: =A40+1 -> 34 | B41: Roslaelah Damis | C41: 03-12-2022 | D41: 8457758 | E41: 7063011 | I41: =G41+H41 -> 0 | J41: =SUM(E41-G41) -> 7063011 | K41: =SUM(J41*2.5%) -> 176575.27 | L41: 559450
A42: =A41+1 -> 35 | B42: Zulfikar | C42: 06-12-2022 | D42: 1542965 | E42: 1451957 | I42: =G42+H42 -> 0 | J42: =SUM(E42-G42) -> 1451957 | K42: =SUM(J42*2.5%) -> 36298.925 | L42: 104093
A43: =A42+1 -> 36 | B43: Baharuddin | C43: 07-12-2022 | D43: 5000000 | E43: 2800000 | I43: =G43+H43 -> 0 | J43: =SUM(E43-G43) -> 2800000 | M43: stp bagi hasil
A44: =A43+1 -> 37 | B44: I BAJI | C44: 08-02-2023 | D44: 979700 | E44: 883043 | F44: 31-8-2026 | G44: 2924 | H44: 22076 | I44: =G44+H44 -> 25000 | J44: =SUM(E44-G44) -> 880119 | K44: =SUM(J44*2.5%) -> 22002.975 | O44: =30000-H44 -> 7924
A45: =A44+1 -> 38 | B45: RAMLAH | C45: =C44 -> 08-02-2023 | D45: 3494209 | E45: 3367452 | F45: 31-8-2026 | G45: 15814 | H45: 84186 | I45: =G45+H45 -> 100000 | J45: =SUM(E45-G45) -> 3351638 | K45: =SUM(J45*2.5%) -> 83790.95 | O45: =K45+L45 -> 83790.95 | P45: =100000-H45 -> 15814
A46: =A45+1 -> 39 | B46: SURIANI | C46: =C45 -> 08-02-2023 | D46: 2500000 | E46: 2145743 | F46: 31-8-2026 | G46: 356 | H46: 53644 | I46: =G46+H46 -> 54000 | J46: =SUM(E46-G46) -> 2145387 | K46: =SUM(J46*2.5%) -> 53634.675 | N46: =K46+L46 -> 53634.675 | O46: =100000-H46 -> 46356 | P46: =L46+6110 -> 6110
A47: =A46+1 -> 40 | B47: MARIANI | C47: =C46 -> 08-02-2023 | D47: 1377442 | E47: 722060 | F47: 31-8-2026 | G47: 31948 | H47: 18052 | I47: =G47+H47 -> 50000 | J47: =SUM(E47-G47) -> 690112 | K47: =SUM(J47*2.5%) -> 17252.8 | O47: =50000-H47 -> 31948
A48: =A47+1 -> 41 | B48: DASWATI | C48: =C47 -> 08-02-2023 | D48: 1450269 | E48: 1364207 | F48: 31-8-2026 | H48: 100000 | I48: =G48+H48 -> 100000 | J48: =SUM(E48-G48) -> 1364207 | K48: =SUM(J48*2.5%) -> 34105.175 | N48: =L48+K48 -> 34105.175 | O48: =L48+K48 -> 34105.175 | P48: =150000-H48 -> 50000
A49: =A48+1 -> 42 | B49: Yuliana | C49: =C48 -> 08-02-2023 | D49: 2613922 | E49: 1362602 | F49: 14-8-2026 | H49: 50000 | I49: =G49+H49 -> 50000 | J49: =SUM(E49-G49) -> 1362602 | K49: =SUM(J49*2.5%) -> 34065.05 | L49: 8130 | N49: =K49+L49 -> 42195.05 | O49: =K49+L49 -> 42195.05 | P49: =50000-H49 -> 0
A50: =A49+1 -> 43 | B50: SYAHRIANI | C50: =C49 -> 08-02-2023 | D50: 4318751 | E50: 486177 | F50: 31-8-2026 | G50: 137846 | H50: 12154 | I50: =G50+H50 -> 150000 | J50: =SUM(E50-G50) -> 348331 | K50: =SUM(J50*2.5%) -> 8708.275 | N50: =J50+K50 -> 357039.28 | O50: =150000-H50 -> 137846 | P50: =O50+121000 -> 258846 | Q50: =225000-H50 -> 212846
A51: =A50+1 -> 44 | B51: ST.MASITOH | C51: 10-02-2023 | D51: 2291126 | E51: 3284337 | F51: 31-8-2026 | G51: 117892 | H51: 82108 | I51: =G51+H51 -> 200000 | J51: =SUM(E51-G51) -> 3166445 | K51: =SUM(J51*2.5%) -> 79161.125 | N51: =200000-H51 -> 117892 | O51: =150000-H51 -> 67892 | P51: =200000-H51 -> 117892
A52: =A51+1 -> 45 | B52: Irma Ujunge | C52: =C157 -> 01-03-2023 | D52: 1950889 | E52: 1947943 | I52: =G52+H52 -> 0 | J52: =SUM(E52-G52) -> 1947943 | K52: =SUM(J52*2.5%) -> 48698.575 | L52: 700856 | N52: =L52+K52 -> 749554.57
A53: =A52+1 -> 46 | B53: JUMIATI | C53: 10-04-2023 | D53: 1866287 | E53: 1422428 | I53: =G53+H53 -> 0 | J53: =SUM(E53-G53) -> 1422428 | K53: =SUM(J53*2.5%) -> 35560.7 | O53: =50000-H53 -> 50000 | P53: =100000-O53 -> 50000
A54: =A53+1 -> 47 | B54: SUMARNI/naharuddin | C54: =C53 -> 10-04-2023 | D54: 1813568 | E54: 1446282 | F54: 31-8-2026 | G54: 13843 | H54: 36157 | I54: =G54+H54 -> 50000 | J54: =SUM(E54-G54) -> 1432439 | K54: =SUM(J54*2.5%) -> 35810.975 | O54: =50000-H54 -> 13843 | P54: =50000-O54 -> 36157
A55: =A54+1 -> 48 | B55: RISNA | C55: =C54 -> 10-04-2023 | D55: 1511972 | E55: 1105064 | I55: =G55+H55 -> 0 | J55: =SUM(E55-G55) -> 1105064 | K55: =SUM(J55*2.5%) -> 27626.6 | L55: 331524 | N55: =L55/K55 -> 12.000174
A56: =A55+1 -> 49 | B56: NAHIRA | C56: =C55 -> 10-04-2023 | D56: 8759699 | E56: 4999948 | I56: =G56+H56 -> 0 | J56: =SUM(E56-G56) -> 4999948 | M56: stp bg hasil
A57: =A56+1 -> 50 | B57: DARSIAH | C57: =C56 -> 10-04-2023 | D57: 3917101 | E57: 3330356 | F57: 31-8-2026 | G57: 6965 | H57: 113035 | I57: =G57+H57 -> 120000 | J57: =SUM(E57-G57) -> 3323391 | K57: =SUM(J57*2.5%) -> 83084.775 | N57: =H57-K57 -> 29950.225 | O57: =120000-H57 -> 6965 | P57: =H57-K57 -> 29950.225 | Q57: =K57+L57 -> 83084.775
A58: =A57+1 -> 51 | B58: HASLINDA | C58: =C57 -> 10-04-2023 | D58: 1595827 | E58: 1010392 | F58: 31-8-2026 | G58: 24740 | H58: 25260 | I58: =G58+H58 -> 50000 | J58: =SUM(E58-G58) -> 985652 | K58: =SUM(J58*2.5%) -> 24641.3 | N58: =L57-N57 -> -29950.225 | O58: =50000-K58 -> 25358.7 | P58: =L57-P57 -> -29950.225
A59: =A58+1 -> 52 | B59: SARINA | C59: =C58 -> 10-04-2023 | D59: 4432396 | E59: 1132323 | F59: 31-8-2026 | G59: 171692 | H59: 28308 | I59: =G59+H59 -> 200000 | J59: =SUM(E59-G59) -> 960631 | K59: =SUM(J59*2.5%) -> 24015.775 | O59: =200000-H59 -> 171692 | P59: =K59+L59 -> 24015.775
A60: =A59+1 -> 53 | B60: SAMSINAR | C60: =C59 -> 10-04-2023 | D60: 1619583 | E60: 1086842 | I60: =G60+H60 -> 0 | J60: =SUM(E60-G60) -> 1086842 | K60: =SUM(J60*2.5%) -> 27171.05 | L60: 357565 | N60: =L60+K60 -> 384736.05
A61: =A60+1 -> 54 | B61: FATIMAH HJ | C61: =C60 -> 10-04-2023 | D61: 8653118 | E61: 5034869 | F61: 31-8-2026 | H61: 200000 | I61: =G61+H61 -> 200000 | J61: =SUM(E61-G61) -> 5034869 | K61: =SUM(J61*2.5%) -> 125871.73 | L61: 51743 | N61: =200000-L61 -> 148257 | O61: =200000-H61 -> 0 | P61: =K61+L61 -> 177614.73 | Q61: =H61-K61 -> 74128.275
A62: =A61+1 -> 55 | B62: SA'NANG | C62: =C61 -> 10-04-2023 | D62: 7330110 | E62: 4416859 | F62: 11-8-2026 | G62: 39579 | H62: 110421 | I62: =G62+H62 -> 150000 | J62: =SUM(E62-G62) -> 4377280 | K62: =SUM(J62*2.5%) -> 109432 | M62: blm bulan 8 | N62: =H61+L61 -> 251743 | O62: =150000-H62 -> 39579 | Q62: =L61-Q61 -> -22385.275
A63: =A62+1 -> 56 | B63: ANDI YULIAH | C63: =C62 -> 10-04-2023 | D63: 2343250 | E63: 2156192 | I63: =G63+H63 -> 0 | J63: =SUM(E63-G63) -> 2156192 | K63: =SUM(J63*2.5%) -> 53904.8 | L63: 512480 | N63: =L63+K63 -> 566384.8 | O63: =L62-O62 -> -39579 | P63: =H63-K63 -> -53904.8
A64: =A63+1 -> 57 | B64: SULVIANI KARMAN | C64: =C63 -> 10-04-2023 | D64: 1799283 | E64: 1285871 | I64: =G64+H64 -> 0 | J64: =SUM(E64-G64) -> 1285871 | K64: =SUM(J64*2.5%) -> 32146.775 | L64: 288617 | N64: =L64+K64 -> 320763.78 | P64: =L63-P63 -> 566384.8
A65: =A64+1 -> 58 | B65: MULIATI | C65: =C64 -> 10-04-2023 | D65: 2422728 | E65: 2422728 | I65: =G65+H65 -> 0 | J65: =SUM(E65-G65) -> 2422728 | M65: stp bagi hasil
A66: =A65+1 -> 59 | B66: HASENG | C66: =C67 -> 11-04-2023 | D66: 4950000 | E66: 4317460 | I66: =G66+H66 -> 0 | J66: =SUM(E66-G66) -> 4317460 | K66: =SUM(J66*2.5%) -> 107936.5 | O66: =150000-H66 -> 150000 | P66: =350000-N66 -> 350000
A67: =A66+1 -> 60 | B67: DIANA | C67: =C68 -> 11-04-2023 | D67: 2395410 | E67: 824115 | I67: =G67+H67 -> 0 | J67: =SUM(E67-G67) -> 824115 | K67: =SUM(J67*2.5%) -> 20602.875 | O67: =100000-H67 -> 100000 | P67: =100000-H67 -> 100000
A68: =A67+1 -> 61 | B68: HJ.HAMDANA | C68: 11-04-2023 | D68: 23570404 | E68: 16315710 | I68: =G68+H68 -> 0 | J68: =SUM(E68-G68) -> 16315710 | K68: =SUM(J68*2.5%) -> 407892.75 | L68: 723679 | P68: =750000-H68 -> 750000
A69: =A68+1 -> 62 | B69: MOH HAERUDDIN | C69: =C70 -> 14-04-2023 | D69: 2000000 | E69: 1977717 | F69: 31-8-2026 | G69: 557 | H69: 49443 | I69: =G69+H69 -> 50000 | J69: =SUM(E69-G69) -> 1977160 | K69: =SUM(J69*2.5%) -> 49429 | N69: =100000-I69 -> 50000 | O69: =50000-H69 -> 557 | P69: =75000-H69 -> 25557
A70: =A69+1 -> 63 | B70: NUR HIKMAH | C70: 14-04-2023 | D70: 9730001 | E70: 9269496 | F70: 31-8-2026 | H70: 250000 | I70: =G70+H70 -> 250000 | J70: =SUM(E70-G70) -> 9269496 | K70: =SUM(J70*2.5%) -> 231737.4 | L70: 833651 | N70: =L70-H70 -> 583651 | O70: =H70-K70 -> 18262.6
A71: =A70+1 -> 64 | B71: RUPIANAH | D71: 13000000 | E71: 11055597 | I71: =G71+H71 -> 0 | J71: =SUM(E71-G71) -> 11055597 | M71: stp bg hasil | P71: =#REF!+#REF! -> #REF!
A72: =A71+1 -> 65 | B72: SAKKA AWERANGE | C72: 02-08-2023 | D72: 2392272 | E72: 2183315 | I72: =G72+H72 -> 0 | J72: =SUM(E72-G72) -> 2183315 | K72: =SUM(J72*2.5%) -> 54582.875 | L72: 473328 | N72: =L72+K72 -> 527910.88
A73: =A72+1 -> 66 | B73: RAHMATIA | C73: 04-08-2023 | D73: 1709300 | E73: 1650728 | I73: =G73+H73 -> 0 | J73: =SUM(E73-G73) -> 1650728 | M73: stop bagi hasil
A74: =A73+1 -> 67 | B74: ARIFIN 2 | D74: 9484820 | E74: 6670534 | I74: =G74+H74 -> 0 | J74: =SUM(E74-G74) -> 6670534 | K74: =SUM(J74*2.5%) -> 166763.35 | L74: 50868 | N74: =L74-O74 -> 217631.35 | O74: =H74-K74 -> -166763.35
A75: =A74+1 -> 68 | B75: AMIRULLAH | C75: 15-09-2023 | D75: 2742730 | E75: 992595 | I75: =G75+H75 -> 0 | J75: =SUM(E75-G75) -> 992595 | K75: =SUM(J75*2.5%) -> 24814.875 | L75: 198520 | N75: =L75+K75 -> 223334.88 | O75: =L75+K75 -> 223334.88 | P75: =O75/K75 -> 9.0000403
A76: =A75+1 -> 69 | B76: Hj.Nur Asia | C76: =C75 -> 15-09-2023 | D76: 5959400 | E76: 3452684 | F76: 31-8-2026 | G76: 113683 | H76: 86317 | I76: =G76+H76 -> 200000 | J76: =SUM(E76-G76) -> 3339001 | K76: =SUM(J76*2.5%) -> 83475.025 | N76: =L75/K75 -> 8.0000403 | O76: =100000-H76 -> 13683 | P76: =1000000-H76 -> 913683
A77: =A76+1 -> 70 | B77: Ridwan | C77: =#REF! -> #REF! | D77: 750000 | E77: 67500 | I77: =G77+H77 -> 0 | J77: =SUM(E77-G77) -> 67500
A78: =A77+1 -> 71 | B78: Hj.Ira Indira | C78: 10-07-2026 | D78: 20000000 | E78: 17369342 | F78: 31-8-2026 | G78: 315766 | H78: 434234 | I78: =G78+H78 -> 750000 | J78: =SUM(E78-G78) -> 17053576 | K78: =SUM(J78*2.5%) -> 426339.4 | O78: =250000-H78 -> -184234 | P78: =750000-H78 -> 315766
A79: =A78+1 -> 72 | B79: Hj.Salma | C79: 02-11-2023 | D79: 1959200 | E79: 917642 | I79: =G79+H79 -> 0 | J79: =SUM(E79-G79) -> 917642 | K79: =SUM(J79*2.5%) -> 22941.05 | M79: =100000-H79 -> 100000 | N79: =L79+K79 -> 22941.05
A80: =A79+1 -> 73 | B80: Nasria | C80: 08-11-2023 | D80: 2000000 | E80: 1807838 | I80: =G80+H80 -> 0 | J80: =SUM(E80-G80) -> 1807838 | K80: =SUM(J80*2.5%) -> 45195.95 | L80: 813528 | N80: =L80+K80 -> 858723.95
A81: =A80+1 -> 74 | B81: Nur Syam | C81: 11-11-2023 | D81: 2000000 | E81: 4134898 | I81: =G81+H81 -> 0 | J81: =SUM(E81-G81) -> 4134898 | K81: =SUM(J81*2.5%) -> 103372.45 | L81: 1147208 | N81: =L81+K81 -> 1250580.4
A82: =A81+1 -> 75 | B82: Bahar | C82: 06-12-2023 | D82: 5000000 | E82: 1321650 | I82: =G82+H82 -> 0 | J82: =SUM(E82-G82) -> 1321650 | K82: =SUM(J82*2.5%) -> 33041.25 | O82: =50000-H82 -> 50000
A83: =A82+1 -> 76 | B83: ISEHA | C83: 29-01-2024 | D83: 1500000 | E83: 1338790 | I83: =G83+H83 -> 0 | J83: =SUM(E83-G83) -> 1338790 | K83: =SUM(J83*2.5%) -> 33469.75 | L83: 401640 | N83: =L83+K83 -> 435109.75
A84: =A83+1 -> 77 | B84: Bustaman | C84: 31-01-2024 | D84: 1500000 | E84: 724319 | I84: =G84+H84 -> 0 | J84: =SUM(E84-G84) -> 724319 | K84: =SUM(J84*2.5%) -> 18107.975 | L84: 224889 | N84: =L84+K84 -> 242996.98
A85: =A84+1 -> 78 | B85: Nuryadin Jafar | C85: 02-02-2024 | D85: 5000000 | E85: 260818 | F85: 11-8-2026 | G85: 260818 | H85: 13040 | I85: =G85+H85 -> 273858 | J85: =SUM(E85-G85) -> 0 | K85: =SUM(J85*2.5%) -> 0 | N85: =K85+L85 -> 0 | O85: =200000-H85 -> 186960 | P85: =J85+K85 -> 0 | Q85: =P85-200000 -> -200000
A86: =A85+1 -> 79 | B86: Faizal | C86: 28-02-2024 | D86: 30000000 | E86: 28500000 | I86: =G86+H86 -> 0 | J86: =SUM(E86-G86) -> 28500000
A87: =A86+1 -> 80 | B87: Fitra Dwi Atirah | C87: 04-03-2024 | D87: 2500000 | E87: 942761 | I87: =G87+H87 -> 0 | J87: =SUM(E87-G87) -> 942761 | K87: =SUM(J87*2.5%) -> 23569.025 | O87: =50000-H87 -> 50000 | P87: =100000-H87 -> 100000
A88: =A87+1 -> 81 | B88: HARDIYANZAH | C88: 18-03-2024 | D88: 2900000 | E88: 1834678 | F88: 31-8-2026 | G88: 54133 | H88: 45867 | I88: =G88+H88 -> 100000 | J88: =SUM(E88-G88) -> 1780545 | K88: =SUM(J88*2.5%) -> 44513.625 | O88: =H89-K89 -> 7897.425 | P88: =100000-H88 -> 54133 | Q88: =L89-350000 -> -77662
A89: =A88+1 -> 82 | B89: Hasnah. D | C89: 20-03-2024 | D89: 13000000 | E89: 11684103 | F89: 31-8-2026 | H89: 300000 | I89: =G89+H89 -> 300000 | J89: =SUM(E89-G89) -> 11684103 | K89: =SUM(J89*2.5%) -> 292102.58 | L89: 272338 | O89: =L89-O88 -> 264440.58 | P89: =H89-K89 -> 7897.425 | Q89: =L89-P89 -> 264440.58 | R89: =H89-K89 -> 7897.425 | S89: =L89-R89 -> 264440.58
A90: =A89+1 -> 83 | B90: RIDAYANA | C90: 20-03-2024 | D90: 7500000 | E90: 6290180 | F90: 31-8-2026 | H90: 225000 | I90: =G90+H90 -> 225000 | J90: =SUM(E90-G90) -> 6290180 | K90: =SUM(J90*2.5%) -> 157254.5 | L90: 21765 | M90: blm bulan 8 | N90: =L90-H90 -> -203235 | O90: =225000-H90 -> 0 | P90: =L90+K90 -> 179019.5 | Q90: =450000-H90 -> 225000
A91: =A90+1 -> 84 | B91: HJ. HASRIYANTI | C91: 20-03-2024 | D91: 22000000 | E91: 5499229 | I91: =G91+H91 -> 0 | J91: =SUM(E91-G91) -> 5499229 | K91: =SUM(J91*2.5%) -> 137480.73 | N91: =N90-225000 -> -428235 | O91: =200000-H91 -> 200000 | P91: =500000-H91 -> 500000
A92: =A91+1 -> 85 | B92: SUDIRMAN HALIM | C92: 22-03-2024 | D92: 2000000 | E92: 1931341 | I92: =G92+H92 -> 0 | J92: =SUM(E92-G92) -> 1931341 | K92: =SUM(J92*2.5%) -> 48283.525 | L92: 667396 | N92: =L92+K92 -> 715679.53 | P92: =H92-K92 -> -48283.525 | Q92: =L92-P92 -> 715679.53
A93: =A92+1 -> 86 | B93: NURLINA | C93: 14-05-2024 | D93: 6000000 | E93: 4412206 | I93: =G93+H93 -> 0 | J93: =SUM(E93-G93) -> 4412206 | K93: =SUM(J93*2.5%) -> 110305.15 | O93: =K93*2 -> 220610.3 | P93: =200000-H93 -> 200000
A94: =A93+1 -> 87 | B94: HERIANI | C94: 14-05-2024 | D94: 2900000 | E94: 2291759 | F94: 31-8-2026 | G94: 42706 | H94: 57294 | I94: =G94+H94 -> 100000 | J94: =SUM(E94-G94) -> 2249053 | K94: =SUM(J94*2.5%) -> 56226.325 | N94: =100000-K94 -> 43773.675 | O94: =100000-H94 -> 42706 | P94: =200000-K94 -> 143773.67 | Q94: =K94+H94 -> 113520.32 | R94: =100000-K94 -> 43773.675
A95: =A94+1 -> 88 | B95: SURIANTO | C95: 19-05-2024 | D95: 5000000 | E95: 4645401 | F95: 31-8-2026 | H95: 150000 | I95: =G95+H95 -> 150000 | J95: =SUM(E95-G95) -> 4645401 | K95: =SUM(J95*2.5%) -> 116135.02 | L95: 29080 | O95: =H95-K95 -> 33864.975 | P95: =K95+L95 -> 145215.02 | Q95: =H95-K95 -> 33864.975 | R95: =L95-Q95 -> -4784.975
A96: =A95+1 -> 89 | B96: M. AKIL | C96: 27-05-2024 | D96: 5000000 | E96: 3660175 | F96: 31-8-2026 | G96: 8496 | H96: 91504 | I96: =G96+H96 -> 100000 | J96: =SUM(E96-G96) -> 3651679 | K96: =SUM(J96*2.5%) -> 91291.975 | O96: =100000-H96 -> 8496 | P96: =300000-H96 -> 208496
A97: =A96+1 -> 90 | B97: EBIT KURNIAWAN | C97: 20-06-2024 | D97: 2000000 | E97: 3858055 | I97: =G97+H97 -> 0 | J97: =SUM(E97-G97) -> 3858055 | K97: =SUM(J97*2.5%) -> 96451.375 | N97: =L97+K97 -> 96451.375 | O97: =200000-H97 -> 200000 | Q97: =L97+K97 -> 96451.375
A98: =A97+1 -> 91 | B98: BANK SAMPAH | C98: 27-06-2024 | D98: 1000000 | E98: 993293 | I98: =G98+H98 -> 0 | J98: =SUM(E98-G98) -> 993293 | K98: =SUM(J98*2.5%) -> 24832.325 | L98: 49674 | N98: =L98+K98 -> 74506.325
A99: =A98+1 -> 92 | B99: Suriani A.ma Pust | C99: 11-07-2024 | D99: 24000000 | E99: 23010132 | F99: 31-8-2026 | G99: 484747 | H99: 575253 | I99: =G99+H99 -> 1060000 | J99: =SUM(E99-G99) -> 22525385 | K99: =SUM(J99*2.5%) -> 563134.62
A100: =A99+1 -> 93 | B100: Taharuddin | C100: 11-07-2024 | D100: 10000000 | E100: 7845771 | F100: 31-8-2026 | G100: 185128 | H100: 196144 | I100: =G100+H100 -> 381272 | J100: =SUM(E100-G100) -> 7660643 | K100: =SUM(J100*2.5%) -> 191516.08 | O100: =250000-H100 -> 53856
A101: =A100+1 -> 94 | B101: Mallombasi | C101: 15-07-2024 | D101: 5000000 | E101: 5000000 | F101: 31-8-2026 | H101: 500000 | I101: =G101+H101 -> 500000 | J101: =SUM(E101-G101) -> 5000000 | K101: =SUM(J101*2.5%) -> 125000 | N101: =L101+K101 -> 125000 | O101: =N101/K101 -> 1
...

Sheet MULTI
A1: LAPORAN KEUANGAN KEPALA UNIT USAHA MULTIGUNA FINANCIAL BUMDes SEJAHTERA
A2: DESA BATUPUTE KEC.SOPPENG RIAJA KAB.BARRU BULAN AGUSTUS 2026
A3: NO | B3: Tgl Beli | C3: Nama | D3: Jenis Brg | E3: HARGA BELI | F3: LABA | G3: TOTAL | H3: SISA | J3: Jkt Waktu | K3: PEMBAYARAN | P3: Saldo
H4: POKOK | I4: KEUNTNG | K4: Ke | L4: TGL | M4: Pokok | N4: Keuntungan | O4: JML | P4: Pokok | Q4: Keuntungan
A5: 1 | C5: Rosmah | D5: HP.OPPO A9 | E5: 3700000 | F5: 800000 | G5: =SUM(E5+F5) -> 4500000 | H5: 3125000 | I5: 550000 | J5: 20 | K5: 4 | P5: =SUM(H5-M5) -> 3125000 | Q5: =SUM(I5-N5) -> 550000
A6: =A5+1 -> 2 | C6: Aswar | D6: HP VIVO Y19 | E6: 3000000 | F6: 600000 | G6: =SUM(E6+F6) -> 3600000 | H6: 175000 | I6: 0 | J6: 20 | K6: 19 | O6: =M6+N6 -> 0 | P6: =SUM(H6-M6) -> 175000 | Q6: =SUM(I6-N6) -> 0
A7: =A6+1 -> 3 | C7: Fatimah | D7: Brng Dagangan | E7: 10282500 | F7: 1338000 | G7: =SUM(E7+F7) -> 11620500 | H7: 2438106 | I7: 0 | J7: 30 | K7: 21 | O7: =M7+N7 -> 0 | P7: =SUM(H7-M7) -> 2438106 | Q7: =SUM(I7-N7) -> 0 | R7: 639075
A8: =A7+1 -> 4 | C8: Fitriani | D8: HP.OppoA52020 | E8: 2450000 | F8: 298000 | G8: =SUM(E8+F8) -> 2748000 | H8: 942000 | I8: 124168 | J8: 12 | K8: 8 | O8: =M8+N8 -> 0 | P8: =SUM(H8-M8) -> 942000 | Q8: =SUM(I8-N8) -> 124168
A9: =A8+1 -> 5 | C9: Satriandi | D9: Conventer UFI | E9: 4000000 | F9: 400000 | G9: =SUM(E9+F9) -> 4400000 | H9: 1200000 | I9: 120000 | J9: 10 | K9: 8 | O9: =M9+N9 -> 0 | P9: =SUM(H9-M9) -> 1200000 | Q9: =SUM(I9-N9) -> 120000
A10: =A9+1 -> 6 | C10: Resky.A | D10: HP OPPO AIK | E10: 1650000 | F10: 200000 | G10: =SUM(E10+F10) -> 1850000 | H10: 1320000 | I10: 160000 | J10: 10 | K10: 4 | O10: =M10+N10 -> 0 | P10: =SUM(H10-M10) -> 1320000 | Q10: =SUM(I10-N10) -> 160000 | R10: =SUM(P5:P16) -> 28450607
A11: =A10+1 -> 7 | C11: Sri Utami.K | D11: HP OPPO A5RAM4 | E11: 2900000 | F11: 400000 | G11: =SUM(E11+F11) -> 3300000 | H11: 1208332 | I11: 166668 | J11: 12 | K11: 6 | O11: =M11+N11 -> 0 | P11: =SUM(H11-M11) -> 1208332 | Q11: =SUM(I11-N11) -> 166668 | R11: =R10+P18+P19+P21 -> 38637680
A12: =A11+1 -> 8 | C12: Sabrani | D12: HP SAMSUNGJ7 | E12: 2250000 | F12: 250000 | G12: =SUM(E12+F12) -> 2500000 | H12: 895000 | I12: 100000 | J12: 10 | K12: 6 | O12: =M12+N12 -> 0 | P12: =SUM(H12-M12) -> 895000 | Q12: =SUM(I12-N12) -> 100000
A13: =A12+1 -> 9 | B13: =#REF! -> #REF! | C13: RUKMAN HAMID | D13: Barang Campuran | E13: 15000000 | F13: 6000000 | G13: =SUM(E13+F13) -> 21000000 | H13: 13925000 | J13: 40 | K13: 2 | O13: =M13+N13 -> 0 | P13: =SUM(H13-M13) -> 13925000
A14: =A13+1 -> 10 | C14: Darmawati | D14: HP OPPOA5 2020 | E14: 2875000 | F14: 365000 | G14: =SUM(E14+F14) -> 3240000 | H14: 409170 | I14: 50832 | J14: 12 | K14: 11 | O14: =M14+N14 -> 0 | P14: =SUM(H14-M14) -> 409170 | Q14: =SUM(I14-N14) -> 50832
A15: =A14+1 -> 11 | C15: Budiman | D15: HP XIOMI REDMI 8 | E15: 3800000 | F15: 460000 | G15: =SUM(E15+F15) -> 4260000 | H15: 2381666 | I15: 218334 | J15: 12 | K15: 4 | O15: =M15+N15 -> 0 | P15: =SUM(H15-M15) -> 2381666 | Q15: =SUM(I15-N15) -> 218334
A16: =A15+1 -> 12 | C16: Ariyani Arifin II | D16: TV | E16: 2500000 | F16: 300000 | G16: =SUM(E16+F16) -> 2800000 | H16: 431333 | I16: 0 | J16: 12 | K16: 8 | O16: =M16+N16 -> 0 | P16: =SUM(H16-M16) -> 431333 | Q16: =SUM(I16-N16) -> 0
A17: =A16+1 -> 13 | B17: 05-04-2024 | C17: Herman saputra | D17: BAN MOBIL | E17: 2295000 | F17: 413100 | G17: =SUM(E17+F17) -> 2708100 | H17: 840105 | I17: 144453 | J17: 12 | K17: 2 | L17: 31-8-2026 | M17: 87398 | N17: 12602 | O17: =M17+N17 -> 100000 | P17: =SUM(H17-M17) -> 752707 | Q17: =SUM(I17-N17) -> 131851 | R17: =100000-N17 -> 87398 | S17: =P17*1.5% -> 11290.605 | T17: =P17+Q17 -> 884558
A18: =A17+1 -> 14 | C18: Kistang | D18: Perdagangan | E18: 8889100 | F18: 3555640 | G18: =SUM(E18+F18) -> 12444740 | H18: 8493073 | I18: 0 | J18: 40 | K18: 6 | O18: =M18+N18 -> 0 | P18: =SUM(H18-M18) -> 8493073 | Q18: =SUM(I18-N18) -> 0 | S18: =S17*12 -> 135487.26 | T18: =100000-S17 -> 88709.395
A19: =A18+1 -> 15 | C19: Wadang | D19: HP | E19: 2300000 | F19: 276000 | G19: =SUM(E19+F19) -> 2576000 | H19: 536000 | I19: 0 | J19: 12 | O19: =M19+N19 -> 0 | P19: =SUM(H19-M19) -> 536000 | Q19: =SUM(I19-N19) -> 0
A20: =A19+1 -> 16 | B20: 23-11-2022 | C20: Fatmawati | D20: BAN MOBIL | E20: 30000000 | F20: 12000000 | G20: =SUM(E20+F20) -> 42000000 | H20: 17050000 | I20: 0 | J20: 40 | O20: =M20+N20 -> 0 | P20: =SUM(H20-M20) -> 17050000 | Q20: =SUM(I20-N20) -> 0
A21: =A20+1 -> 17 | B21: 14-05-2023 | C21: SUDARMIN Ujungge | D21: HP | E21: 2600000 | F21: 260000 | G21: =SUM(E21+F21) -> 2860000 | H21: 1158000 | I21: 64000 | J21: 10 | K21: 7 | O21: =M21+N21 -> 0 | P21: =SUM(H21-M21) -> 1158000 | Q21: =SUM(I21-N21) -> 64000
A22: =A21+1 -> 18 | B22: 16-07-2023 | C22: Agustang | D22: Barang | E22: 25000000 | F22: 10000000 | G22: =SUM(E22+F22) -> 35000000 | H22: 17825000 | I22: 2750000 | J22: 40 | K22: 29 | O22: =M22+N22 -> 0 | P22: =SUM(H22-M22) -> 17825000 | Q22: =SUM(I22-N22) -> 2750000 | S22: =F22/J22 -> 250000
A23: =A22+1 -> 19 | B23: 02-12-2023 | C23: Nurdalia 2 | D23: SENG RUMAH | E23: 15000000 | F23: 6000000 | G23: =SUM(E23+F23) -> 21000000 | H23: 4375000 | I23: 2200000 | J23: 40 | K23: 32 | L23: 31-8-2026 | M23: 350000 | N23: 150000 | O23: =M23+N23 -> 500000 | P23: =SUM(H23-M23) -> 4025000 | Q23: =SUM(I23-N23) -> 2050000 | R23: =F23/J23 -> 150000 | S23: =F23/J23 -> 150000
A24: =A23+1 -> 20 | B24: 20-03-2024 | C24: Arisman | D24: Kosmetik | E24: 28000000 | F24: 8680000 | G24: =SUM(E24+F24) -> 36680000 | H24: 6821000 | I24: 840000 | J24: 31 | K24: 27 | L24: 4-8-2026 | M24: 220000 | N24: 280000 | O24: =M24+N24 -> 500000 | P24: =SUM(H24-M24) -> 6601000 | Q24: =SUM(I24-N24) -> 560000 | S24: =F24/J24 -> 280000 | T24: =500000-N24 -> 220000
A25: =A24+1 -> 21 | B25: 20-03-2024 | C25: Idris | D25: barang Bangunan | E25: 28000000 | F25: 8680000 | G25: =SUM(E25+F25) -> 36680000 | H25: 22416000 | I25: 2520000 | J25: 31 | K25: 22 | O25: =M25+N25 -> 0 | P25: =SUM(H25-M25) -> 22416000 | Q25: =SUM(I25-N25) -> 2520000
A26: =A25+1 -> 22 | B26: 20-03-2024 | C26: Hera Prawati | D26: Genset | E26: 28000000 | F26: 8680000 | G26: =SUM(E26+F26) -> 36680000 | H26: 10188000 | I26: 840000 | J26: 31 | K26: 26 | L26: 4-8-2026 | M26: 904000 | N26: 280000 | O26: =M26+N26 -> 1184000 | P26: =SUM(H26-M26) -> 9284000 | Q26: =SUM(I26-N26) -> 560000 | S26: =1184000-N26 -> 904000 | T26: =F26/J26 -> 280000
A27: =A26+1 -> 23 | B27: 03-07-2024 | C27: Yusnita Zainal Arifin | D27: HP Samsung | E27: 10000000 | F27: 6000000 | G27: =SUM(E27+F27) -> 16000000 | H27: 6400000 | I27: 3150000 | J27: 40 | K27: 18 | O27: =M27+N27 -> 0 | P27: =SUM(H27-M27) -> 6400000 | Q27: =SUM(I27-N27) -> 3150000 | R27: bulan 10 ditagih | S27: =F27/J27 -> 150000
A28: =A27+1 -> 24 | B28: 10-07-2024 | C28: Irtika Adillah | D28: Laptop | E28: 8000000 | F28: 450000 | G28: =SUM(E28+F28) -> 8450000 | H28: 6650000 | I28: 300000 | J28: 12 | K28: 5 | L28: 18-8-2026 | M28: 462500 | N28: 37500 | O28: =M28+N28 -> 500000 | P28: =SUM(H28-M28) -> 6187500 | Q28: =SUM(I28-N28) -> 262500 | R28: =F28/J28 -> 37500 | S28: =500000-R28 -> 462500
A29: =A28+1 -> 25 | B29: 11-07-2024 | C29: Nurlina | D29: Motor Honda | E29: 20550000 | F29: 3895500 | G29: =SUM(E29+F29) -> 24445500 | H29: 12729775 | I29: 3895500 | J29: 20 | K29: 3 | L29: 27-8-2026 | M29: 105225 | N29: 194775 | O29: =M29+N29 -> 300000 | P29: =SUM(H29-M29) -> 12624550 | Q29: 3895500 | R29: =400000-N29 -> 205225 | S29: =F29/J29 -> 194775 | T29: =310000-S29 -> 115225
A30: =A29+1 -> 26 | B30: 16-07-2024 | C30: Nurul asmi/fatma | D30: Motor Honda | E30: 25000000 | F30: 9375000 | G30: =SUM(E30+F30) -> 34375000 | H30: 15185000 | I30: 2250000 | J30: 25 | K30: 19 | L30: 31-8-2026 | M30: 500000 | N30: 375000 | O30: =M30+N30 -> 875000 | P30: =SUM(H30-M30) -> 14685000 | Q30: =SUM(I30-N30) -> 1875000 | T30: =F30/J30 -> 375000
A31: =A30+1 -> 27 | B31: 19-07-2024 | C31: Irma | D31: Motor Yamaha | E31: 37000000 | F31: 22500000 | G31: =SUM(E31+F31) -> 59500000 | H31: 35521250 | I31: 5663750 | J31: 60 | K31: 21 | L31: 31-8-2026 | M31: 225000 | N31: 375000 | O31: =M31+N31 -> 600000 | P31: =SUM(H31-M31) -> 35296250 | Q31: =SUM(I31-N31) -> 5288750 | R31: =600000-N31 -> 225000 | S31: =F31/J31 -> 375000 | W31: =37000000*1.5% -> 555000
A32: =A31+1 -> 28 | B32: 11-10-2024 | C32: Muh. Kurniawan, SE | D32: Kredit HP Samsung | E32: 6000000 | F32: 1350000 | G32: =SUM(E32+F32) -> 7350000 | H32: 630000 | I32: 120000 | J32: 18 | K32: 17 | L32: 14-8-2026 | M32: 425000 | N32: 75000 | O32: =M32+N32 -> 500000 | P32: =SUM(H32-M32) -> 205000 | Q32: =SUM(I32-N32) -> 45000 | S32: =E32/J32 -> 333333.33 | T32: =F32/J32 -> 75000 | U32: =500000-T32 -> 425000 | V32: =P32+Q32 -> 250000
A33: =A32+1 -> 29 | B33: 05-11-2024 | C33: Abd. Malik | D33: Kredit HP Samsung | E33: 2700000 | F33: 405000 | G33: =SUM(E33+F33) -> 3105000 | H33: 1402500 | I33: 162000 | J33: 10 | K33: 5 | O33: =M33+N33 -> 0 | P33: =SUM(H33-M33) -> 1402500 | Q33: =SUM(I33-N33) -> 162000 | S33: =200000-T33 -> 159500 | T33: =F33/J33 -> 40500 | U33: =100000-N33 -> 100000
A34: =A33+1 -> 30 | B34: 01-01-2025 | C34: Jaharuddin | D34: Bahan Bangunan | E34: 58866300 | F34: 30022000 | G34: =SUM(E34+F34) -> 88888300 | H34: 55998300 | I34: 26490000 | J34: 48 | K34: 18 | L34: 31-8-2026 | M34: 717000 | N34: 883000 | O34: =M34+N34 -> 1600000 | P34: =SUM(H34-M34) -> 55281300 | Q34: =SUM(I34-N34) -> 25607000 | S34: =1600000-N34 -> 717000 | T34: 883000 | U34: =S34+T34 -> 1600000 | V34: =F34/J34 -> 625458.33 | W34: =E34*1.5% -> 882994.5
A35: =A34+1 -> 31 | B35: 11-8-2025 | C35: Ebit Kurniawan | D35: Tab | E35: 3000000 | F35: 900000 | G35: =SUM(E35+F35) -> 3900000 | H35: 1950000 | I35: 495000 | J35: 20 | K35: 9 | O35: =M35+N35 -> 0 | P35: =SUM(H35-M35) -> 1950000 | Q35: =SUM(I35-N35) -> 495000 | S35: =F35/J35 -> 45000 | T35: =G35/J35 -> 195000 | U35: =T35*3 -> 585000 | V35: =T35-S35 -> 150000 | W35: =G35/J35 -> 195000
A36: =A35+1 -> 32 | B36: 29-8-2025 | C36: Mansyur | D36: Jaring | E36: 1410000 | F36: 35250 | G36: =SUM(E36+F36) -> 1445250 | H36: 945250 | I36: 35250 | J36: 2 | K36: 1 | O36: =M36+N36 -> 0 | P36: =SUM(H36-M36) -> 945250 | Q36: =SUM(I36-N36) -> 35250 | R36: =P36+Q36 -> 980500 | S36: =R36/12 -> 81708.333 | T36: =S36*4 -> 326833.33 | U36: =500000-N36 -> 500000
A37: =A36+1 -> 33 | B37: 29-8-2025 | C37: Damis | D37: Jaring | E37: 406000 | F37: 50750 | G37: =SUM(E37+F37) -> 456750 | H37: 256750 | I37: 0 | J37: 5 | O37: =M37+N37 -> 0 | P37: =SUM(H37-M37) -> 256750 | Q37: =SUM(I37-N37) -> 0 | R37: 92000 | S37: =200000-N37 -> 200000 | T37: =160000-#REF! -> #REF!
A38: =A37+1 -> 34 | B38: 29-8-2025 | C38: Sofyan | D38: Baju Selam | E38: 2650000 | F38: 795000 | G38: =SUM(E38+F38) -> 3445000 | H38: 1269500 | I38: 397500 | J38: 12 | K38: 6 | O38: =M38+N38 -> 0 | P38: =SUM(H38-M38) -> 1269500 | Q38: =SUM(I38-N38) -> 397500 | R38: 288000 | S38: =F38/J38 -> 66250 | T38: =R38-S38 -> 221750
A39: =A38+1 -> 35 | B39: =B38 -> 29-8-2025 | C39: Ancu | D39: Baju Selam | E39: 2015000 | F39: 100750 | G39: =SUM(E39+F39) -> 2115750 | H39: 1230000 | I39: 0 | J39: 2 | K39: 2 | O39: =M39+N39 -> 0 | P39: =SUM(H39-M39) -> 1230000 | Q39: =SUM(I39-N39) -> 0 | R39: 1365000 | S39: =P39+Q39 -> 1230000 | T39: =S39-R39 -> -135000 | U39: =350000-N39 -> 350000
A40: =A39+1 -> 36 | B40: =B39 -> 29-8-2025 | C40: Arif | D40: Kacamata+jaring | E40: 1938000 | F40: 581400 | G40: =SUM(E40+F40) -> 2519400 | H40: 1028700 | I40: 290700 | J40: 12 | K40: 6 | O40: =M40+N40 -> 0 | P40: =SUM(H40-M40) -> 1028700 | Q40: =SUM(I40-N40) -> 290700 | R40: 210000 | S40: =F40/J40 -> 48450 | T40: =1000000-N40 -> 1000000 | W40: =200000-N40 -> 200000
A41: =A40+1 -> 37 | B41: =B40 -> 29-8-2025 | C41: Syamsuddin | D41: Jaring | E41: 604000 | F41: 181200 | G41: =SUM(E41+F41) -> 785200 | H41: 604000 | I41: 181200 | J41: 12 | O41: =M41+N41 -> 0 | P41: =SUM(H41-M41) -> 604000 | Q41: =SUM(I41-N41) -> 181200 | R41: 70000 | S41: =P40/J40 -> 85725
A42: =A41+1 -> 38 | B42: 4-8-2025 | C42: Hj. Ira Indira | D42: HP VIvo | E42: 3500000 | F42: 1050000 | G42: =SUM(E42+F42) -> 4550000 | H42: 1277500 | I42: 472500 | J42: 20 | K42: 11 | L42: 31-8-2026 | M42: 197500 | N42: 52500 | O42: =M42+N42 -> 250000 | P42: =SUM(H42-M42) -> 1080000 | Q42: =SUM(I42-N42) -> 420000 | R42: =F42/J42 -> 52500 | S42: =F42/J42 -> 52500 | T42: =250000-S42 -> 197500
A43: =A42+1 -> 39 | B43: 15-12-2025 | C43: Wawan Darmawan | D43: Bahan Bangunan | E43: 20000000 | F43: 18000000 | G43: =SUM(E43+F43) -> 38000000 | H43: 17662000 | I43: 15900000 | J43: 60 | K43: 8 | L43: 12-8-2026 | M43: 334000 | N43: 300000 | O43: =M43+N43 -> 634000 | P43: =SUM(H43-M43) -> 17328000 | Q43: =SUM(I43-N43) -> 15600000 | R43: =F43/J43 -> 300000 | S43: =F43/J43 -> 300000 | T43: =G43/J43 -> 633333.33 | U43: =634000-N43 -> 334000
A44: =A43+1 -> 40 | B44: 30-1-2026 | C44: Fitriani | D44: Hp Iphone | E44: 14000000 | F44: 5040000 | G44: =SUM(E44+F44) -> 19040000 | H44: 13640000 | I44: 4900000 | J44: 36 | K44: 2 | L44: 31-8-2026 | M44: 360000 | N44: 140000 | O44: =M44+N44 -> 500000 | P44: =SUM(H44-M44) -> 13280000 | Q44: =SUM(I44-N44) -> 4760000 | R44: 70000 bgi hasil | S44: =F44/J44 -> 140000 | T44: =250000-N44 -> 110000 | V44: =140000*36 -> 5040000
A45: =A44+1 -> 41 | B45: 13-2-2026 | C45: Mila | D45: Jam AC | E45: 2200000 | F45: 396000 | G45: =SUM(E45+F45) -> 2596000 | H45: 1628125 | I45: 316875 | J45: 12 | K45: 4 | L45: 21-8-2026 | M45: 184000 | N45: 33000 | O45: =M45+N45 -> 217000 | P45: =SUM(H45-M45) -> 1444125 | Q45: =SUM(I45-N45) -> 283875 | S45: =G45/J45 -> 216333.33 | T45: =140000-N46 -> 140000 | U45: =SUM(F45/J45) -> 33000 | V45: =217000-U45 -> 184000
A46: =A45+1 -> 42 | B46: 13-3-2026 | C46: Debby | D46: Jam AC | E46: 1000000 | F46: 120000 | G46: =SUM(E46+F46) -> 1120000 | H46: 625125 | I46: 74875 | J46: 8 | K46: 3 | O46: =M46+N46 -> 0 | P46: =SUM(H46-M46) -> 625125 | Q46: =SUM(I46-N46) -> 74875 | S46: =140000-N46 -> 140000 | T46: =SUM(F46/8) -> 15000
A47: =A46+1 -> 43 | B47: 13-3-2026 | C47: Sakriani | D47: Jam AC | E47: 1100000 | F47: 198000 | G47: =SUM(E47+F47) -> 1298000 | H47: 756000 | I47: 132000 | J47: 12 | K47: 3 | O47: =M47+N47 -> 0 | P47: =SUM(H47-M47) -> 756000 | Q47: =SUM(I47-N47) -> 132000 | S47: =110000-N47 -> 110000 | T47: =F47/12 -> 16500 | U47: =T47*2 -> 33000 | V47: =M47*2 -> 0
A48: =A47+1 -> 44 | B48: 17-3-2026 | C48: Suci Febrianti | D48: HP Vivo | E48: 2100000 | F48: 189000 | G48: =SUM(E48+F48) -> 2289000 | H48: 766000 | I48: 63000 | J48: 6 | K48: 5 | L48: 4-8-2026 | M48: 358500 | N48: 31500 | O48: =M48+N48 -> 390000 | P48: =SUM(H48-M48) -> 407500 | Q48: =SUM(I48-N48) -> 31500 | R48: =G48/J48 -> 381500 | S48: =F48/J48 -> 31500 | T48: =390000-N48 -> 358500
A49: =A48+1 -> 45 | B49: 18-3-2026 | C49: Risna | D49: HP Samsung | E49: 2600000 | F49: 390000 | G49: =SUM(E49+F49) -> 2990000 | H49: 1820000 | I49: 273000 | J49: 10 | K49: 4 | L49: 31-8-2026 | M49: 260000 | N49: 39000 | O49: =M49+N49 -> 299000 | P49: =SUM(H49-M49) -> 1560000 | Q49: =SUM(I49-N49) -> 234000 | R49: =299000-N49 -> 260000 | S49: =F49/J49 -> 39000 | T49: =390000-N48 -> 358500
A50: =A49+1 -> 46 | B50: 18-3-2026 | C50: Riska | D50: HP Samsung | E50: 3100000 | F50: 465000 | G50: =SUM(E50+F50) -> 3565000 | H50: 2170000 | I50: 325500 | J50: 10 | K50: 4 | L50: 31-8-2026 | M50: 310000 | N50: 46500 | O50: =M50+N50 -> 356500 | P50: =SUM(H50-M50) -> 1860000 | Q50: =SUM(I50-N50) -> 279000 | R50: =356500-46500 -> 310000
A51: =A50+1 -> 47 | B51: 18-3-2026 | C51: Apandi | D51: Infinix | E51: 1450000 | F51: 261000 | G51: =SUM(E51+F51) -> 1711000 | H51: 808750 | I51: 152250 | J51: 12 | K51: 6 | L51: 18-8-2026 | M51: 128250 | N51: 21750 | O51: =M51+N51 -> 150000 | P51: =SUM(H51-M51) -> 680500 | Q51: =SUM(I51-N51) -> 130500 | S51: =F51/12 -> 21750 | T51: =150000-N51 -> 128250
A52: =A51+1 -> 48 | B52: 30-3-2026 | C52: Fatmawati | D52: Jual Pecah belah | E52: 6000000 | F52: 750000 | G52: =SUM(E52+F52) -> 6750000 | H52: 4000000 | I52: 450000 | J52: 10 | K52: 5 | L52: 31-8-2026 | M52: 500000 | N52: 75000 | O52: =M52+N52 -> 575000 | P52: =SUM(H52-M52) -> 3500000 | Q52: =SUM(I52-N52) -> 375000 | S52: =F52/J52 -> 75000
A53: =A52+1 -> 49 | B53: 28-4-2026 | C53: Muh.Tang | D53: Pupuk subsidi | E53: 30000000 | F53: 4500000 | G53: =SUM(E53+F53) -> 34500000 | H53: 30000000 | I53: 4500000 | J53: 3 | K53: 3 | L53: 18-8-2026 | M53: 19500000 | N53: 4500000 | O53: =M53+N53 -> 24000000 | P53: =SUM(H53-M53) -> 10500000 | Q53: =SUM(I53-N53) -> 0
A54: =A53+1 -> 50 | B54: 10-5-2026 | C54: Abd. Malik | D54: HP VIvo | E54: 2000000 | F54: 450000 | G54: =SUM(E54+F54) -> 2450000 | H54: 1930000 | I54: 420000 | J54: 15 | O54: =M54+N54 -> 0 | P54: =SUM(H54-M54) -> 1930000 | Q54: =SUM(I54-N54) -> 420000 | T54: =F54/J54 -> 30000
A55: =A54+1 -> 51 | B55: 8-6-2026 | C55: Evi | D55: HP OPPO | E55: 2300000 | F55: 345000 | G55: =SUM(E55+F55) -> 2645000 | H55: 2070000 | I55: 310500 | J55: 10 | K55: 2 | L55: 4-8-2026 | M55: 231500 | N55: 34500 | O55: =M55+N55 -> 266000 | P55: =SUM(H55-M55) -> 1838500 | Q55: =SUM(I55-N55) -> 276000 | S55: =266000-N55 -> 231500
A56: =A55+1 -> 52 | B56: 16-7-2026 | C56: Haswinda | D56: HP SAMSUNG | E56: 3400000 | F56: 510000 | G56: =SUM(E56+F56) -> 3910000 | H56: 2651000 | I56: 459000 | J56: 10 | K56: 2 | L56: 31-8-2026 | M56: 449000 | N56: 51000 | O56: =M56+N56 -> 500000 | P56: =SUM(H56-M56) -> 2202000 | Q56: =SUM(I56-N56) -> 408000 | S56: =500000-N56 -> 449000
A57: JUMLAH | E57: =SUM(E5:E31) -> 325041600 | F57: =SUM(F5:F31) -> 112176240 | H57: =SUM(H5:H34) -> 252669610 | M57: =SUM(M5:M56) -> 26808873 | N57: =SUM(N5:N56) -> 7987627 | O57: =SUM(O6:O56) -> 34796500 | P57: =SUM(P5:P56) -> 314949437 | Q57: =SUM(Q6:Q56) -> 74686003
R58: =Q34-N34 -> 24724000 | S58: =P34-M34 -> 54564300
A59: Mengetahui
C60: Dibuat Oleh | O60: Disetujui Oleh
C61: KEPALA UNIT | F61: BENDAHARA BUMDes Sejahtera | O61: Ketua BUMDes Sejahtera | R61: =G55/J55 -> 264500
C65: SURIANI YUNUS | H65: IRMA ALISA | O65: WAWAN DARMAWAN

Sheet REKAP
A1: REKAPITULASI KEGIATAN
A2: BUMDesa SEJAHTERA DESA BATUPUTE KECAMATAN SOPPENG RIAJA KABUPATEN BARRU
A3: TAHUN 2026
A5: NO | B5: JENIS USAHA | C5: JANUARI | I5: FEBRUARI | O5: MARET
C6: PENDAPATAN | D6: PENGELUARAN | E6: LABA BERSIH | F6: PEMBAGIAN SHU | I6: PENDAPATAN | J6: PENGELUARAN | K6: LABA BERSIH | L6: PEMBAGIAN SHU | O6: PENDAPATAN | P6: PENGELUARAN | Q6: LABA BERSIH | R6: PEMBAGIAN SHU
F7: PADes 75% | G7: BUMDes 20% | H7: CAD 5% | L7: PADes 75% | M7: BUMDes 20% | N7: CAD 5% | R7: PADes 75% | S7: BUMDes 20% | T7: CAD 5%
A8: 1 | B8: BRILink | C8: =SUM('[49]RUGI LABA '!$C$12) -> 3403256 | D8: =SUM('[49]RUGI LABA '!$F$26) -> 16176633 | E8: =SUM(C16-D8) -> 901042.67 | F8: =E8*75% -> 675782 | G8: =E8*20% -> 180208.53 | H8: =SUM(E8*5%) -> 45052.133 | I8: =SUM([50]REKAP!$I$8) -> 4175520 | J8: =SUM([50]REKAP!$J$8) -> 15481633 | K8: =SUM(I16-J8) -> 850888.67 | L8: =SUM(K8*75%) -> 638166.5 | M8: =SUM(K8*20%) -> 170177.73 | N8: =SUM(K8*5%) -> 42544.433 | O8: =SUM([51]REKAP!$O$8) -> 2957700 | P8: =SUM([51]REKAP!$P$8) -> 16406633 | Q8: =SUM(O16-P8) -> 1426243 | R8: =SUM(Q8*75%) -> 1069682.2 | S8: =SUM(Q8*20%) -> 285248.6 | T8: =SUM(Q8*5%) -> 71312.15 | V8: =SUM(C8+I8+O8) -> 10536476 | W8: 8525975
A9: 2 | B9: PIUTANG SYARI'AH | C9: =SUM('[49]RUGI LABA '!$C$9) -> 8815913 | I9: =SUM([50]REKAP!$I$9) -> 7794055 | O9: =SUM([51]REKAP!$O$9) -> 7005396 | V9: =C9+I9+O9 -> 23615364
A10: 3 | B10: MULTI FINACE | C10: =SUM('[49]RUGI LABA '!$C$13) -> 3631205 | I10: =SUM([50]REKAP!$I$10) -> 3306497 | O10: =SUM([51]REKAP!$O$10) -> 4016780 | V10: =C10+I10+O10 -> 10954482
A11: 4 | B11: BARANG&JASA | O11: =SUM([51]REKAP!$O$11) -> 2675000 | V11: =C11+I11+O11 -> 2675000
A12: 5 | B12: PANGKALAN GAS ELPIJI | C12: =SUM('[49]RUGI LABA '!$C$10) -> 800000 | I12: =SUM([50]REKAP!$I$12) -> 800000 | O12: =SUM([51]REKAP!$O$12) -> 800000 | V12: =C12+I12+O12 -> 2400000 | Z12: =SUM(V8+V22) -> 21909486
A13: 6 | B13: KETAHANAN PANGAN | C13: 0 | Z13: =V9+V23 -> 45448352
A14: 7 | B14: TOKO NELAYAN | C14: =SUM('[49]RUGI LABA '!$C$11) -> 195000 | I14: =SUM([50]REKAP!$I$14) -> 30000
A15: 8 | B15: TOKO ALAT BENGKEL | C15: =SUM('[49]RUGI LABA '!$C$16) -> 232302 | I15: =SUM([50]REKAP!$I$15) -> 226450 | O15: =SUM([51]REKAP!$O$15) -> 378000
B16: JUMLAH | C16: =SUM(C8:C15) -> 17077676 | I16: =SUM(I8:I15) -> 16332522 | O16: =SUM(O8:O15) -> 17832876 | V16: =SUM(V8:V13) -> 50181322 | W16: =D8+J8+P8 -> 48064900 | Z16: =SUM(V10+V24) -> 25927317
L17: =SUM(F8+L8) -> 1313948.5 | M17: =SUM(G8+M8) -> 350386.27 | R17: =SUM(L17+R8) -> 2383630.8 | S17: =SUM(M17+S8) -> 635634.87 | W17: =E8+K8+Q8 -> 3178174.3 | X17: =W17*75% -> 2383630.8 | Z17: =SUM(V11+V25) -> 7914000
W18: =V16-W16 -> 2116422.3 | X18: =W17*20% -> 635634.87 | Y18: =F8+L8+R8 -> 2383630.8 | Z18: =SUM(V12+V26) -> 4800000 | AA18: =W16+W30 -> 1.004478e+08
A19: NO | B19: JENIS USAHA | C19: APRIL | I19: MEI | O19: JUNI | X19: =W17*5% -> 158908.72 | Z19: =SUM(Z12:Z18) -> 105999155 | AA19: =W17+W31 -> 19485463
C20: PENDAPATAN | D20: PENGELUARAN | E20: LABA BERSIH | F20: PEMBAGIAN SHU | I20: PENDAPATAN | J20: PENGELUARAN | K20: LABA BERSIH | L20: PEMBAGIAN SHU | O20: PENDAPATAN | P20: PENGELUARAN | Q20: LABA BERSIH | R20: PEMBAGIAN SHU | AA20: =AA19*75% -> 14614098 | AB20: =AA19*20% -> 3897092.7
F21: PADes 75% | G21: BUMDes 20% | H21: CAD 5% | L21: PADes 75% | M21: BUMDes 20% | N21: CAD 5% | R21: PADes 75% | S21: BUMDes 20% | T21: CAD 5% | AA21: =SUM(AA19*20%) -> 3897092.7 | AB21: =X18+X32 -> 3897092.7
A22: 1 | B22: BRILink | C22: =SUM([52]REKAP!$C$22) -> 4162140 | D22: =SUM('RUGI LABA '!F26) -> 18880217 | E22: =SUM(C30-D22) -> 3820260.3 | F22: =SUM(E22*75%) -> 2865195.2 | G22: =SUM(E22*20%) -> 764052.07 | H22: =SUM(E22*5%) -> 191013.02 | I22: =SUM([53]REKAP!$I$22) -> 4614400 | J22: =SUM([53]REKAP!$J$22) -> 17361633 | K22: =SUM(I30-J22) -> 10712249 | L22: =K22*75% -> 8034186.5 | M22: =K22*20% -> 2142449.7 | N22: =SUM(K22*5%) -> 535612.43 | O22: =SUM([54]REKAP!$O$22) -> 2596470 | P22: =SUM([54]REKAP!$P$22) -> 16141050 | Q22: =O30-P22 -> 1774780 | R22: =Q22*75% -> 1331085 | S22: =Q22*20% -> 354956 | T22: =Q22*5% -> 88739 | V22: =SUM(C22+I22+O22) -> 11373010 | AA22: =SUM(AA19*5%) -> 974273.17
A23: 2 | B23: PIUTANG SYARI'AH | C23: =SUM([52]REKAP!$C$23) -> 7404097 | I23: =SUM([53]REKAP!$I$23) -> 6592431 | O23: =SUM([54]REKAP!$O$23) -> 7836460 | V23: =C23+I23+O23 -> 21832988
A24: 3 | B24: MULTI FINACE | C24: =SUM([52]REKAP!$C$24) -> 7447000 | I24: =SUM([53]REKAP!$I$24) -> 3984169 | O24: =SUM([54]REKAP!$O$24) -> 3541666 | V24: =C24+I24+O24 -> 14972835
A25: 4 | B25: BARANG&JASA | C25: =SUM([52]REKAP!$C$25) -> 2500000 | O25: =SUM([54]REKAP!$O$25) -> 2739000 | V25: =C25+I25+O25 -> 5239000
A26: 5 | B26: PANGKALAN GAS ELPIJI | C26: =SUM([52]REKAP!$C$26) -> 800000 | I26: 800000 | O26: =SUM([54]REKAP!$O$26) -> 800000 | V26: =C26+I26+O26 -> 2400000
A27: 6 | B27: KETAHANAN PANGAN | I27: =SUM([53]REKAP!$I$27) -> 11702600
A28: 7 | B28: TOKO NELAYAN
A29: 8 | B29: TOKO ALAT BENGKEL | C29: =SUM([52]REKAP!$C$29) -> 387240 | I29: =SUM([53]REKAP!$I$29) -> 380282 | O29: =SUM([54]REKAP!$O$29) -> 402234 | AB29: piutang | AC29: =Z13+AA46 -> 59950721
B30: JUMLAH | C30: =SUM(C22:C29) -> 22700477 | I30: =SUM(I22:I29) -> 28073882 | O30: =SUM(O22:O29) -> 17915830 | V30: =C30+I30+O30 -> 68690189 | W30: =D22+J22+P22 -> 52382900 | AB30: multi | AC30: =#REF!+AA47 -> #REF!
F31: =SUM(F22+R17) -> 5248826 | G31: =SUM(G22+S17) -> 1399686.9 | L31: =SUM(L22+F31) -> 13283012 | M31: =SUM(M22+G31) -> 3542136.7 | R31: =SUM(R22+L31) -> 14614098 | S31: =SUM(S22+M31) -> 3897092.7 | W31: =V30-W30 -> 16307289 | X31: =W31*75% -> 12230467 | AB31: barang dan jasa | AC31: =Z16+AA48 -> 38409717
W32: =Q22+K22+E22 -> 16307289 | X32: =W32*20% -> 3261457.8 | AB32: gas | AC32: =Z17+AA49 -> 9514000
A33: NO | B33: JENIS USAHA | C33: JULI | I33: AGUSTUS | O33: SEPTEMBER | X33: =SUM(W31*5%) -> 815364.45 | AB33: bor | AC33: =AA50 -> 0
C34: PENDAPATAN | D34: PENGELUARAN | E34: LABA BERSIH | F34: PEMBAGIAN SHU | I34: PENDAPATAN | J34: PENGELUARAN | K34: LABA BERSIH | L34: PEMBAGIAN SHU | O34: PENDAPATAN | P34: PENGELUARAN | Q34: LABA BERSIH | R34: PEMBAGIAN SHU | AC34: =SUM(AC29:AC33) -> #REF!
F35: PADes 75% | G35: BUMDes 20% | H35: CAD 5% | L35: PADes 75% | M35: BUMDes 20% | N35: CAD 5% | R35: PADes 75% | S35: BUMDes 20% | T35: CAD 5% | W35: pengeluaran | X35: pades | Y35: bumdes | AC35: =Z18+AA51 -> 51525384
A36: 1 | B36: BRILink | C36: =SUM([57]REKAP!$C$36) -> 3467450 | D36: =SUM([57]REKAP!$D$36) -> 16990217 | E36: =SUM(C44-D36) -> 536283.33 | F36: =SUM(E36*75%) -> 402212.5 | G36: =SUM(E36*20%) -> 107256.67 | H36: =SUM(E36*5%) -> 26814.167 | I36: =SUM('RUGI LABA '!C12) -> 3144870 | J36: =SUM('RUGI LABA '!F26) -> 18880217 | K36: =SUM(I44-J36) -> 886574.33 | L36: =SUM(K36*75%) -> 664930.75 | M36: =SUM(K36*20%) -> 177314.87 | N36: =SUM(K36*5%) -> 44328.717 | V36: =C36+I36+O36 -> 6612320 | W36: =D36+J36+P36 -> 35870433 | X36: =F36+L36+R36 -> 1067143.2 | Y36: =G36+M36+S36 -> 284571.53
A37: 2 | B37: PIUTANG SYARI'AH | C37: =SUM([57]REKAP!$C$37) -> 7310479 | I37: =SUM('RUGI LABA '!C9) -> 7191890 | V37: =C37+I37+O37 -> 14502369
A38: 3 | B38: MULTI FINACE | C38: =SUM([57]REKAP!$C$38) -> 3540668 | I38: =SUM('RUGI LABA '!C13) -> 7987627 | V38: =C38+I38+O38 -> 11528295
A39: 4 | B39: BARANG&JASA | C39: =SUM([57]REKAP!$C$39) -> 1910000 | I39: =SUM('RUGI LABA '!C14) -> 280000 | V39: =C39+I39+O39 -> 2190000
A40: 5 | B40: PANGKALAN GAS ELPIJI | C40: =SUM([57]REKAP!$C$40) -> 800000 | I40: =SUM('RUGI LABA '!C10) -> 800000 | V40: =C40+I40+O40 -> 1600000
A41: 6 | B41: KETAPANG | V41: =SUM(V36:V40) -> 36432984
A42: 7 | B42: TOKO NELAYAN
A43: 8 | B43: TOKO ALAT BENGKEL | C43: =SUM([57]REKAP!$C$43) -> 497903 | I43: =SUM('RUGI LABA '!C16) -> 362404
B44: JUMLAH | C44: =SUM(C36:C43) -> 17526500 | I44: =SUM(I36:I43) -> 19766791 | O44: =SUM(O36:O42) -> 0 | V44: =C44+I44+O44 -> 37293291 | AA44: =V36+V50 -> 6612320 | AB44: =W36+W50 -> 35870433 | AC44: =X36+X50 -> 1067143.2 | AD44: =Y36+Y50 -> 284571.53
F45: =SUM(F36+R31) -> 15016310 | G45: =SUM(G36+S31) -> 4004349.3 | L45: =SUM(L36+F45) -> 15681241 | M45: =SUM(M36+G45) -> 4181664.2 | R45: =SUM(R36+L45) -> 15681241 | S45: =SUM(S36+M45) -> 4181664.2
AA46: =V37+V51 -> 14502369
A47: NO | B47: JENIS USAHA | C47: OKTOBER | I47: NOVEMBER | O47: DESEMBER | AA47: =V38+V52 -> 11528295
C48: PENDAPATAN | D48: PENGELUARAN | E48: LABA BERSIH | F48: PEMBAGIAN SHU | I48: PENDAPATAN | J48: PENGELUARAN | K48: LABA BERSIH | L48: PEMBAGIAN SHU | O48: PENDAPATAN | P48: PENGELUARAN | Q48: LABA BERSIH | R48: PEMBAGIAN SHU | AA48: =V39+V53 -> 12482400
F49: PADes 75% | G49: BUMDes 20% | H49: CAD 5% | L49: PADes 75% | M49: BUMDes 20% | N49: CAD 5% | R49: PADes | S49: BUMDes | W49: pengeluaran | X49: Pades | Y49: bumdes | AA49: =V40+V54 -> 1600000
A50: 1 | B50: BRILink | V50: =C50+I50 -> 0 | W50: =D50+J50 -> 0 | X50: =F50+L50 -> 0 | Y50: =G50+M50 -> 0 | AA50: =V55 -> 0
A51: 2 | B51: PIUTANG SYARI'AH | V51: =C51+I51 -> 0 | AA51: =SUM(AA44:AA50) -> 46725384
A52: 3 | B52: MULTI FINACE | V52: =C52+I52 -> 0 | AA52: =V44+#REF! -> #REF!
A53: 4 | B53: BARANG&JASA | V53: 10292400
A54: 5 | B54: PANGKALAN GAS ELPIJI | V54: =C54+I54 -> 0
A55: 6 | B55: KETAPANG | V55: =C56+I56 -> 0
A56: 7 | B56: TOKO NELAYAN
A57: 8 | B57: TOKO BENGKEL
B58: JUMLAH | C58: =SUM(C50:C56) -> 0 | I58: =SUM(I50:I56) -> 0 | O58: =SUM(O50:O56) -> 0
F59: =SUM(F50+R45) -> 15681241 | G59: =SUM(G50+S45) -> 4181664.2 | L59: =SUM(L50+F59) -> 15681241 | M59: =SUM(M50+G59) -> 4181664.2 | R59: =SUM(R50+L59) -> 15681241 | S59: =SUM(S50+M59) -> 4181664.2
A65: NO | B65: JENIS USAHA | C65: JUMLAH
C66: PENDAPATAN | D66: PENGELUARAN | E66: LABA BERSIH | F66: PEMBAGIAN SHU | J66: 11000000 | K66: 8000000
F67: PADes 75% | G67: BUMDes 20% | H67: CADANGAN 5% | J67: 0.8 | K67: 0.2
A68: 1 | B68: BRILink | C68: =C8+I8+O8+C22+I22+O22+C36+I36+O36+C50+I50+O50 -> 28521806 | D68: =SUM('RL JAN-DES'!E28) -> 1.3715965e+08 | E68: =SUM(C76-D68) -> 20066904 | F68: =E68*75% -> 15050178 | G68: =E68*20% -> 4013380.9 | H68: =E68*5% -> 1003345.2 | J68: =SUM(J66*J67) -> 8800000 | K68: =SUM(K66*K67) -> 1600000
A69: 2 | B69: PIUTANG SYARI'AH | C69: =C9+I9+O9+C23+I23+O23+C37+I37+O37+C51+I51+O51 -> 59950721 | J69: =SUM(F68+J68) -> 23850178
A70: 3 | B70: MULTI FINACE | C70: =C10+I10+O10+C24+I24+O24+C38+I38+O38+C52+I52+O52 -> 37455612
A71: 4 | B71: BARANG&JASA | C71: =C11+I11+O11+C25+I25+O25+C39+I39+O39+C53+I53+O53 -> 10104000
A72: 5 | B72: PANGKALAN GAS ELPIJI | C72: =C12+I12+O12+C26+I26+O26+C40+I40+O40+C54+I54+O54 -> 6400000
A73: 6 | B73: Ketahanan Pangan | C73: =C41+I41+O41+C55+I55+O55+O27+I27 -> 11702600
A74: 7 | B74: TOKO NELAYAN | C74: =SUM(C14+I14+O14) -> 225000
A75: 8 | B75: TOKO BENGKEL | C75: =SUM(C15+I15+O15+C29+I29+O29+C43+I43) -> 2866815
B76: JUMLAH | C76: =SUM(C68:C75) -> 157226554
E78: =C76-D76 -> 157226554
B79: 35000000 | C79: Mesin bor
B80: =[44]Sheet1!$C$22 -> 0 | C80: Kunci
B81: =SUM(B79:B80) -> 35000000

Sheet BRILink
B1: BUKU BANTU BRILink
B2: BUMDes SEJAHTERA DESA BATUPUTE KEC-SOPPENG RIAJA
B3: KABUPATEN BARRU TAHUN 2026
B4: Bulan AGUSTUS 2026
B5: No | C5: Transaksi | D5: Tgl Transaksi | E5: Jumlah
B7: Saldo Awal Sebelum Tutup Buku
B8: Saldo S/d Bulan lalu ( Thn Berjalan )
B9: 1 | C9: Penarikan | D9: 31/8/2026 | E9: 2945000
B10: 2 | C10: Transfer | D10: =D9 -> 31/8/2026 | E10: 1083000
B11: 3 | C11: ATM Sendiri | D11: =D10 -> 31/8/2026 | E11: 20000
B12: 5 | C12: Materai | D12: =D11 -> 31/8/2026
B13: 6 | C13: Fee bank | D13: =D12 -> 31/8/2026 | E13: 713870
B14: Total Transaksi Bulan ini | E14: =SUM(E9:E13) -> 4761870
B15: Gaji Karyawan brilink | E15: 1617000
B16: Total Transaksi Bulan ini | E16: =SUM(E14-E15) -> 3144870
B18: PENGURUS BUMDes SEJAHTERA
B19: DESA BATUPUTE KEC.SOPPENG RIAJA KAB.BARRU
B22: DIREKTUR | E22: BENDAHARA
B27: WAWAN DARMAWAN | E27: IRMA ALISA, ST

Sheet BIAYA OPERASIONAL
A2: BADAN USAHA MILIK DESA BUMDesa SEJAHTERA
A3: BIAYA OPERASIONAL BULAN AGUSTUS 2026
A4: Desa | C4: : Batupute Kec.Soppeng Riaja
A5: Kabupaten | C5: : Barru
A6: Provinsi | C6: : Sulsel
A7: No | B7: Uraian | C7: JMLH BRG | D7: SATUAN | E7: HARGA SATUAN | F7: JUMLAH HARGA
A8: 1 | B8: Oli untuk mesin pompa air | C8: 1 | D8: kali | E8: 480000 | F8: =SUM(E8*C8) -> 480000
A9: 2 | B9: gommo untuk mesin pompa | C9: 1 | D9: kali | E9: 200000 | F9: =SUM(E9*C9) -> 200000
A10: 3 | B10: Transport pak desa ke makassar (briliank) | C10: 1 | D10: kali | E10: 700000 | F10: =SUM(E10*C10) -> 700000
A11: 4 | B11: Transport kemkassr untuk toko bengkel | C11: 1 | D11: kali | E11: 1300000 | F11: =SUM(E11*C11) -> 1300000
A12: 5 | B12: Revarasi mesin pompa | C12: 1 | D12: kali | E12: 530000 | F12: =SUM(E12*C12) -> 530000
A13: 6 | B13: Biaya angkut mesin | C13: 1 | D13: kali | E13: 300000 | F13: =SUM(E13*C13) -> 300000
A14: 7 | B14: Sponsor 17 agustusan dusun awerange | C14: 1 | D14: kali | E14: 400000 | F14: =SUM(E14*C14) -> 400000
A15: 8 | B15: BIaya cetak rekening koran | C15: 1 | D15: kali | E15: 40000 | F15: =SUM(E15*C15) -> 40000
A16: 9 | B16: ATK | C16: 1 | D16: kali | E16: 41000 | F16: =SUM(E16*C16) -> 41000
A17: 10 | B17: Admin bank | C17: 1 | D17: kali | E17: 4000 | F17: =SUM(E17*C17) -> 4000
A18: 11 | B18: atk | C18: 1 | D18: kali | E18: 65000 | F18: =SUM(E18*C18) -> 65000
A19: 12 | B19: Rapat internal | C19: 1 | D19: kali | E19: 60000 | F19: =SUM(E19*C19) -> 60000
B20: JUMLAH | F20: =SUM(F8:F19) -> 4120000
A21: PENGURUS BUMDes SEJAHTERA
A22: DESA BATUPUTE KEC.SOPPENG RIAJA
D24: Dibuat Oleh
B25: DIREKTUR | D25: BENDAHARA BUMDes Sejahtera
B29: WAWAN DARMAWAN | D29: IRMA ALISA, S.T

Sheet Gaji Pengawas
B2: DAFTAR INSENTIF PENGAWAS DAN PENASEHAT BUMDesa SEJAHTERA
B3: DESA BATUPUTE KECAMATAN SOPPENG RIAJA
B4: KABUPATEN BARRU
B5: BULAN : AGUSTUS 2026
B6: NO | C6: Nama | D6: JABATAN | E6: JUMLAH | F6: Tanda Tangan
B8: 1 | C8: JAHARUDDIN | D8: Penasehat | E8: 1600000 | F8: 1.
B9: 2 | C9: NURDALIAH | D9: Ketua Pengawas | E9: 660000 | F9: 2.
B10: 3 | C10: SUKARDI, S.E | D10: Anggota Pengawas | E10: 440000 | F10: 3
B11: JUMLAH | E11: =SUM(E8:E10) -> 2700000
B13: MENGETAHUI
B14: PENGURUS BUMDes SEJAHTERA
B20: WAWAN DARMAWAN | E20: IRMA ALISA
B21: Direktur | E21: Bendahara BUMDes Sejahtera

Sheet Gaji Pegawai
B2: DAFTAR INSENTIF PENGURUS BUMDesa SEJAHTERA
B3: DESA BATUPUTE KECAMATAN SOPPENG RIAJA
B4: KABUPATEN BARRU
B5: Bulan : AGUSTUS 2026
B6: No | C6: Nama | D6: JABATAN | E6: JUMLAH | F6: Tanda Tangan
B8: 1 | C8: WAWAN DARMAWAN | D8: DIREKTUR | E8: 1600000 | F8: 1
B9: 2 | C9: AMELIAH | D9: SEKRETARIS | E9: 1550000 | F9: 2.
B10: 3 | C10: IRMA ALISA, ST | D10: BENDAHARA | E10: 1600000 | F10: 3.
B11: 4 | C11: SURIANI YUNUS | D11: K.UNIT | E11: 1550000 | F11: 4.
B12: 5 | C12: FATMAWATI | D12: K.UNIT | E12: 1550000 | F12: 5
B13: JUMLAH | E13: =SUM(E8:E12) -> 7850000
B15: MENGETAHUI
B16: PENGURUS BUMDes SEJAHTERA
B22: WAWAN DARMAWAN | E22: IRMA ALISA
B23: Direktur | E23: Bendahara BUMDes Sejahtera

Sheet TOKO BENGKEL
A1: LAPORAN KEUANGAN KEPALA UNIT USAHA ALAT TOKO BENGKEL BUMDes SEJAHTERA
A2: DESA BATUPUTE KEC.SOPPENG RIAJA KAB.BARRU BULAN AGUSTUS 2026
A4: NO | B4: TGL | C4: NAMA BARANG | D4: STOK BARANG | J4: TRANSAKSI | M4: KEUNTUNGAN | N4: BUMDES 70% | O4: KANIT 30%
D5: LAMA | E5: LAKU | F5: SISA STOK | G5: SAT | H5: HARGA BELI | J5: PENJUALAN
H6: SAT | I6: JML | J6: JML SAT | K6: HARGA SAT | L6: JML HARGA
A7: 1 | B7: 46002 | C7: MAXXIS DIAMOND 90/90-14 | D7: 3 | F7: =SUM(D7-E7) -> 3 | H7: 256880 | I7: =SUM(E7*H7) -> 0 | K7: 295000 | L7: =SUM(J7*K7) -> 0 | M7: =SUM(L7-I7) -> 0 | N7: =SUM(M7*70%) -> 0 | O7: =SUM(M7*30%) -> 0
A8: 2 | B8: 46002 | C8: MAXXIS VICTRA 110/70-13 | D8: 3 | F8: =SUM(D8-E8) -> 3 | H8: 312360 | I8: =SUM(E8*H8) -> 0 | K8: 347000 | L8: =SUM(J8*K8) -> 0 | M8: =SUM(L8-I8) -> 0 | N8: =SUM(M8*70%) -> 0 | O8: =SUM(M8*30%) -> 0
A9: 3 | B9: 46002 | C9: MAXXIS VICTRA 120/70-13 | D9: 3 | F9: =SUM(D9-E9) -> 3 | H9: 336680 | I9: =SUM(E9*H9) -> 0 | K9: 370000 | L9: =SUM(J9*K9) -> 0 | M9: =SUM(L9-I9) -> 0 | N9: =SUM(M9*70%) -> 0 | O9: =SUM(M9*30%) -> 0
A10: 4 | B10: 46002 | C10: MAXXIS VICTRA 150/70-13 | D10: 2 | F10: =SUM(D10-E10) -> 2 | H10: 409040 | I10: =SUM(E10*H10) -> 0 | K10: 450000 | L10: =SUM(J10*K10) -> 0 | M10: =SUM(L10-I10) -> 0 | N10: =SUM(M10*70%) -> 0 | O10: =SUM(M10*30%) -> 0
A11: 5 | B11: 46002 | C11: FRD EVO 80/80-14 | D11: 4 | E11: 2 | F11: =SUM(D11-E11) -> 2 | H11: 181040 | I11: =SUM(E11*H11) -> 362080 | J11: 2 | K11: 215000 | L11: =SUM(J11*K11) -> 430000 | M11: =SUM(L11-I11) -> 67920 | N11: =SUM(M11*70%) -> 47544 | O11: =SUM(M11*30%) -> 20376
A12: 6 | B12: 46002 | C12: FRD EVO 90/80-14 | D12: 2 | F12: =SUM(D12-E12) -> 2 | H12: 216080 | I12: =SUM(E12*H12) -> 0 | K12: 260000 | L12: =SUM(J12*K12) -> 0 | M12: =SUM(L12-I12) -> 0 | N12: =SUM(M12*70%) -> 0 | O12: =SUM(M12*30%) -> 0
A13: 7 | B13: 46002 | C13: FRD EVO 80/90-14 | D13: 3 | F13: =SUM(D13-E13) -> 3 | H13: 188340 | I13: =SUM(E13*H13) -> 0 | K13: 230000 | L13: =SUM(J13*K13) -> 0 | M13: =SUM(L13-I13) -> 0 | N13: =SUM(M13*70%) -> 0 | O13: =SUM(M13*30%) -> 0
A14: 8 | B14: 46002 | C14: FRD EVO 90/90-14 | D14: 4 | F14: =SUM(D14-E14) -> 4 | H14: 218270 | I14: =SUM(E14*H14) -> 0 | K14: 245000 | L14: =SUM(J14*K14) -> 0 | M14: =SUM(L14-I14) -> 0 | N14: =SUM(M14*70%) -> 0 | O14: =SUM(M14*30%) -> 0
A15: 9 | B15: 46002 | C15: FRD EVO 100/80-14 | D15: 5 | F15: =SUM(D15-E15) -> 5 | H15: 248200 | I15: =SUM(E15*H15) -> 0 | K15: 275000 | L15: =SUM(J15*K15) -> 0 | M15: =SUM(L15-I15) -> 0 | N15: =SUM(M15*70%) -> 0 | O15: =SUM(M15*30%) -> 0
A16: 10 | B16: 46002 | C16: VAN BELT K44 | D16: 9 | F16: =SUM(D16-E16) -> 9 | H16: 57500 | I16: =SUM(E16*H16) -> 0 | K16: 77000 | L16: =SUM(J16*K16) -> 0 | M16: =SUM(L16-I16) -> 0 | N16: =SUM(M16*70%) -> 0 | O16: =SUM(M16*30%) -> 0
A17: 11 | B17: 46002 | C17: VAN BELT KVY | D17: 10 | F17: =SUM(D17-E17) -> 10 | H17: 57500 | I17: =SUM(E17*H17) -> 0 | K17: 77000 | L17: =SUM(J17*K17) -> 0 | M17: =SUM(L17-I17) -> 0 | N17: =SUM(M17*70%) -> 0 | O17: =SUM(M17*30%) -> 0
A18: 12 | B18: 46002 | C18: VAN BELT K16 | D18: 10 | F18: =SUM(D18-E18) -> 10 | H18: 120000 | I18: =SUM(E18*H18) -> 0 | K18: 145000 | L18: =SUM(J18*K18) -> 0 | M18: =SUM(L18-I18) -> 0 | N18: =SUM(M18*70%) -> 0 | O18: =SUM(M18*30%) -> 0
A19: 13 | B19: 46002 | C19: VAN BELT KZL | D19: 10 | E19: 1 | F19: =SUM(D19-E19) -> 9 | H19: 62000 | I19: =SUM(E19*H19) -> 62000 | J19: 1 | K19: 80000 | L19: =SUM(J19*K19) -> 80000 | M19: =SUM(L19-I19) -> 18000 | N19: =SUM(M19*70%) -> 12600 | O19: =SUM(M19*30%) -> 5400
A20: 14 | B20: 46002 | C20: VAN BELT K25 | D20: 9 | F20: =SUM(D20-E20) -> 9 | H20: 99000 | I20: =SUM(E20*H20) -> 0 | K20: 120000 | L20: =SUM(J20*K20) -> 0 | M20: =SUM(L20-I20) -> 0 | N20: =SUM(M20*70%) -> 0 | O20: =SUM(M20*30%) -> 0
A21: 15 | B21: 46002 | C21: VAN BELT K9F | D21: 10 | F21: =SUM(D21-E21) -> 10 | H21: 96000 | I21: =SUM(E21*H21) -> 0 | K21: 120000 | L21: =SUM(J21*K21) -> 0 | M21: =SUM(L21-I21) -> 0 | N21: =SUM(M21*70%) -> 0 | O21: =SUM(M21*30%) -> 0
A22: 16 | B22: 46002 | C22: VAN BELT K86 | D22: 10 | F22: =SUM(D22-E22) -> 10 | H22: 77500 | I22: =SUM(E22*H22) -> 0 | K22: 100000 | L22: =SUM(J22*K22) -> 0 | M22: =SUM(L22-I22) -> 0 | N22: =SUM(M22*70%) -> 0 | O22: =SUM(M22*30%) -> 0
A23: 17 | B23: 46002 | C23: VAN BELT KOJ | D23: 9 | F23: =SUM(D23-E23) -> 9 | H23: 79000 | I23: =SUM(E23*H23) -> 0 | K23: 115000 | L23: =SUM(J23*K23) -> 0 | M23: =SUM(L23-I23) -> 0 | N23: =SUM(M23*70%) -> 0 | O23: =SUM(M23*30%) -> 0
A24: 18 | B24: 46002 | C24: KAMPAS CAKRAM DEPAN MS | D24: 16 | F24: =SUM(D24-E24) -> 16 | H24: 10000 | I24: =SUM(E24*H24) -> 0 | K24: 15000 | L24: =SUM(J24*K24) -> 0 | M24: =SUM(L24-I24) -> 0 | N24: =SUM(M24*70%) -> 0 | O24: =SUM(M24*30%) -> 0
A25: 19 | B25: 46002 | C25: KAMPAS CAKRAM DEPAN MIO | D25: 19 | F25: =SUM(D25-E25) -> 19 | H25: 10000 | I25: =SUM(E25*H25) -> 0 | K25: 15000 | L25: =SUM(J25*K25) -> 0 | M25: =SUM(L25-I25) -> 0 | N25: =SUM(M25*70%) -> 0 | O25: =SUM(M25*30%) -> 0
A26: 20 | B26: 46002 | C26: KAMPAS CAKRAM DEPAN BEAT | D26: 19 | F26: =SUM(D26-E26) -> 19 | H26: 10000 | I26: =SUM(E26*H26) -> 0 | K26: 15000 | L26: =SUM(J26*K26) -> 0 | M26: =SUM(L26-I26) -> 0 | N26: =SUM(M26*70%) -> 0 | O26: =SUM(M26*30%) -> 0
A27: 21 | B27: 46002 | C27: KAMPAS CAKRAM DEPAN VARIO | D27: 20 | E27: 1 | F27: =SUM(D27-E27) -> 19 | H27: 10000 | I27: =SUM(E27*H27) -> 10000 | J27: 1 | K27: 15000 | L27: =SUM(J27*K27) -> 15000 | M27: =SUM(L27-I27) -> 5000 | N27: =SUM(M27*70%) -> 3500 | O27: =SUM(M27*30%) -> 1500
A28: 22 | B28: 46002 | C28: KAMPAS CAKRAM DEPAN SATRIA/SUPRA | D28: 19 | F28: =SUM(D28-E28) -> 19 | H28: 10000 | I28: =SUM(E28*H28) -> 0 | K28: 15000 | L28: =SUM(J28*K28) -> 0 | M28: =SUM(L28-I28) -> 0 | N28: =SUM(M28*70%) -> 0 | O28: =SUM(M28*30%) -> 0
A29: 23 | B29: 46002 | C29: KAMPAS CAKRAM BELAKANG SATRIA | D29: 17 | F29: =SUM(D29-E29) -> 17 | H29: 25000 | I29: =SUM(E29*H29) -> 0 | K29: 37000 | L29: =SUM(J29*K29) -> 0 | M29: =SUM(L29-I29) -> 0 | N29: =SUM(M29*70%) -> 0 | O29: =SUM(M29*30%) -> 0
A30: 24 | B30: 46002 | C30: KAMPAS BELAKANG MIO | D30: 18 | F30: =SUM(D30-E30) -> 18 | H30: 10000 | I30: =SUM(E30*H30) -> 0 | K30: 15000 | L30: =SUM(J30*K30) -> 0 | M30: =SUM(L30-I30) -> 0 | N30: =SUM(M30*70%) -> 0 | O30: =SUM(M30*30%) -> 0
A31: 25 | B31: 46002 | C31: KAMPAS BELAKANG JUPITER/FIZ R | D31: 11 | F31: =SUM(D31-E31) -> 11 | H31: 25000 | I31: =SUM(E31*H31) -> 0 | K31: 40000 | L31: =SUM(J31*K31) -> 0 | M31: =SUM(L31-I31) -> 0 | N31: =SUM(M31*70%) -> 0 | O31: =SUM(M31*30%) -> 0
A32: 26 | B32: 46002 | C32: KAMPAS BELAKANG BEAT | D32: 19 | F32: =SUM(D32-E32) -> 19 | H32: 10000 | I32: =SUM(E32*H32) -> 0 | K32: 15000 | L32: =SUM(J32*K32) -> 0 | M32: =SUM(L32-I32) -> 0 | N32: =SUM(M32*70%) -> 0 | O32: =SUM(M32*30%) -> 0
A33: 27 | B33: 46002 | C33: KARET MASTER MIO | D33: 5 | F33: =SUM(D33-E33) -> 5 | H33: 12000 | I33: =SUM(E33*H33) -> 0 | K33: 17000 | L33: =SUM(J33*K33) -> 0 | M33: =SUM(L33-I33) -> 0 | N33: =SUM(M33*70%) -> 0 | O33: =SUM(M33*30%) -> 0
A34: 28 | B34: 46002 | C34: KARET MASTER BEAT | D34: 6 | F34: =SUM(D34-E34) -> 6 | H34: 12000 | I34: =SUM(E34*H34) -> 0 | K34: 17000 | L34: =SUM(J34*K34) -> 0 | M34: =SUM(L34-I34) -> 0 | N34: =SUM(M34*70%) -> 0 | O34: =SUM(M34*30%) -> 0
A35: 29 | B35: 46002 | C35: KARET MASTER SUPRA | D35: 6 | F35: =SUM(D35-E35) -> 6 | H35: 12000 | I35: =SUM(E35*H35) -> 0 | K35: 17000 | L35: =SUM(J35*K35) -> 0 | M35: =SUM(L35-I35) -> 0 | N35: =SUM(M35*70%) -> 0 | O35: =SUM(M35*30%) -> 0
A36: 30 | B36: 46002 | C36: LAHAR 6201 | D36: 43 | E36: 1 | F36: =SUM(D36-E36) -> 42 | H36: 30000 | I36: =SUM(E36*H36) -> 30000 | J36: 1 | K36: 35000 | L36: =SUM(J36*K36) -> 35000 | M36: =SUM(L36-I36) -> 5000 | N36: =SUM(M36*70%) -> 3500 | O36: =SUM(M36*30%) -> 1500
A37: 31 | B37: 46002 | C37: LAHAR 6301 | D37: 46 | F37: =SUM(D37-E37) -> 46 | H37: 30000 | I37: =SUM(E37*H37) -> 0 | K37: 35000 | L37: =SUM(J37*K37) -> 0 | M37: =SUM(L37-I37) -> 0 | N37: =SUM(M37*70%) -> 0 | O37: =SUM(M37*30%) -> 0
A38: 32 | B38: 46002 | C38: LAHAR 6300 | D38: 22 | E38: 4 | F38: =SUM(D38-E38) -> 18 | H38: 30000 | I38: =SUM(E38*H38) -> 120000 | J38: 4 | K38: 35000 | L38: =SUM(J38*K38) -> 140000 | M38: =SUM(L38-I38) -> 20000 | N38: =SUM(M38*70%) -> 14000 | O38: =SUM(M38*30%) -> 6000
A39: 33 | B39: 46002 | C39: LAHAR 6203 | D39: 47 | F39: =SUM(D39-E39) -> 47 | H39: 35000 | I39: =SUM(E39*H39) -> 0 | K39: 40000 | L39: =SUM(J39*K39) -> 0 | M39: =SUM(L39-I39) -> 0 | N39: =SUM(M39*70%) -> 0 | O39: =SUM(M39*30%) -> 0
A40: 34 | B40: 46002 | C40: LAHAR 6004 | D40: 46 | F40: =SUM(D40-E40) -> 46 | H40: 41000 | I40: =SUM(E40*H40) -> 0 | K40: 46000 | L40: =SUM(J40*K40) -> 0 | M40: =SUM(L40-I40) -> 0 | N40: =SUM(M40*70%) -> 0 | O40: =SUM(M40*30%) -> 0
A41: 35 | B41: 46002 | C41: BALON DEPAN | D41: 29 | F41: =SUM(D41-E41) -> 29 | H41: 2500 | I41: =SUM(E41*H41) -> 0 | K41: 8000 | L41: =SUM(J41*K41) -> 0 | M41: =SUM(L41-I41) -> 0 | N41: =SUM(M41*70%) -> 0 | O41: =SUM(M41*30%) -> 0
A42: 36 | B42: 46002 | C42: BALON STOP | D42: 30 | F42: =SUM(D42-E42) -> 30 | H42: 2000 | I42: =SUM(E42*H42) -> 0 | K42: 8000 | L42: =SUM(J42*K42) -> 0 | M42: =SUM(L42-I42) -> 0 | N42: =SUM(M42*70%) -> 0 | O42: =SUM(M42*30%) -> 0
A43: 37 | B43: 46002 | C43: YAMALUBE SUPER MATIC | D43: 32 | F43: =SUM(D43-E43) -> 32 | H43: 62500 | I43: =SUM(E43*H43) -> 0 | K43: 70000 | L43: =SUM(J43*K43) -> 0 | M43: =SUM(L43-I43) -> 0 | N43: =SUM(M43*70%) -> 0 | O43: =SUM(M43*30%) -> 0
A44: 38 | B44: 46002 | C44: YAMALUBE SPORT | D44: 38 | E44: 1 | F44: =SUM(D44-E44) -> 37 | H44: 52500 | I44: =SUM(E44*H44) -> 52500 | J44: 1 | K44: 60000 | L44: =SUM(J44*K44) -> 60000 | M44: =SUM(L44-I44) -> 7500 | N44: =SUM(M44*70%) -> 5250 | O44: =SUM(M44*30%) -> 2250
A45: 39 | B45: 46002 | C45: YAMALUBE MATIC | D45: 9 | E45: 1 | F45: =SUM(D45-E45) -> 8 | H45: 55000 | I45: =SUM(E45*H45) -> 55000 | J45: 1 | K45: 60000 | L45: =SUM(J45*K45) -> 60000 | M45: =SUM(L45-I45) -> 5000 | N45: =SUM(M45*70%) -> 3500 | O45: =SUM(M45*30%) -> 1500
A46: 40 | B46: 46002 | C46: YAMALUBE SILVER | D46: 32 | F46: =SUM(D46-E46) -> 32 | H46: 42000 | I46: =SUM(E46*H46) -> 0 | K46: 55000 | L46: =SUM(J46*K46) -> 0 | M46: =SUM(L46-I46) -> 0 | N46: =SUM(M46*70%) -> 0 | O46: =SUM(M46*30%) -> 0
A47: 41 | B47: 46002 | C47: SHELL MATIC 0,8 | D47: 12 | F47: =SUM(D47-E47) -> 12 | H47: 52000 | I47: =SUM(E47*H47) -> 0 | K47: 59000 | L47: =SUM(J47*K47) -> 0 | M47: =SUM(L47-I47) -> 0 | N47: =SUM(M47*70%) -> 0 | O47: =SUM(M47*30%) -> 0
A48: 42 | B48: 46002 | C48: SHELL MATIC 1 LTR | D48: 1 | F48: =SUM(D48-E48) -> 1 | H48: 62000 | I48: =SUM(E48*H48) -> 0 | K48: 80000 | L48: =SUM(J48*K48) -> 0 | M48: =SUM(L48-I48) -> 0 | N48: =SUM(M48*70%) -> 0 | O48: =SUM(M48*30%) -> 0
A49: 43 | B49: 46002 | C49: TOP MATIC 0,8 | D49: 11 | F49: =SUM(D49-E49) -> 11 | H49: 51000 | I49: =SUM(E49*H49) -> 0 | K49: 50000 | L49: =SUM(J49*K49) -> 0 | M49: =SUM(L49-I49) -> 0 | N49: =SUM(M49*70%) -> 0 | O49: =SUM(M49*30%) -> 0
A50: 44 | B50: 46002 | C50: TOP MATIC 1 LTR | D50: 14 | E50: 2 | F50: =SUM(D50-E50) -> 12 | H50: 45000 | I50: =SUM(E50*H50) -> 90000 | J50: 2 | K50: 70000 | L50: =SUM(J50*K50) -> 140000 | M50: =SUM(L50-I50) -> 50000 | N50: =SUM(M50*70%) -> 35000 | O50: =SUM(M50*30%) -> 15000
A51: 45 | B51: 46002 | C51: MOTUL MATIC 0,8 | D51: 5 | E51: 1 | F51: =SUM(D51-E51) -> 4 | H51: 55000 | I51: =SUM(E51*H51) -> 55000 | J51: 1 | K51: 70000 | L51: =SUM(J51*K51) -> 70000 | M51: =SUM(L51-I51) -> 15000 | N51: =SUM(M51*70%) -> 10500 | O51: =SUM(M51*30%) -> 4500
A52: 46 | B52: 46002 | C52: MOTUL MATIC 1 LTR | D52: 10 | F52: =SUM(D52-E52) -> 10 | H52: 142000 | I52: =SUM(E52*H52) -> 0 | K52: 160000 | L52: =SUM(J52*K52) -> 0 | M52: =SUM(L52-I52) -> 0 | N52: =SUM(M52*70%) -> 0 | O52: =SUM(M52*30%) -> 0
A53: 47 | B53: 46002 | C53: CASTROL ACTIV MATIC 0,8 | D53: 2 | E53: 2 | F53: =SUM(D53-E53) -> 0 | H53: 41500 | I53: =SUM(E53*H53) -> 83000 | J53: 2 | K53: 70000 | L53: =SUM(J53*K53) -> 140000 | M53: =SUM(L53-I53) -> 57000 | N53: =SUM(M53*70%) -> 39900 | O53: =SUM(M53*30%) -> 17100
A54: 48 | B54: 46002 | C54: CASTROL POWER 1 LTR | D54: 7 | E54: 1 | F54: =SUM(D54-E54) -> 6 | H54: 56500 | I54: =SUM(E54*H54) -> 56500 | J54: 1 | K54: 70000 | L54: =SUM(J54*K54) -> 70000 | M54: =SUM(L54-I54) -> 13500 | N54: =SUM(M54*70%) -> 9450 | O54: =SUM(M54*30%) -> 4050
A55: 49 | B55: 46002 | C55: CASTROL 2T | D55: 9 | E55: 1 | F55: =SUM(D55-E55) -> 8 | H55: 41500 | I55: =SUM(E55*H55) -> 41500 | J55: 1 | K55: 50000 | L55: =SUM(J55*K55) -> 50000 | M55: =SUM(L55-I55) -> 8500 | N55: =SUM(M55*70%) -> 5950 | O55: =SUM(M55*30%) -> 2550
A56: 50 | B56: 46002 | C56: EVALUBE 2T | D56: 23 | F56: =SUM(D56-E56) -> 23 | H56: 32500 | I56: =SUM(E56*H56) -> 0 | K56: 38000 | L56: =SUM(J56*K56) -> 0 | M56: =SUM(L56-I56) -> 0 | N56: =SUM(M56*70%) -> 0 | O56: =SUM(M56*30%) -> 0
A57: 51 | B57: 46002 | C57: MESRAN 2T | D57: 23 | E57: 1 | F57: =SUM(D57-E57) -> 22 | H57: 45500 | I57: =SUM(E57*H57) -> 45500 | J57: 1 | K57: 52000 | L57: =SUM(J57*K57) -> 52000 | M57: =SUM(L57-I57) -> 6500 | N57: =SUM(M57*70%) -> 4550 | O57: =SUM(M57*30%) -> 1950
A58: 52 | B58: 46002 | C58: MESRAN SUPER 0,8 | D58: 1 | F58: =SUM(D58-E58) -> 1 | H58: 35500 | I58: =SUM(E58*H58) -> 0 | K58: 42000 | L58: =SUM(J58*K58) -> 0 | M58: =SUM(L58-I58) -> 0 | N58: =SUM(M58*70%) -> 0 | O58: =SUM(M58*30%) -> 0
A59: 53 | B59: 46002 | C59: MESRAN SUPER 1 LTR | D59: 11 | F59: =SUM(D59-E59) -> 11 | H59: 41500 | I59: =SUM(E59*H59) -> 0 | K59: 50000 | L59: =SUM(J59*K59) -> 0 | M59: =SUM(L59-I59) -> 0 | N59: =SUM(M59*70%) -> 0 | O59: =SUM(M59*30%) -> 0
A60: 54 | B60: 46002 | C60: S60 0,8 | D60: 22 | F60: =SUM(D60-E60) -> 22 | H60: 35500 | I60: =SUM(E60*H60) -> 0 | K60: 41000 | L60: =SUM(J60*K60) -> 0 | M60: =SUM(L60-I60) -> 0 | N60: =SUM(M60*70%) -> 0 | O60: =SUM(M60*30%) -> 0
A61: 55 | B61: 46002 | C61: S60 1 LTR | D61: 21 | F61: =SUM(D61-E61) -> 21 | H61: 43000 | I61: =SUM(E61*H61) -> 0 | K61: 49000 | L61: =SUM(J61*K61) -> 0 | M61: =SUM(L61-I61) -> 0 | N61: =SUM(M61*70%) -> 0 | O61: =SUM(M61*30%) -> 0
A62: 56 | B62: 46002 | C62: MPX 1 (0,8) | D62: 13 | E62: 3 | F62: =SUM(D62-E62) -> 10 | H62: 56000 | I62: =SUM(E62*H62) -> 168000 | J62: 3 | K62: 70000 | L62: =SUM(J62*K62) -> 210000 | M62: =SUM(L62-I62) -> 42000 | N62: =SUM(M62*70%) -> 29400 | O62: =SUM(M62*30%) -> 12600
A63: 57 | B63: 46002 | C63: MPX 2 (0,8) | D63: 6 | F63: =SUM(D63-E63) -> 6 | H63: 59000 | I63: =SUM(E63*H63) -> 0 | K63: 65000 | L63: =SUM(J63*K63) -> 0 | M63: =SUM(L63-I63) -> 0 | N63: =SUM(M63*70%) -> 0 | O63: =SUM(M63*30%) -> 0
A64: 58 | B64: 46002 | C64: GARDAN YAMAHA BESAR | D64: 13 | F64: =SUM(D64-E64) -> 13 | H64: 18000 | I64: =SUM(E64*H64) -> 0 | K64: 30000 | L64: =SUM(J64*K64) -> 0 | M64: =SUM(L64-I64) -> 0 | N64: =SUM(M64*70%) -> 0 | O64: =SUM(M64*30%) -> 0
A65: 59 | B65: 46002 | C65: GARDAN YAMAHA KECIL | D65: 47 | E65: 1 | F65: =SUM(D65-E65) -> 46 | H65: 17800 | I65: =SUM(E65*H65) -> 17800 | J65: 1 | K65: 25000 | L65: =SUM(J65*K65) -> 25000 | M65: =SUM(L65-I65) -> 7200 | N65: =SUM(M65*70%) -> 5040 | O65: =SUM(M65*30%) -> 2160
A66: 60 | B66: 46002 | C66: GARDAN HONDA | D66: 17 | E66: 1 | F66: =SUM(D66-E66) -> 16 | H66: 16500 | I66: =SUM(E66*H66) -> 16500 | J66: 1 | K66: 25000 | L66: =SUM(J66*K66) -> 25000 | M66: =SUM(L66-I66) -> 8500 | N66: =SUM(M66*70%) -> 5950 | O66: =SUM(M66*30%) -> 2550
A67: 61 | B67: 46002 | C67: FEDERAL MATIC (0,8) | D67: 1 | F67: =SUM(D67-E67) -> 1 | H67: 40000 | I67: =SUM(E67*H67) -> 0 | K67: 55000 | L67: =SUM(J67*K67) -> 0 | M67: =SUM(L67-I67) -> 0 | N67: =SUM(M67*70%) -> 0 | O67: =SUM(M67*30%) -> 0
A68: 62 | B68: 46002 | C68: FRD FLEMO 70/90-17 | D68: 3 | F68: =SUM(D68-E68) -> 3 | H68: 180000 | I68: =SUM(E68*H68) -> 0 | K68: 215000 | L68: =SUM(J68*K68) -> 0 | M68: =SUM(L68-I68) -> 0 | N68: =SUM(M68*70%) -> 0 | O68: =SUM(M68*30%) -> 0
A69: 63 | B69: 46002 | C69: FRD FLEMO 90/90-17 | D69: 2 | F69: =SUM(D69-E69) -> 2 | H69: 255000 | I69: =SUM(E69*H69) -> 0 | K69: 285000 | L69: =SUM(J69*K69) -> 0 | M69: =SUM(L69-I69) -> 0 | N69: =SUM(M69*70%) -> 0 | O69: =SUM(M69*30%) -> 0
A70: 64 | B70: 46002 | C70: BAN DALAM 300-18 | D70: 58 | F70: =SUM(D70-E70) -> 58 | H70: 33000 | I70: =SUM(E70*H70) -> 0 | K70: 45000 | L70: =SUM(J70*K70) -> 0 | M70: =SUM(L70-I70) -> 0 | N70: =SUM(M70*70%) -> 0 | O70: =SUM(M70*30%) -> 0
A71: 65 | B71: 46002 | C71: BAN DALAM 250/275-21 | D71: 30 | F71: =SUM(D71-E71) -> 30 | H71: 38000 | I71: =SUM(E71*H71) -> 0 | K71: 48000 | L71: =SUM(J71*K71) -> 0 | M71: =SUM(L71-I71) -> 0 | N71: =SUM(M71*70%) -> 0 | O71: =SUM(M71*30%) -> 0
A72: 66 | B72: 10/3/2026 | C72: BAN DALAM 250/275-14 | D72: 7 | E72: 3 | F72: =SUM(D72-E72) -> 4 | H72: 27800 | I72: =SUM(E72*H72) -> 83400 | J72: 3 | K72: 50000 | L72: =SUM(J72*K72) -> 150000 | M72: =SUM(L72-I72) -> 66600 | N72: =SUM(M72*70%) -> 46620 | O72: =SUM(M72*30%) -> 19980
A73: 67 | B73: 10/3/2026 | C73: BAN DALAM 250/275-17 | D73: 6 | E73: 5 | F73: =SUM(D73-E73) -> 1 | H73: 30500 | I73: =SUM(E73*H73) -> 152500 | J73: 5 | K73: 50000 | L73: =SUM(J73*K73) -> 250000 | M73: =SUM(L73-I73) -> 97500 | N73: =SUM(M73*70%) -> 68250 | O73: =SUM(M73*30%) -> 29250
A74: 68 | B74: 2/4/2026 | C74: OLI SHOCK DEPAN | D74: 9 | F74: =SUM(D74-E74) -> 9 | H74: 10000 | I74: =SUM(E74*H74) -> 0 | K74: 25000 | L74: =SUM(J74*K74) -> 0 | M74: =SUM(L74-I74) -> 0 | N74: =SUM(M74*70%) -> 0 | O74: =SUM(M74*30%) -> 0
A75: 69 | B75: =B74 -> 2/4/2026 | C75: LAMPU DEPAN LED | D75: 13 | F75: =SUM(D75-E75) -> 13 | H75: 40000 | I75: =SUM(E75*H75) -> 0 | K75: 50000 | L75: =SUM(J75*K75) -> 0 | M75: =SUM(L75-I75) -> 0 | N75: =SUM(M75*70%) -> 0 | O75: =SUM(M75*30%) -> 0
A76: 70 | B76: =B75 -> 2/4/2026 | C76: VAN BELT MIO | D76: 2 | F76: =SUM(D76-E76) -> 2 | H76: 100000 | I76: =SUM(E76*H76) -> 0 | K76: 115000 | L76: =SUM(J76*K76) -> 0 | M76: =SUM(L76-I76) -> 0 | N76: =SUM(M76*70%) -> 0 | O76: =SUM(M76*30%) -> 0
A77: 71 | B77: =B76 -> 2/4/2026 | C77: VAN BELT MIO J | D77: 2 | F77: =SUM(D77-E77) -> 2 | H77: 100000 | I77: =SUM(E77*H77) -> 0 | K77: 115000 | L77: =SUM(J77*K77) -> 0 | M77: =SUM(L77-I77) -> 0 | N77: =SUM(M77*70%) -> 0 | O77: =SUM(M77*30%) -> 0
A78: 72 | B78: =B77 -> 2/4/2026 | C78: PENTIL TUBLES | D78: 48 | E78: 2 | F78: =SUM(D78-E78) -> 46 | H78: 6000 | I78: =SUM(E78*H78) -> 12000 | J78: 2 | K78: 12000 | L78: =SUM(J78*K78) -> 24000 | M78: =SUM(L78-I78) -> 12000 | N78: =SUM(M78*70%) -> 8400 | O78: =SUM(M78*30%) -> 3600
A79: 73 | B79: =B78 -> 2/4/2026 | C79: OLI YAMALUBE MATIC | D79: 2 | F79: =SUM(D79-E79) -> 2 | H79: 43000 | I79: =SUM(E79*H79) -> 0 | K79: 50000 | L79: =SUM(J79*K79) -> 0 | M79: =SUM(L79-I79) -> 0 | N79: =SUM(M79*70%) -> 0 | O79: =SUM(M79*30%) -> 0
A80: 74 | B80: =B79 -> 2/4/2026 | C80: OLI MESRAN 1 LITER | D80: 2 | F80: =SUM(D80-E80) -> 2 | H80: 43000 | I80: =SUM(E80*H80) -> 0 | K80: 49000 | L80: =SUM(J80*K80) -> 0 | M80: =SUM(L80-I80) -> 0 | N80: =SUM(M80*70%) -> 0 | O80: =SUM(M80*30%) -> 0
A81: 75 | B81: =B80 -> 2/4/2026 | C81: OLI SIEL SHOCK DEPAN | D81: 15 | F81: =SUM(D81-E81) -> 15 | G81: PSG | H81: 20000 | I81: =SUM(E81*H81) -> 0 | K81: 30000 | L81: =SUM(J81*K81) -> 0 | M81: =SUM(L81-I81) -> 0 | N81: =SUM(M81*70%) -> 0 | O81: =SUM(M81*30%) -> 0
A82: 76 | B82: =B81 -> 2/4/2026 | C82: OLI SIEL SHOCK DEPAN CBR | D82: 15 | F82: =SUM(D82-E82) -> 15 | G82: PSG | H82: 35000 | I82: =SUM(E82*H82) -> 0 | K82: 50000 | L82: =SUM(J82*K82) -> 0 | M82: =SUM(L82-I82) -> 0 | N82: =SUM(M82*70%) -> 0 | O82: =SUM(M82*30%) -> 0
A83: 77 | B83: =B82 -> 2/4/2026 | C83: OLI SIEL SHOCK DEPAN N MAX | D83: 5 | F83: =SUM(D83-E83) -> 5 | G83: PSG | H83: 30000 | I83: =SUM(E83*H83) -> 0 | K83: 50000 | L83: =SUM(J83*K83) -> 0 | M83: =SUM(L83-I83) -> 0 | N83: =SUM(M83*70%) -> 0 | O83: =SUM(M83*30%) -> 0
A84: 78 | B84: =B83 -> 2/4/2026 | C84: OLI SIEL SHOCK DEPAN RXK | D84: 5 | F84: =SUM(D84-E84) -> 5 | G84: PSG | H84: 30000 | I84: =SUM(E84*H84) -> 0 | K84: 50000 | L84: =SUM(J84*K84) -> 0 | M84: =SUM(L84-I84) -> 0 | N84: =SUM(M84*70%) -> 0 | O84: =SUM(M84*30%) -> 0
A85: 79 | B85: =B84 -> 2/4/2026 | C85: OLI SIEL SHOCK DEPAN SCORPIO | D85: 5 | F85: =SUM(D85-E85) -> 5 | G85: PSG | H85: 35000 | I85: =SUM(E85*H85) -> 0 | K85: 50000 | L85: =SUM(J85*K85) -> 0 | M85: =SUM(L85-I85) -> 0 | N85: =SUM(M85*70%) -> 0 | O85: =SUM(M85*30%) -> 0
A86: 80 | B86: =B85 -> 2/4/2026 | C86: OLI SIEL SHOCK DEPAN SUZUKI | D86: 10 | F86: =SUM(D86-E86) -> 10 | G86: PSG | H86: 20000 | I86: =SUM(E86*H86) -> 0 | K86: 40000 | L86: =SUM(J86*K86) -> 0 | M86: =SUM(L86-I86) -> 0 | N86: =SUM(M86*70%) -> 0 | O86: =SUM(M86*30%) -> 0
A87: 81 | B87: =B86 -> 2/4/2026 | C87: OLI SIEL SHOCK DEPAN CRF | D87: 3 | F87: =SUM(D87-E87) -> 3 | G87: PSG | H87: 90000 | I87: =SUM(E87*H87) -> 0 | K87: 95000 | L87: =SUM(J87*K87) -> 0 | M87: =SUM(L87-I87) -> 0 | N87: =SUM(M87*70%) -> 0 | O87: =SUM(M87*30%) -> 0
A88: 82 | B88: =B87 -> 2/4/2026 | C88: OLI SIEL KLEP YAMAHA | D88: 10 | F88: =SUM(D88-E88) -> 10 | G88: PSG | H88: 15000 | K88: 20000
A89: 83 | B89: =B88 -> 2/4/2026 | C89: BUSI MATIC | D89: 7 | F89: =SUM(D89-E89) -> 7 | H89: 16500 | I89: =SUM(E89*H89) -> 0 | K89: 20000 | L89: =SUM(J89*K89) -> 0 | M89: =SUM(L89-I89) -> 0 | N89: =SUM(M89*70%) -> 0 | O89: =SUM(M89*30%) -> 0
A90: 84 | B90: =B89 -> 2/4/2026 | C90: BUSI FU I50 | D90: 10 | F90: =SUM(D90-E90) -> 10 | H90: 16500 | I90: =SUM(E90*H90) -> 0 | K90: 20000 | L90: =SUM(J90*K90) -> 0 | M90: =SUM(L90-I90) -> 0 | N90: =SUM(M90*70%) -> 0 | O90: =SUM(M90*30%) -> 0
A91: 85 | B91: =B90 -> 2/4/2026 | C91: BUSI NINJA | D91: 9 | F91: =SUM(D91-E91) -> 9 | H91: 16500 | I91: =SUM(E91*H91) -> 0 | K91: 20000 | L91: =SUM(J91*K91) -> 0 | M91: =SUM(L91-I91) -> 0 | N91: =SUM(M91*70%) -> 0 | O91: =SUM(M91*30%) -> 0
A92: 86 | B92: =B91 -> 2/4/2026 | C92: COLT STATER | D92: 15 | F92: =SUM(D92-E92) -> 15 | H92: 10000 | I92: =SUM(E92*H92) -> 0 | K92: 20000 | L92: =SUM(J92*K92) -> 0 | M92: =SUM(L92-I92) -> 0 | N92: =SUM(M92*70%) -> 0 | O92: =SUM(M92*30%) -> 0
A93: 87 | B93: =B92 -> 2/4/2026 | C93: TALI GAS VESPA | D93: 14 | E93: 1 | F93: =SUM(D93-E93) -> 13 | H93: 5000 | I93: =SUM(E93*H93) -> 5000 | J93: 1 | K93: 10000 | L93: =SUM(J93*K93) -> 10000 | M93: =SUM(L93-I93) -> 5000 | N93: =SUM(M93*70%) -> 3500 | O93: =SUM(M93*30%) -> 1500
A94: 88 | B94: =B93 -> 2/4/2026 | C94: TALI KOPLENG VESPA | D94: 13 | F94: =SUM(D94-E94) -> 13 | H94: 5000 | I94: =SUM(E94*H94) -> 0 | K94: 10000 | L94: =SUM(J94*K94) -> 0 | M94: =SUM(L94-I94) -> 0 | N94: =SUM(M94*70%) -> 0 | O94: =SUM(M94*30%) -> 0
A95: 89 | B95: =B94 -> 2/4/2026 | C95: BAN DALAM 250-17 | D95: 3 | F95: =SUM(D95-E95) -> 3 | H95: 29000 | I95: =SUM(E95*H95) -> 0 | K95: 40000 | L95: =SUM(J95*K95) -> 0 | M95: =SUM(L95-I95) -> 0 | N95: =SUM(M95*70%) -> 0 | O95: =SUM(M95*30%) -> 0
A96: 90 | B96: =B95 -> 2/4/2026 | C96: BAN DALAM 275-17 | D96: 5 | F96: =SUM(D96-E96) -> 5 | H96: 32000 | I96: =SUM(E96*H96) -> 0 | K96: 40000 | L96: =SUM(J96*K96) -> 0 | M96: =SUM(L96-I96) -> 0 | N96: =SUM(M96*70%) -> 0 | O96: =SUM(M96*30%) -> 0
A97: 91 | B97: =B96 -> 2/4/2026 | C97: BAN DALAM 250-14 | D97: 3 | F97: =SUM(D97-E97) -> 3 | H97: 29000 | I97: =SUM(E97*H97) -> 0 | K97: 38000 | L97: =SUM(J97*K97) -> 0 | M97: =SUM(L97-I97) -> 0 | N97: =SUM(M97*70%) -> 0 | O97: =SUM(M97*30%) -> 0
A98: 92 | B98: =B97 -> 2/4/2026 | C98: TALI REM BELAKANG | D98: 3 | F98: =SUM(D98-E98) -> 3 | H98: 35000 | I98: =SUM(E98*H98) -> 0 | K98: 50000 | L98: =SUM(J98*K98) -> 0 | M98: =SUM(L98-I98) -> 0 | N98: =SUM(M98*70%) -> 0 | O98: =SUM(M98*30%) -> 0
A99: 93 | B99: 11/7/2026 | C99: BAN DALAM 275/300-14 | D99: 30 | F99: =SUM(D99-E99) -> 30 | H99: 36000 | I99: =SUM(E99*H99) -> 0 | L99: =SUM(J99*K99) -> 0 | M99: =SUM(L99-I99) -> 0 | N99: =SUM(M99*70%) -> 0 | O99: =SUM(M99*30%) -> 0
A100: 94 | B100: 11/7/2027 | C100: BAN DALAM 250/275-17 | D100: 30 | F100: =SUM(D100-E100) -> 30 | H100: 36000 | I100: =SUM(E100*H100) -> 0 | L100: =SUM(J100*K100) -> 0 | M100: =SUM(L100-I100) -> 0 | N100: =SUM(M100*70%) -> 0 | O100: =SUM(M100*30%) -> 0
A101: 95 | D101: 0 | F101: =SUM(D101-E101) -> 0 | I101: =SUM(E101*H101) -> 0 | L101: =SUM(J101*K101) -> 0 | M101: =SUM(L101-I101) -> 0 | N101: =SUM(M101*70%) -> 0 | O101: =SUM(M101*30%) -> 0
...

Sheet INVENTARIS
A1: ='[43]Data Pokok'!A2 -> BADAN USAHA MILIK DESA BATUPUTE
A2: ='[43]Data Pokok'!C74 -> DAFTAR INVENTARIS
A3: BULAN DESEMBER
A5: ='[43]Data Pokok'!A10 -> Desa / Kecamatan | C5: =": "&'[43]Data Pokok'!D10 -> : Batupute
A6: ='[43]Data Pokok'!A11 -> Kabupaten | C6: =": "&'[43]Data Pokok'!D11 -> : BARRU
A7: ='[43]Data Pokok'!A12 -> Provinsi | C7: =": "&'[43]Data Pokok'!D12 -> : SULAWESI SELATAN
A9: No | B9: Jenis Inventaris | C9: Tanggal Pembelian | D9: Bukti Pembelian | E9: Unit | F9: Harga Satuan | G9: Harga Perolehan | H9: Umur Ekonomis | I9: Penyusutan / Bulan | J9: akumulasi penyusutan sd 31 desmber 2024 | K9: Penyusutan tahun 2025 | W9: TOTAL PENYUSUTAN | X9: Penyusutan per- | Y9: SISA PEROLEHAN
K10: JANUARI | L10: FEBRUARI | M10: MARET | N10: APRIL | O10: MEI | P10: JUNI | Q10: JULI | R10: AGUSTUS | S10: SEPTEMBER | T10: OKTOBER | U10: NOVEMBER | V10: DECEMBER
B11: Bangunan/gedung dan Prasarana | H11: 240
B14: Mesin dan Inventaris | H14: 60
A15: 1 | B15: Molen | C15: 28-8-2025 | D15: Nota | E15: 1 | F15: 12500000 | G15: =SUM(E15*F15) -> 12500000 | H15: 60 | I15: =SUM(G15/H15) -> 208333.33 | R15: =I15 -> 208333.33 | S15: =SUM(I15) -> 208333.33 | T15: =SUM(I15) -> 208333.33 | U15: =SUM(I15) -> 208333.33 | V15: =SUM(I15) -> 208333.33 | W15: =SUM(K15:V15) -> 1041666.7 | X15: =H15-5 -> 55
A16: 2 | B16: Mesin bor | C16: 28-8-2025 | D16: Nota | E16: 1 | F16: 35000000 | G16: =SUM(E16*F16) -> 35000000 | H16: 60 | I16: =SUM(G16/H16) -> 583333.33 | R16: =I16 -> 583333.33 | S16: =SUM(I16) -> 583333.33 | T16: =SUM(I16) -> 583333.33 | U16: =SUM(I16) -> 583333.33 | V16: =SUM(I16) -> 583333.33 | W16: =SUM(K16:V16) -> 2916666.7 | X16: =H16-5 -> 55
A17: 3 | B17: Bor air titik 1-7 | C17: 28-8-2025 | D17: Nota | E17: 7 | F17: 15000000 | G17: =SUM(E17*F17) -> 105000000 | H17: 60 | I17: =SUM(G17/H17) -> 1750000 | R17: =I17 -> 1750000 | S17: =SUM(I17) -> 1750000 | T17: =SUM(I17) -> 1750000 | U17: =SUM(I17) -> 1750000 | V17: =SUM(I17) -> 1750000 | W17: =SUM(K17:V17) -> 8750000 | X17: =H17-5 -> 55
G18: =SUM(G15:G17) -> 152500000 | R18: =SUM(R15:R17) -> 2541666.7 | S18: =SUM(S15:S17) -> 2541666.7 | T18: =SUM(T15:T17) -> 2541666.7 | U18: =SUM(U15:U17) -> 2541666.7 | V18: =SUM(V15:V17) -> 2541666.7
A19: 4 | B19: Mesin Diesel | C19: 26-9-2025 | D19: Nota | E19: 1 | F19: 42510000 | G19: =E19*F19 -> 42510000 | H19: 60 | I19: =SUM(G19/H19) -> 708500 | S19: =SUM(I19) -> 708500 | T19: =SUM(I19) -> 708500 | U19: =SUM(I19) -> 708500 | V19: =SUM(I19) -> 708500 | W19: =SUM(K19:V19) -> 2834000 | X19: =SUM(H19-4) -> 56
G20: =SUM(G19:G19) -> 42510000 | S20: =SUM(S19:S19) -> 708500 | T20: =T19 -> 708500 | U20: =SUM(U19:U19) -> 708500 | V20: =SUM(V19:V19) -> 708500
A21: 5 | B21: Bor air titik 1-2 | C21: 31-10-2025 | E21: 2 | F21: 15000000 | G21: =SUM(E21*F21) -> 30000000 | H21: 60 | I21: =SUM(G21/H21) -> 500000 | T21: =SUM(I21) -> 500000 | U21: =SUM(I21) -> 500000 | V21: =SUM(I21) -> 500000 | W21: =SUM(K21:V21) -> 1500000 | X21: =SUM(H21-3) -> 57
G22: =SUM(G21) -> 30000000 | T22: =SUM(T21:T21) -> 500000 | U22: =SUM(U21:U21) -> 500000 | V22: =SUM(V21:V21) -> 500000
G23: =SUM(G18+G20+G22+G28+G34+G56+G67+G70+G75+G78+G81) -> 304243000
B24: Komputer | H24: 48
A25: 1 | B25: EPSON L310 | C25: 45113 | D25: Nota | E25: 1 | F25: 2400000 | G25: =E25*F25 -> 2400000 | H25: 48 | I25: =G25/H25 -> 50000 | J25: =19*I25 -> 950000 | K25: =I25 -> 50000 | L25: =I25 -> 50000 | M25: =I25 -> 50000 | N25: =SUM(I25) -> 50000 | O25: =SUM(I25) -> 50000 | P25: =SUM(I25) -> 50000 | Q25: =SUM(I25) -> 50000 | R25: =SUM(I25) -> 50000 | S25: =SUM(I25) -> 50000 | T25: =SUM(I25) -> 50000 | U25: =SUM(I25) -> 50000 | V25: =SUM(I25) -> 50000 | W25: =SUM(K25:V25) -> 600000 | X25: =H25-31 -> 17
A26: 2 | B26: laptop | C26: 14-01-2024 | D26: Nota | E26: 1 | F26: 7300000 | G26: =F26*E26 -> 7300000 | H26: 48 | I26: =G26/H26 -> 152083.33 | J26: =12*I26 -> 1825000 | K26: =I26 -> 152083.33 | L26: =I26 -> 152083.33 | M26: =I26 -> 152083.33 | N26: =SUM(I26) -> 152083.33 | O26: =SUM(I26) -> 152083.33 | P26: =SUM(I26) -> 152083.33 | Q26: =SUM(I26) -> 152083.33 | R26: =SUM(I26) -> 152083.33 | S26: =SUM(I26) -> 152083.33 | T26: =SUM(I26) -> 152083.33 | U26: =SUM(I26) -> 152083.33 | V26: =SUM(I26) -> 152083.33 | W26: =SUM(K26:V26) -> 1825000 | X26: =H26-24 -> 24
A27: 3 | B27: laptop | C27: 05-04-2024 | D27: Nota | E27: 1 | F27: 6603000 | G27: =F27*E27 -> 6603000 | H27: 48 | I27: =G27/H27 -> 137562.5 | J27: =9*I27 -> 1238062.5 | K27: =I27 -> 137562.5 | L27: =I27 -> 137562.5 | M27: =I27 -> 137562.5 | N27: =SUM(I27) -> 137562.5 | O27: =SUM(I27) -> 137562.5 | P27: =SUM(I27) -> 137562.5 | Q27: =SUM(I27) -> 137562.5 | R27: =SUM(I27) -> 137562.5 | S27: =SUM(I27) -> 137562.5 | T27: =SUM(I27) -> 137562.5 | U27: =SUM(I27) -> 137562.5 | V27: =SUM(I27) -> 137562.5 | W27: =SUM(K27:V27) -> 1650750 | X27: =SUM(H27-21) -> 27
G28: =SUM(G25:G27) -> 16303000 | J28: =SUM(J25:J27) -> 4013062.5 | K28: =SUM(K25:K27) -> 339645.83 | L28: =SUM(L25:L27) -> 339645.83 | M28: =SUM(M25:M27) -> 339645.83 | N28: =SUM(N25:N27) -> 339645.83 | O28: =SUM(O25:O27) -> 339645.83 | P28: =SUM(P25:P27) -> 339645.83 | Q28: =SUM(Q25:Q27) -> 339645.83 | ... V28: =SUM(V25:V27) -> 339645.83
J29: =19*I29 -> 0 | K29: =I29 -> 0 | L29: =I29 -> 0
B30: Truk, Alat Mekanik dan Alat Berat | J30: =19*I30 -> 0 | K30: =I30 -> 0 | L30: =I30 -> 0
J31: =19*I31 -> 0 | K31: =I31 -> 0 | L31: =I31 -> 0
J32: =19*I32 -> 0 | K32: =I32 -> 0 | L32: =I32 -> 0
B33: Kendaraan | H33: 120 | J33: =19*I33 -> 0 | K33: =I33 -> 0 | L33: =I33 -> 0
A34: 1 | B34: Motor | C34: 45051 | D34: Nota | E34: 1 | F34: 19780000 | G34: =F34*E34 -> 19780000 | H34: 120 | I34: =G34/H34 -> 164833.33 | J34: =20*I34 -> 3296666.7 | K34: =I34 -> 164833.33 | L34: =I34 -> 164833.33 | M34: =I34 -> 164833.33 | N34: =SUM(I34) -> 164833.33 | O34: =SUM(I34) -> 164833.33 | P34: =SUM(I34) -> 164833.33 | Q34: =SUM(I34) -> 164833.33 | R34: =SUM(I34) -> 164833.33 | S34: =SUM(I34) -> 164833.33 | T34: =SUM(I34) -> 164833.33 | U34: =SUM(I34) -> 164833.33 | V34: =SUM(I34) -> 164833.33 | W34: =SUM(K34:V34) -> 1978000 | X34: =H34-32 -> 88
J35: =SUM(J34) -> 3296666.7 | K35: =SUM(K34) -> 164833.33 | L35: =SUM(L34) -> 164833.33 | M35: =SUM(M34) -> 164833.33 | N35: =SUM(N34) -> 164833.33 | O35: =SUM(O34) -> 164833.33 | P35: =SUM(P34) -> 164833.33 | Q35: =SUM(Q34) -> 164833.33 | ... S35: =SUM(S34) -> 164833.33 | T35: =SUM(T34:T34) -> 164833.33 | U35: =SUM(U34:U34) -> 164833.33 | V35: =SUM(V34:V34) -> 164833.33
B36: Inventaris dan Peralatan | H36: 60 | J36: =19*I36 -> 0 | K36: =I36 -> 0 | L36: =I36 -> 0
A37: 1 | B37: Lemari | C37: 41579 | D37: Nota | E37: 2 | F37: 1563500 | G37: =+E37*F37 -> 3127000 | H37: 60 | I37: =G37/H37 -> 52116.667 | J37: =G37 -> 3127000 | T37: 0 | U37: =T37*I37 -> 0 | V37: =U37*J37 -> 0 | W37: =V37*K37 -> 0
A38: 2 | B38: Timbangan | C38: 41583 | D38: Nota | E38: 1 | F38: 500000 | G38: =+E38*F38 -> 500000 | H38: 60 | I38: =G38/H38 -> 8333.3333 | J38: =G38 -> 500000 | T38: 0 | U38: =T38*I38 -> 0 | V38: =U38*J38 -> 0 | W38: =V38*K38 -> 0
A39: 3 | B39: Lemari Etalase | C39: 42955 | D39: Nota | E39: 1 | F39: 950000 | G39: =+E39*F39 -> 950000 | H39: 60 | I39: =G39/H39 -> 15833.333 | J39: =G39 -> 950000 | T39: 0 | U39: =T39*I39 -> 0 | V39: =U39*J39 -> 0 | W39: =V39*K39 -> 0
A40: 4 | B40: Pemadam kebakaran | C40: 42988 | D40: Nota | E40: 1 | F40: 250000 | G40: =+E40*F40 -> 250000 | H40: 60 | I40: =G40/H40 -> 4166.6667 | J40: =G40 -> 250000 | T40: 0 | U40: =T40*I40 -> 0 | V40: =U40*J40 -> 0 | W40: =V40*K40 -> 0
A41: 5 | B41: Lemari Etalase | C41: 43348 | D41: Nota | E41: 1 | F41: 1000000 | G41: =+E41*F41 -> 1000000 | H41: 60 | I41: =G41/H41 -> 16666.667 | J41: =G41 -> 1000000 | T41: 0 | U41: =T41*I41 -> 0 | V41: =U41*J41 -> 0 | W41: =V41*K41 -> 0
A42: 6 | B42: Pengaman Gas | C42: 43381 | D42: Nota | E42: 1 | F42: 8000000 | G42: =+E42*F42 -> 8000000 | H42: 60 | I42: =G42/H42 -> 133333.33 | J42: =G42 -> 8000000 | T42: 0 | U42: =T42*I42 -> 0 | V42: =U42*J42 -> 0 | W42: =V42*K42 -> 0
A43: 7 | B43: Rante Gas | C43: 09/102018 | D43: Nota | E43: 1 | F43: 800000 | G43: =+E43*F43 -> 800000 | H43: 60 | I43: =G43/H43 -> 13333.333 | J43: =G43 -> 800000 | T43: 0 | U43: =T43*I43 -> 0 | V43: =U43*J43 -> 0 | W43: =V43*K43 -> 0
A44: 8 | B44: HP Samsung | C44: 43657 | D44: Nota | E44: 1 | F44: 1400000 | G44: =+E44*F44 -> 1400000 | H44: 60 | I44: =G44/H44 -> 23333.333 | J44: =G44 -> 1400000
A45: 16 | B45: Meja | C45: 45176 | D45: Nota | E45: 2 | F45: 850000 | G45: =F45*E45 -> 1700000 | H45: 60 | I45: =G45/H45 -> 28333.333 | J45: =18*I45 -> 510000 | K45: =I45 -> 28333.333 | L45: =I45 -> 28333.333 | M45: =I45 -> 28333.333 | N45: =SUM(I45) -> 28333.333 | O45: =I45 -> 28333.333 | P45: =SUM(I45) -> 28333.333 | Q45: =SUM(I45) -> 28333.333 | R45: =SUM(I45) -> 28333.333 | S45: =SUM(I45) -> 28333.333 | T45: =SUM(I45) -> 28333.333 | U45: =SUM(I45) -> 28333.333 | V45: =SUM(I45) -> 28333.333 | W45: =SUM(K45:V45) -> 340000 | X45: =H45-30 -> 30
A46: 17 | B46: Kursi Kantor | C46: 45176 | D46: Nota | E46: 1 | F46: 1200000 | G46: =F46*E46 -> 1200000 | H46: 60 | I46: =G46/H46 -> 20000 | J46: =18*I46 -> 360000 | K46: =I46 -> 20000 | L46: =I46 -> 20000 | M46: =I46 -> 20000 | N46: =SUM(I46) -> 20000 | O46: =I46 -> 20000 | P46: =SUM(I46) -> 20000 | Q46: =SUM(I46) -> 20000 | R46: =SUM(I46) -> 20000 | S46: =SUM(I46) -> 20000 | T46: =SUM(I46) -> 20000 | U46: =SUM(I46) -> 20000 | V46: =SUM(I46) -> 20000 | W46: =SUM(K46:V46) -> 240000 | X46: =H46-30 -> 30
A47: 18 | B47: Kursi Kantor | C47: 45176 | D47: Nota | E47: 1 | F47: 1100000 | G47: =F47*E47 -> 1100000 | H47: 60 | I47: =G47/H47 -> 18333.333 | J47: =18*I47 -> 330000 | K47: =I47 -> 18333.333 | L47: =I47 -> 18333.333 | M47: =I47 -> 18333.333 | N47: =SUM(I47) -> 18333.333 | O47: =I47 -> 18333.333 | P47: =SUM(I47) -> 18333.333 | Q47: =SUM(I47) -> 18333.333 | R47: =SUM(I47) -> 18333.333 | S47: =SUM(I47) -> 18333.333 | T47: =SUM(I47) -> 18333.333 | U47: =SUM(I47) -> 18333.333 | V47: =SUM(I47) -> 18333.333 | W47: =SUM(K47:V47) -> 220000 | X47: =H47-30 -> 30
A48: 19 | B48: Meja BRILink | C48: 45176 | D48: Nota | E48: 1 | F48: 3850000 | G48: =F48*E48 -> 3850000 | H48: 60 | I48: =G48/H48 -> 64166.667 | J48: =18*I48 -> 1155000 | K48: =I48 -> 64166.667 | L48: =I48 -> 64166.667 | M48: =I48 -> 64166.667 | N48: =SUM(I48) -> 64166.667 | O48: =I48 -> 64166.667 | P48: =SUM(I48) -> 64166.667 | Q48: =SUM(I48) -> 64166.667 | R48: =SUM(I48) -> 64166.667 | S48: =SUM(I48) -> 64166.667 | T48: =SUM(I48) -> 64166.667 | U48: =SUM(I48) -> 64166.667 | V48: =SUM(I48) -> 64166.667 | W48: =SUM(K48:V48) -> 770000 | X48: =H48-30 -> 30
A49: 21 | B49: Kipas Angin | C49: 02-02-2024 | D49: Nota | E49: 1 | F49: 500000 | G49: =F49*E49 -> 500000 | H49: 60 | I49: =G49/H49 -> 8333.3333 | J49: =11*I49 -> 91666.667 | K49: =I49 -> 8333.3333 | L49: =I49 -> 8333.3333 | M49: =I49 -> 8333.3333 | N49: =SUM(I49) -> 8333.3333 | O49: =I49 -> 8333.3333 | P49: =SUM(I49) -> 8333.3333 | Q49: =SUM(I49) -> 8333.3333 | R49: =SUM(I49) -> 8333.3333 | S49: =SUM(I49) -> 8333.3333 | T49: =SUM(I49) -> 8333.3333 | U49: =SUM(I49) -> 8333.3333 | V49: =SUM(I49) -> 8333.3333 | W49: =SUM(K49:V49) -> 100000 | X49: =H49-23 -> 37
A50: 23 | B50: Kunci Ring | C50: 19-09-2024 | D50: Nota | E50: 1 | F50: 450000 | G50: =F50*E50 -> 450000 | H50: 60 | I50: =G50/H50 -> 7500 | J50: =3*I50 -> 22500 | K50: =I50 -> 7500 | L50: =I50 -> 7500 | M50: =I50 -> 7500 | N50: =SUM(I50) -> 7500 | O50: =I50 -> 7500 | P50: =SUM(I50) -> 7500 | Q50: =SUM(I50) -> 7500 | R50: =SUM(I50) -> 7500 | S50: =SUM(I50) -> 7500 | T50: =SUM(I50) -> 7500 | U50: =SUM(I50) -> 7500 | V50: =SUM(I50) -> 7500 | W50: =SUM(K50:V50) -> 90000 | X50: =H50-15 -> 45
A51: 24 | B51: Kunci Pipa 18 | C51: 19-09-2024 | D51: Nota | E51: 1 | F51: 275000 | G51: =F51*E51 -> 275000 | H51: 60 | I51: =G51/H51 -> 4583.3333 | J51: =3*I51 -> 13750 | K51: =I51 -> 4583.3333 | L51: =I51 -> 4583.3333 | M51: =I51 -> 4583.3333 | N51: =SUM(I51) -> 4583.3333 | O51: =I51 -> 4583.3333 | P51: =SUM(I51) -> 4583.3333 | Q51: =SUM(I51) -> 4583.3333 | R51: =SUM(I51) -> 4583.3333 | S51: =SUM(I51) -> 4583.3333 | T51: =SUM(I51) -> 4583.3333 | U51: =SUM(I51) -> 4583.3333 | V51: =SUM(I51) -> 4583.3333 | W51: =SUM(K51:V51) -> 55000 | X51: =H51-15 -> 45
A52: 25 | B52: Batu Widya | C52: 19-09-2024 | D52: Nota | E52: 30 | F52: 35000 | G52: =F52*E52 -> 1050000 | H52: 60 | I52: =G52/H52 -> 17500 | J52: =3*I52 -> 52500 | K52: =I52 -> 17500 | L52: =I52 -> 17500 | M52: =I52 -> 17500 | N52: =SUM(I52) -> 17500 | O52: =I52 -> 17500 | P52: =SUM(I52) -> 17500 | Q52: =SUM(I52) -> 17500 | R52: =SUM(I52) -> 17500 | S52: =SUM(I52) -> 17500 | T52: =SUM(I52) -> 17500 | U52: =SUM(I52) -> 17500 | V52: =SUM(I52) -> 17500 | W52: =SUM(K52:V52) -> 210000 | X52: =H52-15 -> 45
A53: 26 | B53: Mesin Gurinda | C53: 16-10-2024 | D53: Nota | E53: 1 | F53: 400000 | G53: =F53*E53 -> 400000 | H53: 60 | I53: =G53/H53 -> 6666.6667 | J53: =2*I53 -> 13333.333 | K53: =I53 -> 6666.6667 | L53: =I53 -> 6666.6667 | M53: =I53 -> 6666.6667 | N53: =SUM(I53) -> 6666.6667 | O53: =I53 -> 6666.6667 | P53: =SUM(I53) -> 6666.6667 | Q53: =SUM(I53) -> 6666.6667 | R53: =SUM(I53) -> 6666.6667 | S53: =SUM(I53) -> 6666.6667 | T53: =SUM(I53) -> 6666.6667 | U53: =SUM(I53) -> 6666.6667 | V53: =SUM(I53) -> 6666.6667 | W53: =SUM(K53:V53) -> 80000 | X53: =H53-14 -> 46
A54: 27 | B54: Lampu Box | C54: 30-10-2024 | D54: Nota | E54: 1 | F54: 2000000 | G54: =F54*E54 -> 2000000 | H54: 60 | I54: =G54/H54 -> 33333.333 | J54: =2*I54 -> 66666.667 | K54: =I54 -> 33333.333 | L54: =I54 -> 33333.333 | M54: =I54 -> 33333.333 | N54: =SUM(I54) -> 33333.333 | O54: =I54 -> 33333.333 | P54: =SUM(I54) -> 33333.333 | Q54: =SUM(I54) -> 33333.333 | R54: =SUM(I54) -> 33333.333 | S54: =SUM(I54) -> 33333.333 | T54: =SUM(I54) -> 33333.333 | U54: =SUM(I54) -> 33333.333 | V54: =SUM(I54) -> 33333.333 | W54: =SUM(K54:V54) -> 400000 | X54: =H54-14 -> 46
A55: 28 | B55: Gerobak Bor air | C55: 31-10-2024 | D55: Nota | E55: 1 | F55: 3250000 | G55: =F55*E55 -> 3250000 | H55: 60 | I55: =G55/H55 -> 54166.667 | J55: =2*I55 -> 108333.33 | K55: =I55 -> 54166.667 | L55: =I55 -> 54166.667 | M55: =I55 -> 54166.667 | N55: =SUM(I55) -> 54166.667 | O55: =I55 -> 54166.667 | P55: =SUM(I55) -> 54166.667 | Q55: =SUM(I55) -> 54166.667 | R55: =SUM(I55) -> 54166.667 | S55: =SUM(I55) -> 54166.667 | T55: =SUM(I55) -> 54166.667 | U55: =SUM(I55) -> 54166.667 | V55: =SUM(I55) -> 54166.667 | W55: =SUM(K55:V55) -> 650000 | X55: =H55-14 -> 46
G56: =SUM(G37:G55) -> 31802000 | J56: =SUM(J36:J55) -> 18750750 | K56: =SUM(K45:K55) -> 262916.67 | L56: =SUM(L45:L55) -> 262916.67 | M56: =SUM(M45:M55) -> 262916.67 | N56: =SUM(N45:N55) -> 262916.67
G57: =SUM(G28+G34+G56) -> 67885000
A58: 30 | B58: Travo las Proquip | C58: 14-05-2025 | D58: Nota | E58: 1 | F58: 1200000 | G58: =F58*E58 -> 1200000 | H58: 60 | I58: =SUM(G58/H58) -> 20000 | O58: =I58 -> 20000 | P58: =SUM(I58) -> 20000 | Q58: =SUM(I58) -> 20000 | R58: =SUM(I58) -> 20000 | S58: =SUM(I58) -> 20000 | T58: =SUM(I58) -> 20000 | U58: =SUM(I58) -> 20000 | V58: =SUM(I58) -> 20000 | W58: =SUM(K58:V58) -> 160000 | X58: =SUM(H58-8) -> 52
A59: 31 | B59: Kaca mata automatis | C59: 14-05-2025 | D59: Nota | E59: 1 | F59: 100000 | G59: =SUM(E59*F59) -> 100000 | H59: 60 | I59: =SUM(G59/H59) -> 1666.6667 | O59: =I59 -> 1666.6667 | P59: =SUM(I59) -> 1666.6667 | Q59: =SUM(I59) -> 1666.6667 | R59: =SUM(I59) -> 1666.6667 | S59: =SUM(I59) -> 1666.6667 | T59: =SUM(I59) -> 1666.6667 | U59: =SUM(I59) -> 1666.6667 | V59: =SUM(I59) -> 1666.6667 | W59: =SUM(K59:V59) -> 13333.333 | X59: =SUM(H59-8) -> 52
A60: 32 | B60: Kawat las | C60: 14-05-2025 | D60: Nota | E60: 1 | F60: 185000 | G60: =SUM(E60*F60) -> 185000 | H60: 60 | I60: =SUM(G60/H60) -> 3083.3333 | O60: =I60 -> 3083.3333 | P60: =SUM(I60) -> 3083.3333 | Q60: =SUM(I60) -> 3083.3333 | R60: =SUM(I60) -> 3083.3333 | S60: =SUM(I60) -> 3083.3333 | T60: =SUM(I60) -> 3083.3333 | U60: =SUM(I60) -> 3083.3333 | V60: =SUM(I60) -> 3083.3333 | W60: =SUM(K60:V60) -> 24666.667 | X60: =SUM(H60-8) -> 52
A61: 33 | B61: Senter Kepala | C61: 31-05-2025 | D61: Nota | E61: 1 | F61: 500000 | G61: =SUM(E61*F61) -> 500000 | H61: 12 | I61: =SUM(G61/H61) -> 41666.667 | M61: =K61*I61 -> 0 | O61: =I61 -> 41666.667 | P61: =SUM(I61) -> 41666.667 | Q61: =SUM(I61) -> 41666.667 | R61: =SUM(I61) -> 41666.667 | S61: =SUM(I61) -> 41666.667 | T61: =SUM(I61) -> 41666.667 | U61: =SUM(I61) -> 41666.667 | V61: =SUM(I61) -> 41666.667 | W61: =SUM(K61:V61) -> 333333.33 | X61: =SUM(H61-8) -> 4
A62: 10 | D62: Nota | G62: =SUM(E62*F62) -> 0 | I62: =SUM(G62/H62) -> #DIV/0! | M62: =K62*I62 -> #DIV/0! | O62: =I62 -> #DIV/0! | P62: =SUM(I62) -> #DIV/0! | Q62: =SUM(I62) -> #DIV/0! | R62: =SUM(I62) -> #DIV/0! | S62: =SUM(I62) -> #DIV/0! | T62: =SUM(I62) -> #DIV/0! | U62: =SUM(I62) -> #DIV/0! | V62: =SUM(I62) -> #DIV/0! | W62: =SUM(K62:V62) -> #DIV/0! | X62: =SUM(H62-8) -> -8
A63: 11 | D63: Nota | G63: =SUM(E63*F63) -> 0 | I63: =SUM(G63/H63) -> #DIV/0! | M63: =K63*I63 -> #DIV/0! | O63: =I63 -> #DIV/0! | P63: =SUM(I63) -> #DIV/0! | Q63: =SUM(I63) -> #DIV/0! | R63: =SUM(I63) -> #DIV/0! | S63: =SUM(I63) -> #DIV/0! | T63: =SUM(I63) -> #DIV/0! | U63: =SUM(I63) -> #DIV/0! | V63: =SUM(I63) -> #DIV/0! | W63: =SUM(K63:V63) -> #DIV/0! | X63: =SUM(H63-8) -> -8
A64: 12 | D64: Nota | G64: =SUM(E64*F64) -> 0 | I64: =SUM(G64/H64) -> #DIV/0! | M64: =K64*I64 -> #DIV/0! | O64: =I64 -> #DIV/0! | P64: =SUM(I64) -> #DIV/0! | Q64: =SUM(I64) -> #DIV/0! | R64: =SUM(I64) -> #DIV/0! | S64: =SUM(I64) -> #DIV/0! | T64: =SUM(I64) -> #DIV/0! | U64: =SUM(I64) -> #DIV/0! | V64: =SUM(I64) -> #DIV/0! | W64: =SUM(K64:V64) -> #DIV/0! | X64: =SUM(H64-8) -> -8
A65: 13 | D65: Nota | G65: =SUM(E65*F65) -> 0 | I65: =SUM(G65/H65) -> #DIV/0! | M65: =K65*I65 -> #DIV/0! | O65: =I65 -> #DIV/0! | P65: =SUM(I65) -> #DIV/0! | Q65: =SUM(I65) -> #DIV/0! | R65: =SUM(I65) -> #DIV/0! | S65: =SUM(I65) -> #DIV/0! | T65: =SUM(I65) -> #DIV/0! | U65: =SUM(I65) -> #DIV/0! | V65: =SUM(I65) -> #DIV/0! | W65: =SUM(K65:V65) -> #DIV/0! | X65: =SUM(H65-8) -> -8
A66: 33 | B66: Senter Kepala | C66: 31-05-2025 | D66: Nota | E66: 1 | F66: 500000 | G66: =SUM(E66*F66) -> 500000 | H66: 60 | I66: =SUM(G66/H66) -> 8333.3333 | O66: =I66 -> 8333.3333 | P66: =SUM(I66) -> 8333.3333 | Q66: =SUM(I66) -> 8333.3333 | R66: =SUM(I66) -> 8333.3333 | S66: =SUM(I66) -> 8333.3333 | T66: =SUM(I66) -> 8333.3333 | U66: =SUM(I66) -> 8333.3333 | V66: =SUM(I66) -> 8333.3333 | W66: =SUM(K66:V66) -> 66666.667 | X66: =SUM(H66-8) -> 52
G67: =SUM(G58:G66) -> 2485000 | O67: 563116
G68: =SUM(G28+G34+G56+G67) -> 70370000
A69: 34 | B69: Jas Hujan untuk ketapang | C69: 23-6-2025 | D69: Nota | E69: 2 | F69: 116500 | G69: =SUM(E69*F69) -> 233000 | H69: 60 | I69: =SUM(G69/H69) -> 3883.3333 | P69: =SUM(I69) -> 3883.3333 | Q69: =SUM(I69) -> 3883.3333 | R69: =SUM(I69) -> 3883.3333 | S69: =SUM(I69) -> 3883.3333 | T69: =SUM(I69) -> 3883.3333 | U69: =SUM(I69) -> 3883.3333 | V69: =SUM(I69) -> 3883.3333 | W69: =SUM(K69:V69) -> 27183.333 | X69: =SUM(H69-7) -> 53
G70: =SUM(G69:G69) -> 233000 | P70: 566999
G71: =SUM(G28+G34+G56+G67+G70) -> 70603000
A72: 35 | B72: Jirgen | C72: 18-7-2025 | E72: 8 | F72: 35000 | G72: =SUM(E72*F72) -> 280000 | H72: 60 | I72: =SUM(G72/H72) -> 4666.6667 | Q72: =SUM(I72) -> 4666.6667 | R72: =SUM(I72) -> 4666.6667 | S72: =SUM(I72) -> 4666.6667 | T72: =SUM(I72) -> 4666.6667 | U72: =SUM(I72) -> 4666.6667 | V72: =SUM(I72) -> 4666.6667 | W72: =SUM(K72:V72) -> 28000 | X72: =SUM(H72-6) -> 54
A73: 36 | B73: Tabung gas | C73: 21-7-2025 | D73: Nota | E73: 15 | F73: 250000 | G73: =SUM(E73*F73) -> 3750000 | H73: 60 | I73: =SUM(G73/H73) -> 62500 | Q73: =SUM(I73) -> 62500 | R73: =SUM(I73) -> 62500 | S73: =SUM(I73) -> 62500 | T73: =SUM(I73) -> 62500 | U73: =SUM(I73) -> 62500 | V73: =SUM(I73) -> 62500 | W73: =SUM(K73:V73) -> 375000 | X73: =SUM(H73-6) -> 54
A74: 37 | B74: Batu Widya | C74: 21-7-2025 | D74: Nota | E74: 30 | F74: 35000 | G74: =SUM(E74*F74) -> 1050000 | H74: 60 | I74: =SUM(G74/H74) -> 17500 | Q74: =SUM(I74) -> 17500 | R74: =SUM(I74) -> 17500 | S74: =SUM(I74) -> 17500 | T74: =SUM(I74) -> 17500 | U74: =SUM(I74) -> 17500 | V74: =SUM(I74) -> 17500 | W74: =SUM(K74:V74) -> 105000 | X74: =SUM(H74-6) -> 54
G75: =SUM(G72:G74) -> 5080000 | Q75: 651666
G76: =SUM(G28+G34+G56+G67+G70+G75) -> 75683000
A77: 38 | B77: Timbangan Gabah 150kg | C77: 13-8-2025 | D77: Nota | E77: 1 | F77: 1950000 | G77: =SUM(E77*F77) -> 1950000 | H77: 60 | I77: =SUM(G77/H77) -> 32500 | R77: =SUM(I77) -> 32500 | S77: =SUM(I77) -> 32500 | T77: =SUM(I77) -> 32500 | U77: =SUM(I77) -> 32500 | V77: =SUM(I77) -> 32500 | W77: =SUM(K77:V77) -> 162500 | X77: =H77-5 -> 55 | XFD77: =SUM(A77:XFC77) -> 4257654
G78: =SUM(G77:G77) -> 1950000
G79: =SUM(G18+G28+G34+G56+G67+G70+G75+G78) -> 230133000
A80: 39 | B80: Hp vivo | C80: 15-9-2025 | D80: Nota | E80: 1 | F80: 1600000 | G80: =SUM(E80*F80) -> 1600000 | H80: 60 | I80: =SUM(G80/H80) -> 26666.667 | S80: =SUM(I80) -> 26666.667 | T80: =SUM(I80) -> 26666.667 | U80: =SUM(I80) -> 26666.667 | V80: =SUM(I80) -> 26666.667 | W80: =SUM(K80:V80) -> 106666.67 | X80: =H80-4 -> 56
G81: =SUM(G80:G80) -> 1600000
G82: =SUM(G18+G28+G34+G56+G67+G70+G75+G78+G81+G20) -> 274243000
A83: 40 | B83: Alat pendeteksi uang palsu | C83: 6-10-2025 | D83: Nota | E83: 1 | F83: 150000 | G83: =F83*E83 -> 150000 | H83: 60 | I83: =SUM(G83/H83) -> 2500 | T83: =SUM(I83) -> 2500 | U83: =SUM(I83) -> 2500 | V83: =SUM(I83) -> 2500 | W83: =SUM(T83:V83) -> 7500 | X83: =H83-3 -> 57
G84: =SUM(G83:G83) -> 150000
G85: =SUM(G18+G28+G34+G56+G67+G70+G75+G78+G81+G20+G84) -> 274393000
R88: 684166 | S88: 710833 | T88: 713333 | U88: 713333 | V88: 713333
G89: =SUM(G18+G28+G34+G56+G67+G70+G75+G78+G81+G20+G22+G84) -> 304393000 | J89: =SUM(J28+J35+J56) -> 26060479 | K89: =SUM(K28+K35+K56) -> 767395.83 | L89: =SUM(L28+L35+L56) -> 767395.83 | M89: =SUM(M28+M35+M56) -> 767395.83 | N89: =SUM(N28+N58+N56+N35) -> 767395.83 | O89: =SUM(O28+O35+O67) -> 1067595.2 | P89: =SUM(P28+P35+P70) -> 1071478.2 | Q89: =SUM(Q28+Q35+Q75) -> 1156145.2 | R89: =SUM(R18+R28+R35+R88) -> 3730311.8 | S89: =SUM(S18+S28+S35+S88+S20) -> 4465478.8 | T89: =SUM(T18+T20+T22+T28+T35+T88) -> 4967978.8 | U89: =SUM(U18+U20+U22+U28+U35+U88) -> 4967978.8 | V89: =SUM(V18+V20+V22+V28+V35+V88) -> 4967978.8
H90: Akumulasi | K90: =K89 -> 767395.83 | L90: =SUM(K89:L89) -> 1534791.7 | M90: =SUM(K89:M89) -> 2302187.5 | N90: =SUM(K89:N89) -> 3069583.3 | O90: =SUM(K89:O89) -> 4137178.5 | P90: =SUM(K89:P89) -> 5208656.7 | Q90: =SUM(K89:Q89) -> 6364801.8 | R90: =SUM(K89:R89) -> 10095114 | S90: =SUM(K89:S89) -> 14560592 | T90: =SUM(K89:T89) -> 19528571 | U90: =SUM(K89:U89) -> 24496550 | V90: =SUM(L89:V89) -> 28697133
H91: Nilai Buku | J91: =SUM(G57-J89) -> 41824521 | K91: =SUM(G57-K90) -> 67117604 | L91: =SUM(G57-L90) -> 66350208 | M91: =SUM(G57-M90) -> 65582812 | N91: =SUM(G57-N90) -> 64815417 | O91: =SUM(G68-O90) -> 66232822 | P91: =SUM(G71-P90) -> 65394343 | Q91: =SUM(G76-Q90) -> 69318198 | R91: =SUM(G79-R90) -> 2.2003789e+08 | S91: =SUM(G82-S90) -> 2.5968241e+08 | T91: =SUM(G89-T90) -> 2.8486443e+08 | U91: =SUM(G89-U90) -> 2.7989645e+08 | V91: =SUM(G89-V90) -> 2.7569587e+08
A100: BADAN USAHA MILIK DESA BUMDesa SEJAHTERA
A101: INVENTARIS
A103: No | B103: Jenis Inventaris | C103: Tanggal Pembelian | D103: Bukti Pembelian | E103: Unit | F103: Harga Satuan | G103: Harga Perolehan | H103: Umur Ekonomis | I103: Penyusutan / Bulan | J103: akumulasi penyusutan sd 31 desmber 2024 | K103: Penyusutan tahun 2026 | W103: TOTAL PENYUSUTAN | X103: Penyusutan per-
K104: JANUARI | L104: FEBRUARI | M104: MARET | N104: APRIL | O104: MEI | P104: JUNI | Q104: JULI | R104: AGUSTUS | S104: SEPTEMBER | T104: OKTOBER | U104: NOVEMBER | V104: DECEMBER
B105: Bangunan/gedung dan Prasarana | H105: 240
B108: Mesin dan Inventaris | H108: 60
A109: 1 | B109: Molen | C109: 28-8-2025 | D109: Nota | E109: 1 | F109: 12500000 | G109: =SUM(E109*F109) -> 12500000 | H109: 60 | I109: =SUM(G109/H109) -> 208333.33 | K109: 208333.33 | L109: =SUM(I109) -> 208333.33 | M109: =SUM(I109) -> 208333.33 | N109: =SUM(I109) -> 208333.33 | O109: =SUM(I109) -> 208333.33 | P109: {=I109:I111} -> 208333.33 | Q109: =SUM(I109) -> 208333.33 | R109: =SUM(I109) -> 208333.33 | W109: =SUM(K109+L109+M109+N109+O109+P109+Q109+R109+S109+T109+U109+V109+W15) -> 2708333.3 | X109: =H109-5-12 -> 43
A110: 2 | B110: Mesin bor | C110: 28-8-2025 | D110: Nota | E110: 1 | F110: 35000000 | G110: =SUM(E110*F110) -> 35000000 | H110: 60 | I110: =SUM(G110/H110) -> 583333.33 | K110: 583333.33 | L110: =SUM(I110) -> 583333.33 | M110: =SUM(I110) -> 583333.33 | N110: =SUM(I110) -> 583333.33 | O110: =SUM(I110) -> 583333.33 | P110: 583333.33 | Q110: =SUM(I110) -> 583333.33 | R110: =SUM(I110) -> 583333.33 | W110: =SUM(K109+L109+M109+N109+O109+P109+Q109+R109+S109+T109+U109+V109+W16) -> 4583333.3 | X110: =H110-5-12 -> 43
A111: 3 | B111: Bor air titik 1-7 | C111: 28-8-2025 | D111: Nota | E111: 7 | F111: 15000000 | G111: =SUM(E111*F111) -> 105000000 | H111: 60 | I111: =SUM(G111/H111) -> 1750000 | K111: 1750000 | L111: =SUM(I111) -> 1750000 | M111: =SUM(I111) -> 1750000 | N111: =SUM(I111) -> 1750000 | O111: =SUM(I111) -> 1750000 | P111: 1750000 | Q111: =SUM(I111) -> 1750000 | R111: =SUM(I111) -> 1750000 | W111: =SUM(K111+L111+M111+N111+O111+P111+Q111+R111+S111+T111+U111+V111+W17) -> 22750000 | X111: =H111-5-12 -> 43
G112: =SUM(G109:G111) -> 152500000 | K112: =SUM(K109:K111) -> 2541666.7 | L112: =SUM(L109:L111) -> 2541666.7 | M112: =SUM(M109:M111) -> 2541666.7 | N112: =SUM(N109:N111) -> 2541666.7 | O112: =SUM(O109:O111) -> 2541666.7 | P112: =SUM(P109:P111) -> 2541666.7 | Q112: =SUM(Q109:Q111) -> 2541666.7 | R112: =SUM(R109:R111) -> 2541666.7
A113: 4 | B113: Mesin Diesel | C113: 26-9-2025 | D113: Nota | E113: 1 | F113: 42510000 | G113: =E113*F113 -> 42510000 | H113: 60 | I113: =SUM(G113/H113) -> 708500 | K113: 708500 | L113: =SUM(I113) -> 708500 | M113: =SUM(I113) -> 708500 | N113: =SUM(I113) -> 708500 | O113: =SUM(I113) -> 708500 | P113: =I113 -> 708500 | Q113: =SUM(I113) -> 708500 | R113: =SUM(I113) -> 708500 | W113: =SUM(K113+L113+M113+N113+O113+P113+Q113+R113+S113+T113+U113+V113+W19) -> 8502000 | X113: =SUM(H113-4-12) -> 44
G114: =SUM(G113:G113) -> 42510000 | K114: =SUM(K113:K113) -> 708500 | L114: =SUM(L113:L113) -> 708500 | M114: =SUM(M113:M113) -> 708500 | N114: =SUM(N113:N113) -> 708500 | O114: =SUM(O113:O113) -> 708500 | P114: =SUM(P113:P113) -> 708500 | Q114: =SUM(Q113:Q113) -> 708500 | R114: =SUM(R113:R113) -> 708500
A115: 5 | B115: Bor air titik 1-2 | C115: 31-10-2025 | E115: 2 | F115: 15000000 | G115: =SUM(E115*F115) -> 30000000 | H115: 60 | I115: =SUM(G115/H115) -> 500000 | K115: 500000 | L115: =SUM(I115) -> 500000 | M115: =SUM(I115) -> 500000 | N115: =SUM(I115) -> 500000 | O115: =SUM(I115) -> 500000 | P115: =I115 -> 500000 | Q115: =SUM(I115) -> 500000 | R115: =SUM(I115) -> 500000 | W115: =SUM(K115+L115+M115+N115+O115+P115+Q115+R115+S115+T115+U115+V115+W21) -> 5500000 | X115: =SUM(H115-3-12) -> 45
G116: =SUM(G115) -> 30000000 | K116: =SUM(K115:K115) -> 500000 | L116: =SUM(L115:L115) -> 500000 | M116: =SUM(M115:M115) -> 500000 | N116: =SUM(N115:N115) -> 500000 | O116: =SUM(O115:O115) -> 500000 | P116: =SUM(P115:P115) -> 500000 | Q116: =SUM(Q115:Q115) -> 500000 | R116: =SUM(R115:R115) -> 500000
G117: =SUM(G112+G114+G116+G122+G128+G150+G156+G159+G164+G167+G170) -> 303743000
...

Sheet titik 1
A1: BADAN USAHA MILIK DESA BUMDesa SEJAHTERA
A2: BIAYA OPERASIONAL MESIN BOR TITIK DELAPAN
A3: Desa | D3: : Batupute Kec.Soppeng Riaja
A4: Kabupaten | D4: : Barru
A5: Provinsi | D5: : Sulsel
A6: No | B6: Uraian | C6: Tanggal | D6: JMLH BRG | E6: SATUAN | F6: HARGA SATUAN | G6: JUMLAH HARGA
A7: 1 | B7: Konsumsi | C7: 29-7-2025 | D7: 1 | E7: kali | F7: 600000 | G7: =F7*D7 -> 600000 | I7: =G7+#REF!+#REF! -> #REF! | L7: ='[47]titik satu'!G31 -> 7885500
A8: 2 | B8: Pipa mizu 3 | C8: 30-7-2025 | D8: 4 | E8: btg | F8: 160000 | G8: =F8*D8 -> 640000 | I8: =G8+G9+G10+G11+I9+G12+G13+G14 -> 1319000 | L8: =SUM('[47]titik ketiga'!G20) -> 5607500
A9: 3 | B9: Pipa mizu putih 1 1/2 | C9: 30-7-2025 | D9: 6 | E9: btg | F9: 85000 | G9: =F9*D9 -> 510000 | L9: =SUM('[47]titik kelima'!G20) -> 5507000
A10: 4 | B10: SCG-AW over sock 2 1/2 | C10: 30-7-2025 | D10: 2 | E10: buah | F10: 17000 | G10: =F10*D10 -> 34000 | J10: Galung Jampu | L10: =SUM(#REF!) -> #REF!
A11: 5 | B11: Lem ruglue 400 gr | C11: 30-7-2025 | D11: 1 | E11: kaleng | F11: 62000 | G11: =F11*D11 -> 62000 | J11: LOMPO E | L11: =SUM('[47] LOMPO E'!G16) -> 39425000
A12: 6 | B12: Jaya TS Knee 2 1/2 | C12: 30-7-2025 | D12: 1 | E12: biji | F12: 25000 | G12: =F12*D12 -> 25000 | L12: =SUM(L7:L11) -> #REF!
A13: 7 | B13: Jaya TS Knee 1 1/2 | C13: 30-7-2025 | D13: 1 | E13: biji | F13: 10000 | G13: =F13*D13 -> 10000 | I13: =SUM(G8:G14) -> 1319000
A14: 8 | B14: Jaya TS Tee 2 1/2 | C14: 30-7-2025 | D14: 1 | E14: biji | F14: 38000 | G14: =F14*D14 -> 38000 | L14: ='[47]titik satu'!G40 -> 0
A15: 11 | B15: Mesin Chang fa R185 H+ | C15: 30-7-2025 | D15: 1 | E15: set | F15: 6300000 | G15: =F15*D15 -> 6300000
B16: JUMLAH | G16: =SUM(G7:G15) -> 8219000 | H16: 410500
A17: PENGURUS BUMDes SEJAHTERA
A18: DESA BATUPUTE KEC.SOPPENG RIAJA
E20: Dibuat Oleh
B21: DIREKTUR | E21: BENDAHARA BUMDes Sejahtera
B25: WAWAN DARMAWAN | E25: IRMA ALISA, S.T

Sheet titik 2
A1: BADAN USAHA MILIK DESA BUMDesa SEJAHTERA
A2: BIAYA OPERASIONAL MESIN BOR TITIK SEMBILAN
A3: Desa | D3: : Batupute Kec.Soppeng Riaja
A4: Kabupaten | D4: : Barru
A5: Provinsi | D5: : Sulsel
A6: No | B6: Uraian | C6: Tanggal | D6: JMLH BRG | E6: SATUAN | F6: HARGA SATUAN | G6: JUMLAH HARGA
A8: 1 | B8: Pipa mizu 3 | C8: 30-7-2025 | D8: 4 | E8: btg | F8: 160000 | G8: =F8*D8 -> 640000 | I8: =SUM(G8:G13) -> 1257000 | L8: ='[47]titik satu'!G31 -> 7885500
A9: 2 | B9: Pipa mizu putih 1 1/2 | C9: 30-7-2025 | D9: 6 | E9: btg | F9: 85000 | G9: =F9*D9 -> 510000 | L9: =SUM('[47]titik ketiga'!G20) -> 5607500
A10: 3 | B10: SCG-AW over sock 2 1/2 | C10: 30-7-2025 | D10: 2 | E10: buah | F10: 17000 | G10: =F10*D10 -> 34000 | L10: =SUM('[47]titik kelima'!G20) -> 5507000
A11: 4 | B11: Jaya TS Knee 2 1/2 | C11: 30-7-2025 | D11: 1 | E11: biji | F11: 25000 | G11: =F11*D11 -> 25000 | J11: Galung Jampu | L11: =SUM(#REF!) -> #REF!
A12: 5 | B12: Jaya TS Knee 1 1/2 | C12: 30-7-2025 | D12: 1 | E12: biji | F12: 10000 | G12: =F12*D12 -> 10000 | J12: LOMPO E | L12: =SUM('[47] LOMPO E'!G16) -> 39425000
A13: 6 | B13: Jaya TS Tee 2 1/2 | C13: 30-7-2025 | D13: 1 | E13: biji | F13: 38000 | G13: =F13*D13 -> 38000 | L13: =SUM(L8:L12) -> #REF!
A14: 7 | B14: Mesin RI85 H BK | C14: 1-8-2025 | D14: 1 | E14: set | F14: 4200000 | G14: =F14*D14 -> 4200000 | J14: Galung Jampu | L14: =SUM(#REF!) -> #REF!
A15: 8 | B15: Pompa air ns80 3" | C15: 1-8-2025 | D15: 1 | E15: set | F15: 1250000 | G15: =F15*D15 -> 1250000 | J15: LOMPO E | L15: =SUM('[47] LOMPO E'!G25) -> 0
A16: 9 | B16: Selang spiral 3" | C16: 1-8-2025 | D16: 3 | E16: meter | F16: 75000 | G16: =F16*D16 -> 225000 | L16: =SUM(L14:L15) -> #REF!
A17: 10 | B17: Landasan mesin pompa | C17: 1-8-2025 | D17: 1 | E17: buah | F17: 700000 | G17: =F17*D17 -> 700000
A18: 11 | B18: Konsumsi | C18: 1-8-2025 | D18: 1 | E18: kali | F18: 600000 | G18: =F18*D18 -> 600000
B19: JUMLAH | G19: =SUM(G8:G18) -> 8232000 | H19: 410500
A20: PENGURUS BUMDes SEJAHTERA
A21: DESA BATUPUTE KEC.SOPPENG RIAJA
E23: Dibuat Oleh
B24: DIREKTUR | E24: BENDAHARA BUMDes Sejahtera
B28: WAWAN DARMAWAN | E28: IRMA ALISA, S.T

Sheet titik 3
A1: BADAN USAHA MILIK DESA BUMDesa SEJAHTERA
A2: BIAYA OPERASIONAL MESIN BOR TITIK SEPULUH
A3: Desa | D3: : Batupute Kec.Soppeng Riaja
A4: Kabupaten | D4: : Barru
A5: Provinsi | D5: : Sulsel
A6: No | B6: Uraian | C6: Tanggal | D6: JMLH BRG | E6: SATUAN | F6: HARGA SATUAN | G6: JUMLAH HARGA
A8: 1 | B8: Mesin RI85 H BK | C8: 23-8-2025 | D8: 1 | E8: set | F8: 4450000 | G8: =F8*D8 -> 4450000 | L8: ='[47]titik satu'!G31 -> 7885500
A9: 2 | B9: Pompa air ns80 3" | C9: =C8 -> 23-8-2025 | D9: 1 | E9: set | F9: 1250000 | G9: =F9*D9 -> 1250000 | L9: =SUM('[47]titik ketiga'!G20) -> 5607500
A10: 3 | B10: Selang spiral 3" | C10: =C9 -> 23-8-2025 | D10: 3 | E10: meter | F10: 75000 | G10: =F10*D10 -> 225000 | L10: =SUM('[47]titik kelima'!G20) -> 5507000
A11: 4 | B11: Landasan mesin pompa | C11: =C10 -> 23-8-2025 | D11: 1 | E11: buah | F11: 700000 | G11: =F11*D11 -> 700000 | J11: Galung Jampu | L11: =SUM(#REF!) -> #REF!
A12: 5 | B12: Konsumsi | D12: 1 | E12: kali | F12: 600000 | G12: =F12*D12 -> 600000 | J12: LOMPO E | L12: =SUM('[47] LOMPO E'!G16) -> 39425000
A13: 6 | B13: Pipa mizu 3 | C13: 30-7-2025 | D13: 4 | E13: btg | F13: 160000 | G13: =F13*D13 -> 640000 | L13: =SUM(L8:L12) -> #REF!
A14: 7 | B14: Pipa mizu putih 1 1/2 | C14: 30-7-2025 | D14: 4 | E14: btg | F14: 85000 | G14: =F14*D14 -> 340000
A15: 8 | B15: beli pipa | C15: 31-7-2025 | D15: 1 | E15: kali | F15: 300000 | G15: =F15*D15 -> 300000 | L15: ='[47]titik satu'!G40 -> 0
A16: 9 | B16: Sewa mobil+transport | C16: 31-7-2025 | D16: 1 | E16: kali | F16: 400000 | G16: =F16*D16 -> 400000
A17: 10 | B17: Konsumsi | C17: 9-1-2025 | D17: 1 | E17: kali | F17: 600000 | G17: =F17*D17 -> 600000
B18: JUMLAH | G18: =SUM(G8:G17) -> 9505000 | H18: 410500
A19: PENGURUS BUMDes SEJAHTERA
A20: DESA BATUPUTE KEC.SOPPENG RIAJA
E22: Dibuat Oleh
B23: DIREKTUR | E23: BENDAHARA BUMDes Sejahtera
B27: WAWAN DARMAWAN | E27: IRMA ALISA, S.T

Sheet titik 4
A1: BADAN USAHA MILIK DESA BUMDesa SEJAHTERA
A2: BIAYA OPERASIONAL MESIN BOR TITIK SEBELAS
A3: Desa | D3: : Batupute Kec.Soppeng Riaja
A4: Kabupaten | D4: : Barru
A5: Provinsi | D5: : Sulsel
A6: No | B6: Uraian | C6: Tanggal | D6: JMLH BRG | E6: SATUAN | F6: HARGA SATUAN | G6: JUMLAH HARGA
A8: 1 | B8: Mesin RI85 H BK | C8: 23-8-2025 | D8: 1 | E8: set | F8: 4450000 | G8: =F8*D8 -> 4450000 | L8: ='[47]titik satu'!G31 -> 7885500
A9: 2 | B9: Pompa air ns80 3" | C9: =C8 -> 23-8-2025 | D9: 1 | E9: set | F9: 1250000 | G9: =F9*D9 -> 1250000 | L9: =SUM('[47]titik ketiga'!G20) -> 5607500
A10: 3 | B10: Selang spiral 3" | C10: =C9 -> 23-8-2025 | D10: 3 | E10: meter | F10: 75000 | G10: =F10*D10 -> 225000 | L10: =SUM('[47]titik kelima'!G20) -> 5507000
A11: 4 | B11: Landasan mesin pompa | C11: =C10 -> 23-8-2025 | D11: 1 | E11: buah | F11: 700000 | G11: =F11*D11 -> 700000 | J11: Galung Jampu | L11: =SUM(#REF!) -> #REF!
A12: 5 | B12: Konsumsi | D12: 1 | E12: kali | F12: 600000 | G12: =F12*D12 -> 600000 | J12: LOMPO E | L12: =SUM('[47] LOMPO E'!G16) -> 39425000
A13: 6 | B13: Pipa mizu 3 | C13: 30-7-2025 | D13: 4 | E13: btg | F13: 160000 | G13: =F13*D13 -> 640000 | L13: =SUM(L8:L12) -> #REF!
A14: 7 | B14: Selang Lipat 3 x 10 | C14: 30-7-2025 | D14: 1 | E14: roll | F14: 550000 | G14: =F14*D14 -> 550000
A15: 8 | B15: Selang Lipat 3 x 5 | C15: 30-7-2025 | D15: 1 | E15: roll | F15: 275000 | G15: =F15*D15 -> 275000 | L15: ='[47]titik satu'!G40 -> 0
A16: 9 | B16: uang transport | C16: 29-7-2025 | D16: 1 | E16: kali | F16: 250000 | G16: =F16*D16 -> 250000 | L16: =SUM('[47]titik kelima'!G29) -> 0
B17: JUMLAH | G17: =SUM(G8:G16) -> 8940000 | H17: 410500
A18: PENGURUS BUMDes SEJAHTERA
A19: DESA BATUPUTE KEC.SOPPENG RIAJA
E21: Dibuat Oleh
B22: DIREKTUR | E22: BENDAHARA BUMDes Sejahtera
B26: WAWAN DARMAWAN | E26: IRMA ALISA, S.T

Sheet titik 5
A1: BADAN USAHA MILIK DESA BUMDesa SEJAHTERA
A2: BIAYA OPERASIONAL MESIN BOR TITIK DUABELAS
A3: Desa | D3: : Batupute Kec.Soppeng Riaja
A4: Kabupaten | D4: : Barru
A5: Provinsi | D5: : Sulsel
A6: No | B6: Uraian | C6: Tanggal | D6: JMLH BRG | E6: SATUAN | F6: HARGA SATUAN | G6: JUMLAH HARGA
A8: 1 | B8: Pompa air ns80 3" | C8: 30-7-2025 | D8: 1 | E8: set | F8: 1250000 | G8: =F8*D8 -> 1250000 | L8: =SUM('[47]titik ketiga'!G20) -> 5607500
A9: 2 | B9: Selang lipat 2x100 tempel karet | C9: 30-7-2025 | D9: 2 | E9: roll | F9: 1000000 | G9: =F9*D9 -> 2000000 | L9: =SUM('[47]titik kelima'!G20) -> 5507000
A10: 3 | B10: Konsumsi | C10: 27-8-2025 | D10: 1 | E10: kali | F10: 600000 | G10: =F10*D10 -> 600000 | J10: Galung Jampu | L10: =SUM(#REF!) -> #REF!
A11: 4 | B11: Mesin Jiang Dong R 185 + Pompa Alkon intan 4" komplit | C11: 29-5-2025 | D11: 1 | E11: buah | F11: 9800000 | G11: =F11*D11 -> 9800000 | J11: LOMPO E | L11: =SUM('[47] LOMPO E'!G16) -> 39425000
A12: 5 | B12: Selang Spiral | C12: 29-5-2025 | D12: 10 | E12: meter | F12: 130000 | G12: =F12*D12 -> 1300000 | L12: =SUM(L8:L11) -> #REF!
A13: 6 | B13: Selang lipat 3 x 5 | C13: 30-7-2025 | D13: 1 | E13: roll | F13: 275000 | G13: =F13*D13 -> 275000
A14: 7 | B14: pipa 2 ½ Aw albo | C14: 24-9-2025 | D14: 1 | E14: batang | F14: 160000 | G14: =F14*D14 -> 160000 | L14: ='[47]titik satu'!G40 -> 0
A15: 8 | B15: L 1 ½ aw vinilon | C15: 24-9-2025 | D15: 3 | E15: buah | F15: 15000 | G15: =F15*D15 -> 45000 | L15: =SUM('[47]titik kelima'!G29) -> 0
A16: 9 | B16: lem isarplas | C16: 24-9-2025 | D16: 1 | E16: kg | F16: 60000 | G16: =F16*D16 -> 60000 | J16: Galung Jampu | L16: =SUM(#REF!) -> #REF!
A17: 10 | B17: Kapstater 6x 160 | C17: 24-9-2025 | D17: 1 | E17: buah | F17: 65000 | G17: =F17*D17 -> 65000
A18: 11 | B18: Over sock 3 x 1 ½ | C18: 24-9-2025 | D18: 3 | E18: buah | F18: 20000 | G18: =F18*D18 -> 60000
A19: 12 | B19: Over sock 2½ x 1 ½ | C19: 24-9-2025 | D19: 3 | E19: buah | F19: 17000 | G19: =F19*D19 -> 51000 | I19: =SUM(G14:G20) -> 573000
A20: 13 | B20: tee 2 ½ | C20: 24-9-2025 | D20: 4 | E20: buah | F20: 33000 | G20: =F20*D20 -> 132000
B21: Pipa mizu 3 | C21: 30-7-2025 | D21: 4 | E21: btg | F21: 160000 | G21: =F21*D21 -> 640000
B22: JUMLAH | G22: =SUM(G8:G21) -> 16438000 | H22: 410500
A23: PENGURUS BUMDes SEJAHTERA
A24: DESA BATUPUTE KEC.SOPPENG RIAJA
E26: Dibuat Oleh
B27: DIREKTUR | E27: BENDAHARA BUMDes Sejahtera
B31: WAWAN DARMAWAN | E31: IRMA ALISA, S.T

Sheet titik 6
A1: BADAN USAHA MILIK DESA BUMDesa SEJAHTERA
A2: BIAYA OPERASIONAL MESIN BOR TITIK DUABELAS
A3: Desa | D3: : Batupute Kec.Soppeng Riaja
A4: Kabupaten | D4: : Barru
A5: Provinsi | D5: : Sulsel
A6: No | B6: Uraian | C6: Tanggal | D6: JMLH BRG | E6: SATUAN | F6: HARGA SATUAN | G6: JUMLAH HARGA
A8: 1 | B8: Konsumsi | C8: 26-9-2025 | D8: 1 | E8: kali | F8: 600000 | G8: =F8*D8 -> 600000 | L8: =SUM('[47]titik ketiga'!G20) -> 5607500
A9: 2 | B9: oli mesran | C9: 15-9-2025 | D9: 1 | E9: kali | F9: 500000 | G9: =F9*D9 -> 500000 | L9: =SUM('[47]titik kelima'!G20) -> 5507000
A10: 3 | B10: L 1 ½ aw vinilon | C10: 24-9-2025 | D10: 2 | E10: buah | F10: 15000 | G10: =F10*D10 -> 30000 | J10: Galung Jampu | L10: =SUM(#REF!) -> #REF!
A11: 4 | B11: Kapstater 6x 160 | C11: 24-9-2025 | D11: 1 | E11: buah | F11: 65000 | G11: =F11*D11 -> 65000 | L11: =SUM(L8:L10) -> #REF!
A12: 5 | B12: pipa 2 ½ Aw albo | C12: 24-9-2025 | D12: 1 | E12: batang | F12: 160000 | G12: =F12*D12 -> 160000
A13: 6 | B13: Over sock 3 x 1 ½ | C13: 24-9-2025 | D13: 3 | E13: buah | F13: 20000 | G13: =F13*D13 -> 60000 | L13: ='[47]titik satu'!G40 -> 0
A14: 7 | B14: Over sock 2½ x 1 ½ | C14: 24-9-2025 | D14: 3 | E14: buah | F14: 17000 | G14: =F14*D14 -> 51000 | L14: =SUM('[47]titik kelima'!G29) -> 0
A15: 8 | B15: tee 2 ½ | C15: 24-9-2025 | D15: 3 | E15: buah | F15: 33000 | G15: =F15*D15 -> 99000 | J15: Galung Jampu | L15: =SUM(#REF!) -> #REF!
A16: 9 | B16: uang transport | C16: 24-9-2025 | D16: 1 | E16: kali | F16: 200000 | G16: =F16*D16 -> 200000
B17: Pompa air NS80 3" | C17: 30-7-2025 | D17: 1 | E17: set | F17: 1250000 | G17: =F17*D17 -> 1250000
B18: Landasan mesin pompa NS80 3" | C18: 30-7-2025 | D18: 1 | E18: buah | F18: 750000 | G18: =F18*D18 -> 750000
G19: =F19*D19 -> 0
G20: =F20*D20 -> 0
G21: =F21*D21 -> 0 | I21: =SUM(G10:G15) -> 465000
B22: JUMLAH | G22: =SUM(G8:G21) -> 3765000 | H22: 410500
A23: PENGURUS BUMDes SEJAHTERA
A24: DESA BATUPUTE KEC.SOPPENG RIAJA
E26: Dibuat Oleh
B27: DIREKTUR | E27: BENDAHARA BUMDes Sejahtera
B31: WAWAN DARMAWAN | E31: IRMA ALISA, S.T

Sheet titik 7
A1: BADAN USAHA MILIK DESA BUMDesa SEJAHTERA
A2: BIAYA OPERASIONAL MESIN BOR TITIK DUABELAS
A3: Desa | D3: : Batupute Kec.Soppeng Riaja
A4: Kabupaten | D4: : Barru
A5: Provinsi | D5: : Sulsel
A6: No | B6: Uraian | C6: Tanggal | D6: JMLH BRG | E6: SATUAN | F6: HARGA SATUAN | G6: JUMLAH HARGA
A8: 1 | B8: L 1 ½ aw vinilon | C8: 24-9-2025 | D8: 2 | E8: buah | F8: 15000 | G8: =F8*D8 -> 30000 | L8: =SUM('[47]titik ketiga'!G20) -> 5607500
A9: 2 | B9: pipa 2 ½ Aw albo | C9: 24-9-2025 | D9: 1 | E9: batang | F9: 160000 | G9: =F9*D9 -> 160000 | J9: LOMPO E | L9: =SUM('[47] LOMPO E'!G16) -> 39425000
A10: 3 | B10: Over sock 3 x 1 ½ | C10: 24-9-2025 | D10: 2 | E10: buah | F10: 20000 | G10: =F10*D10 -> 40000 | L10: =SUM(L8:L9) -> 45032500
A11: 4 | B11: Over sock 2½ x 1 ½ | C11: 24-9-2025 | D11: 2 | E11: buah | F11: 17000 | G11: =F11*D11 -> 34000
A12: 5 | B12: tee 2 ½ | C12: 24-9-2025 | D12: 3 | E12: buah | F12: 33000 | G12: =F12*D12 -> 99000 | L12: ='[47]titik satu'!G40 -> 0
A13: 6 | B13: Mesin gurinda | C13: 24-9-2025 | D13: 1 | E13: set | F13: 1315000 | G13: =F13*D13 -> 1315000 | L13: =SUM('[47]titik kelima'!G29) -> 0
B14: JUMLAH | G14: =SUM(G8:G13) -> 1678000 | H14: 410500
A15: PENGURUS BUMDes SEJAHTERA
A16: DESA BATUPUTE KEC.SOPPENG RIAJA
E18: Dibuat Oleh
B19: DIREKTUR | E19: BENDAHARA BUMDes Sejahtera
B23: WAWAN DARMAWAN | E23: IRMA ALISA, S.T

Sheet titik 8
A1: BADAN USAHA MILIK DESA BUMDesa SEJAHTERA
A2: BIAYA OPERASIONAL MESIN BOR TITIK DUABELAS
A3: Desa | D3: : Batupute Kec.Soppeng Riaja
A4: Kabupaten | D4: : Barru
A5: Provinsi | D5: : Sulsel
A6: No | B6: Uraian | C6: Tanggal | D6: JMLH BRG | E6: SATUAN | F6: HARGA SATUAN | G6: JUMLAH HARGA
A8: 1 | B8: Selang lipat 3x100 tempel karet | C8: 30-7-2025 | D8: 3 | E8: roll | F8: 1000000 | G8: =F8*D8 -> 3000000 | J8: LOMPO E | L8: =SUM('[47] LOMPO E'!G16) -> 39425000
A9: 3 | B9: Selang spiral 3" | C9: 30-7-2025 | D9: 5 | E9: meter | F9: 75000 | G9: =F9*D9 -> 375000
A10: 4 | B10: Mesin (M. saing) | C10: 8-4-2026 | D10: 1 | E10: buah | F10: 2000000 | G10: =F10*D10 -> 2000000 | L10: ='[47]titik satu'!G40 -> 0
A11: 5 | G11: =F11*D11 -> 0 | L11: =SUM('[47]titik kelima'!G29) -> 0
A12: 6 | G12: =F12*D12 -> 0 | J12: Galung Jampu | L12: =SUM(#REF!) -> #REF!
A13: 7 | G13: =F13*D13 -> 0
B14: JUMLAH | G14: =SUM(G8:G13) -> 5375000 | H14: 410500
A15: PENGURUS BUMDes SEJAHTERA
A16: DESA BATUPUTE KEC.SOPPENG RIAJA
E18: Dibuat Oleh
B19: DIREKTUR | E19: BENDAHARA BUMDes Sejahtera
B23: WAWAN DARMAWAN | E23: IRMA ALISA, S.T

Sheet PENG. GALUNG JAMPU TAHAP KE 2
A1: BADAN USAHA MILIK DESA BUMDesa SEJAHTERA
A2: BIAYA OPERASIONAL PENGELOLAAN AIR
A3: Desa | D3: : Batupute Kec.Soppeng Riaja
A4: Kabupaten | D4: : Barru
A5: Provinsi | D5: : Sulsel
A6: No | B6: Uraian | C6: Tanggal | D6: JMLH BRG | E6: SATUAN | F6: HARGA SATUAN | G6: JUMLAH HARGA | J6: 1 | K6: =SUM('[47]titik satu'!G31) -> 7885500
J7: 2 | K7: =SUM('[47]titik kedua'!G26) -> 7621000
A8: 1 | B8: Gas | C8: 05-05-2025 | D8: 50 | E8: gas | F8: 18600 | G8: =F8*D8 -> 930000 | J8: 3 | K8: =SUM('[47]titik ketiga'!G20) -> 5607500
A9: 2 | B9: Solar | C9: 2-8-2025 | D9: 220 | E9: liter | F9: 6800 | G9: =F9*D9 -> 1496000 | J9: 4 | K9: =SUM('[47]titik ke enam'!G18) -> 5207000
A10: 3 | B10: Gas | C10: 6-9-2025 | D10: 50 | E10: gas | F10: 18500 | G10: =F10*D10 -> 925000 | J10: 5 | K10: =SUM('[47]titik kelima'!G20) -> 5507000
A11: 4 | B11: oli mesran | C11: 6-9-2025 | D11: 1 | E11: kali | F11: 500000 | G11: =F11*D11 -> 500000 | J11: 6 | K11: =SUM('[47]titik ke enam'!G18) -> 5207000
A12: 5 | B12: Busi | C12: 6-9-2025 | D12: 10 | E12: kali | F12: 30000 | G12: =F12*D12 -> 300000 | J12: 7 | K12: =SUM('[47]titik ketujuh'!G29) -> 10692500 | L12: =SUM(K6:K12) -> 47727500
A13: 6 | B13: Amril | C13: 6-9-2025 | D13: 1 | E13: kali | F13: 60000 | G13: =F13*D13 -> 60000 | J13: 8 | K13: =SUM('[47]titik 1'!G16) -> 8219000
A14: 7 | B14: set rokker | C14: 9-9-2025 | D14: 1 | E14: kali | F14: 70000 | G14: =F14*D14 -> 70000 | J14: galung jampu | K14: =SUM(G55) -> 39120000
A15: 8 | B15: Upah pengelola | C15: 9-9-2025 | D15: 1 | E15: kali | F15: 500000 | G15: =F15*D15 -> 500000 | J15: lompo e | K15: =SUM('[47] LOMPO E'!G16) -> 39425000
A16: 9 | B16: Gas | C16: 19-9-2025 | D16: 25 | E16: gas | F16: 18500 | G16: =F16*D16 -> 462500 | J16: pengeluaran lompo e | K16: =SUM(#REF!) -> #REF! | L16: =SUM(K14+K16) -> #REF!
A17: 10 | B17: gas | C17: 22-9-2025 | D17: 25 | E17: gas | F17: 18500 | G17: =F17*D17 -> 462500 | K17: =SUM(K10:K16) -> #REF!
A18: 11 | B18: oli mesran | C18: 9-9-2025 | D18: 1 | E18: kali | F18: 500000 | G18: =F18*D18 -> 500000
A19: 12 | B19: gas | C19: 27-9-2025 | D19: 15 | E19: gas | F19: 18500 | G19: =F19*D19 -> 277500
A20: 12 | B20: gas | C20: 13-10-2025 | D20: 20 | E20: gas | F20: 18500 | G20: =F20*D20 -> 370000
A21: 13 | B21: gas | C21: 14-10-2025 | D21: 20 | E21: gas | F21: 18500 | G21: =F21*D21 -> 370000
A22: 14 | B22: gas | C22: 20-10-2025 | D22: 10 | E22: gas | F22: 18500 | G22: =F22*D22 -> 185000 | I22: =SUM(G21:G25) -> 4480000
A23: 15 | B23: Solar | C23: 3-4-2026 | D23: 1 | E23: kali | F23: 1500000 | G23: =F23*D23 -> 1500000
A24: 16 | B24: gas | C24: 21-4-2026 | D24: 50 | E24: buah | F24: 18500 | G24: =F24*D24 -> 925000
A25: 17 | B25: Solar | C25: 5-5-2026 | D25: 1 | E25: kali | F25: 1500000 | G25: =F25*D25 -> 1500000
A26: 18 | B26: gas | C26: 5-5-2026 | D26: 50 | E26: buah | F26: 18500 | G26: =F26*D26 -> 925000
A27: 19 | B27: Solar | C27: 26-5-2026 | D27: 1 | E27: kali | F27: 1500000 | G27: =F27*D27 -> 1500000
A28: 20 | B28: Gas | C28: 26-5-2026 | D28: 50 | E28: buah | F28: 18500 | G28: =F28*D28 -> 925000
A29: 21 | B29: gas | C29: 31-5-2026 | D29: 20 | E29: buah | F29: 20000 | G29: =F29*D29 -> 400000
A30: 22 | B30: Selang | C30: 25-5-2026 | D30: 1 | E30: kali | F30: 3477500 | G30: =F30*D30 -> 3477500
A31: 23 | B31: gas | C31: 5-6-2026 | D31: 50 | E31: buah | F31: 18500 | G31: =F31*D31 -> 925000
A32: 24 | B32: gas | C32: 10-6-2026 | D32: 19 | E32: buah | F32: 18500 | G32: =F32*D32 -> 351500
A33: 25 | B33: gas | C33: 11-6-2026 | D33: 10 | E33: buah | F33: 20000 | G33: =F33*D33 -> 200000
A34: 26 | B34: gas | C34: 15-6-2026 | D34: 20 | E34: buah | F34: 18500 | G34: =F34*D34 -> 370000
... A38: 30 | B38: solar | C38: 30-6-2026 | D38: 1 | E38: kali | F38: 2000000 | G38: =F38*D38 -> 2000000
A39: 31 | B39: gas | C39: 30-6-2026 | D39: 25 | F39: 18500 | G39: =F39*D39 -> 462500
A40: 32 | B40: gas | C40: 4-7-2026 | D40: 50 | E40: buah | F40: 18500 | G40: =F40*D40 -> 925000
A41: 33 | B41: gas | C41: 7-7-2026 | D41: 50 | E41: buah | F41: 18500 | G41: =F41*D41 -> 925000
A42: 34 | B42: gas | C42: 11-7-2026 | D42: 50 | E42: buah | F42: 18500 | G42: =F42*D42 -> 925000
A43: 35 | B43: solar | C43: 11-7-2026 | D43: 1 | E43: kali | F43: 1500000 | G43: =F43*D43 -> 1500000
A44: 36 | B44: gas | C44: 14-7-2026 | D44: 50 | E44: buah | F44: 18500 | G44: =F44*D44 -> 925000
A45: 37 | B45: solar | C45: 14-7-2026 | D45: 1 | E45: kali | F45: 2000000 | G45: =F45*D45 -> 2000000
A46: 38 | B46: gas | C46: 18-7-2026 | D46: 50 | E46: buah | F46: 18500 | G46: =F46*D46 -> 925000
A47: 39 | B47: gas | C47: 21-7-2026 | D47: 50 | E47: buah | F47: 18500 | G47: =F50*D50 -> 925000
A48: 40 | B48: gas | C48: 25-7-2026 | D48: 50 | E48: buah | F48: 18500 | G48: =F48*D48 -> 925000
A49: 41 | B49: solar | C49: 29-7-2026 | D49: 1 | E49: kali | F49: 2000000 | G49: =F49*D49 -> 2000000
A50: 42 | B50: gas | C50: 1-8-2026 | D50: 50 | E50: buah | F50: 18500 | G50: =F50*D50 -> 925000
G51: =F51*D51 -> 0
G52: =F52*D52 -> 0
G53: =F53*D53 -> 0
G54: =F54*D54 -> 0
B55: JUMLAH | G55: =SUM(G8:G54) -> 39120000 | I55: =SUM(KASHAR!K91) -> 36588400
A56: PENGURUS BUMDes SEJAHTERA | I56: =SUM(G55-I55) -> 2531600
A57: DESA BATUPUTE KEC.SOPPENG RIAJA
E59: Dibuat Oleh
B60: DIREKTUR | E60: BENDAHARA BUMDes Sejahtera
B64: WAWAN DARMAWAN | E64: IRMA ALISA, S.T

Sheet PENG. LOMPO E TAHAP KE (2)
A1: BADAN USAHA MILIK DESA BUMDesa SEJAHTERA
A2: BIAYA OPERASIONAL PENGELOLAAN AIR
A3: Desa | D3: : Batupute Kec.Soppeng Riaja
A4: Kabupaten | D4: : Barru
A5: Provinsi | D5: : Sulsel
A6: No | B6: Uraian | C6: Tanggal | D6: JMLH BRG | E6: SATUAN | F6: HARGA SATUAN | G6: JUMLAH HARGA | J6: 1 | K6: =SUM('[47]titik satu'!G31) -> 7885500
J7: 2 | K7: =SUM('[47]titik kedua'!G26) -> 7621000
A8: 1 | B8: Karung | C8: 31-3-2026 | D8: 200 | E8: lembar | F8: 2000 | G8: =F8*D8 -> 400000 | J8: 3 | K8: =SUM('[47]titik ketiga'!G20) -> 5607500
A9: 2 | B9: transport | C9: 31-3-2026 | D9: 1 | E9: kali | F9: 50000 | G9: =F9*D9 -> 50000 | J9: 4 | K9: =SUM('[47]titik ke enam'!G18) -> 5207000
A10: 3 | B10: Solar | C10: 28-3-2026 | D10: 143 | E10: liter | F10: 7000 | G10: =F10*D10 -> 1001000 | J10: 5 | K10: =SUM('[47]titik kelima'!G20) -> 5507000
A11: 4 | B11: Gas | C11: 28-3-2026 | D11: 50 | E11: gas | F11: 18500 | G11: =F11*D11 -> 925000 | J11: 6 | K11: =SUM('[47]titik ke enam'!G18) -> 5207000
A12: 5 | B12: Solar | C12: 2-5-2026 | D12: 1 | E12: kali | F12: 1500000 | G12: =F12*D12 -> 1500000 | J12: 7 | K12: =SUM('[47]titik ketujuh'!G29) -> 10692500 | L12: =SUM(K6:K12) -> 47727500
A13: 6 | B13: Solar | C13: 8-5-2026 | D13: 1 | E13: kali | F13: 1500000 | G13: =F13*D13 -> 1500000 | J13: 8 | K13: =SUM('[47]titik 1'!G16) -> 8219000
A14: 7 | B14: Solar | C14: 12-5-2026 | D14: 1 | E14: kali | F14: 1050000 | G14: =F14*D14 -> 1050000 | J14: galung jampu | K14: =SUM(G43) -> 33096000
A15: 8 | B15: Solar | C15: 31-5-2026 | D15: 1 | E15: kali | F15: 1500000 | G15: =F15*D15 -> 1500000 | J15: lompo e | K15: =SUM('[47] LOMPO E'!G16) -> 39425000
A16: 9 | B16: Solar | C16: 5-6-2026 | D16: 1 | E16: kali | F16: 1500000 | G16: =F16*D16 -> 1500000 | J16: pengeluaran lompo e | K16: =SUM(#REF!) -> #REF! | L16: =SUM(K14+K16) -> #REF!
A17: 10 | B17: Solar | C17: 8-6-2026 | D17: 1 | E17: kali | F17: 1500000 | G17: =F17*D17 -> 1500000 | K17: =SUM(K10:K16) -> #REF!
A18: 11 | B18: solar | C18: 11-6-2026 | D18: 1 | E18: kali | F18: 1500000 | G18: =F18*D18 -> 1500000
A19: 12 | B19: solar | C19: 17-6-2026 | D19: 1 | E19: kali | F19: 1500000 | G19: =F19*D19 -> 1500000
A20: 12 | B20: Solar | C20: 20-6-2026 | D20: 1 | E20: kali | F20: 1500000 | G20: =F20*D20 -> 1500000
A21: 13 | B21: solar | C21: 23-6-2026 | D21: 1 | E21: kali | F21: 1500000 | G21: =F21*D21 -> 1500000
A22: 14 | B22: Selang | C22: 26-6-2026 | D22: 1 | E22: kali | F22: 3670000 | G22: =F22*D22 -> 3670000
A23: 15 | B23: solar | C23: 4-7-2026 | D23: 1 | E23: kali | F23: 1500000 | G23: =F23*D23 -> 1500000 | I23: =SUM(G21:G27) -> 12670000
A24: 16 | B24: solar | C24: 7-7-2026 | D24: 1 | E24: kali | F24: 1500000 | G24: =F24*D24 -> 1500000
A25: 17 | B25: solar | C25: 16-7-2026 | D25: 1 | E25: kali | F25: 1500000 | G25: =F25*D25 -> 1500000
A26: 18 | B26: solar | C26: 18-7-2026 | D26: 1 | E26: kali | F26: 1500000 | G26: =F26*D26 -> 1500000
A27: 19 | B27: solar | C27: 21-7-2026 | D27: 1 | E27: kali | F27: 1500000 | G27: =F27*D27 -> 1500000
A28: 20 | B28: solar | C28: 23-7-2026 | D28: 1 | E28: kali | F28: 1500000 | G28: =F28*D28 -> 1500000
A29: 21 | B29: solar | C29: 25-7-2026 | D29: 1 | E29: kali | F29: 2000000 | G29: =F29*D29 -> 2000000
A30: 22 | B30: solar | C30: 01-8-2026 | D30: 1 | E30: kali | F30: 1500000 | G30: =F30*D30 -> 1500000
A31: 23 | G31: =F31*D31 -> 0
G32: =F32*D32 -> 0
G33: =F33*D33 -> 0
G34: =F34*D34 -> 0
G35: =F35*D35 -> 0
G36: =F36*D36 -> 0
G37: =F37*D37 -> 0
G38: =F38*D38 -> 0
G39: =F39*D39 -> 0 | I39: =SUM(I40:I41) -> 90288000
G40: =F40*D40 -> 0 | I40: ='Mantanaice bor air'!G34 -> 18072000 | J40: =G43+'[47]PENG. GALUNG JAMPU TAHAP KE 2'!G53 -> 64516000
G41: =F41*D41 -> 0 | I41: =G43+'PENG. GALUNG JAMPU TAHAP KE 2'!G55 -> 72216000 | J41: =J40+'[47]Mantanaice bor air'!G34 -> 82588000
G42: =F42*D42 -> 0
B43: JUMLAH | G43: =SUM(G8:G42) -> 33096000 | I43: =SUM(KASHAR!K84) -> 27963500 | J43: =I43+'PENG. GALUNG JAMPU TAHAP KE 2'!I55 -> 64551900 | K43: =I39-J43 -> 25736100
A44: PENGURUS BUMDes SEJAHTERA | I44: =SUM(G43-I43) -> 5132500
A45: DESA BATUPUTE KEC.SOPPENG RIAJA
E47: Dibuat Oleh
B48: DIREKTUR | E48: BENDAHARA BUMDes Sejahtera
B52: WAWAN DARMAWAN | E52: IRMA ALISA, S.T

Sheet Mantanaice bor air
A1: BADAN USAHA MILIK DESA BUMDesa SEJAHTERA
A2: BIAYA OPERASIONAL PENGELOLAAN AIR
A3: Desa | D3: : Batupute Kec.Soppeng Riaja
A4: Kabupaten | D4: : Barru
A5: Provinsi | D5: : Sulsel
A6: No | B6: Uraian | C6: Tanggal | D6: JMLH BRG | E6: SATUAN | F6: HARGA SATUAN | G6: JUMLAH HARGA
A7: 1 | B7: Gemmo untuk bor | C7: 28-7-2025 | D7: 1 | E7: buah | F7: 175000 | G7: =SUM(D7*F7) -> 175000
A8: 2 | B8: Oli mesra | C8: 01-8-2025 | D8: 5 | E8: liter | F8: 45000 | G8: =SUM(D8*F8) -> 225000
A9: 3 | B9: Uang makan | D9: 1 | E9: kali | F9: 600000 | G9: =SUM(D9*F9) -> 600000
A10: 4 | B10: Uang transport tukar pipa | C10: 16-5-2025 | D10: 1 | E10: kali | F10: 100000 | G10: =SUM(D10*F10) -> 100000
A11: 5 | B11: 11 mesin | C11: 20-10-2025 | D11: 11 | E11: mesin | F11: 60000 | G11: =SUM(D11*F11) -> 660000
A12: 6 | B12: Oli mesra | C12: 28-10-2025 | D12: 1 | E12: oli | F12: 300000 | G12: =SUM(D12*F12) -> 300000 | I12: =SUM(#REF!+#REF!+#REF!+#REF!+#REF!+#REF!) -> #REF!
A13: 7 | B13: Bor air dipindahkan | C13: 24-11-2025 | D13: 1 | E13: kali | F13: 500000 | G13: =SUM(D13*F13) -> 500000
A14: 8 | B14: Mantanaince bor (haseng) | C14: 30-11-2025 | D14: 1 | E14: kali | F14: 1000000 | G14: =SUM(D14*F14) -> 1000000
A15: 9 | B15: Mantanaince bor (pak malik) | C15: 31-3-2026 | D15: 1 | E15: kali | F15: 2500000 | G15: =F15*D15 -> 2500000
A16: 10 | B16: Mantanaince bor (pak malik) | C16: 16-4-2026 | D16: 1 | E16: kali | F16: 1500000 | G16: =F16*D16 -> 1500000
A17: 11 | B17: Mantanaince bor (pak malik) | C17: 17-4-2026 | D17: 1 | E17: kali | F17: 200000 | G17: =F17*D17 -> 200000
A18: 12 | B18: Pemasangan mesin bor | C18: 20-4-2026 | D18: 1 | E18: kali | F18: 350000 | G18: =F18*D18 -> 350000
A19: 13 | B19: Mantanaince bor (pak malik) | C19: 22-4-2026 | D19: 1 | E19: kali | F19: 2062000 | G19: =F19*D19 -> 2062000
A20: 14 | B20: buat bendungan di lompo e | C20: 28-4-2026 | D20: 1 | E20: kali | F20: 1000000 | G20: =F20*D20 -> 1000000
A21: 15 | B21: Mantanaince bor (pak malik) | C21: 1-5-2026 | D21: 1 | E21: kali | F21: 500000 | G21: =F21*D21 -> 500000
A22: 16 | B22: Mantanaince mesin bor bensin | C22: 11-5-2026 | D22: 11 | E22: mesin | F22: 50000 | G22: =F22*D22 -> 550000
A23: 17 | B23: Mantanaince bor (pak malik) | C23: 11-5-2026 | D23: 1 | E23: kali | F23: 2800000 | G23: =F23*D23 -> 2800000
A24: 18 | B24: Mantanaince mesin (pak malik ) | C24: 12-5-2026 | D24: 1 | E24: kali | F24: 700000 | G24: =F24*D24 -> 700000
A25: 19 | B25: Lahar +ongkos kerja | C25: 31-5-2026 | D25: 1 | E25: kali | F25: 350000 | G25: =F25*D25 -> 350000
A26: 20 | B26: beli oli dan gommo | C26: 31-5-2026 | D26: 1 | E26: kali | F26: 1150000 | G26: =F26*D26 -> 1150000
... A31: 25 | B31: Fumbel | C31: 13-7-2026 | D31: 1 | E31: kali | F31: 300000 | G31: =F31*D31 -> 300000
G32: =F32*D32 -> 0
B34: JUMLAH | G34: =SUM(G7:G33) -> 18072000
A35: PENGURUS BUMDes SEJAHTERA
A36: DESA BATUPUTE KEC.SOPPENG RIAJA
E38: Dibuat Oleh
B39: DIREKTUR | E39: BENDAHARA BUMDes Sejahtera
B43: WAWAN DARMAWAN | E43: IRMA ALISA, S.T

Sheet Pengadaan barang dan jasa
B1: BUKU BANTU
B2: PENGADAAN BARANG DAN JASA
A4: NO | B4: NAMA BARANG | C4: TGL | D4: JUMLAH BARANG | E4: SATUAN | F4: HARGA SATUAN | G4: HARGA BELI | H4: HARGA JUAL SATUAN | I4: HARGA JUAL | J4: KEUNTUNGAN
A5: 1 | B5: Besi beton polos 12x12 | C5: 27-7-26 | D5: 470 | E5: Btg | F5: 110000 | G5: =F5*D5 -> 51700000 | I5: =D5*H5 -> 0 | J5: =I5-G5 -> -51700000
A6: 2 | B6: Besi beton polos 8x12 | C6: 27-7-26 | D6: 100 | E6: Btg | F6: 50000 | G6: =F6*D6 -> 5000000 | I6: =D6*H6 -> 0 | J6: =I6-G6 -> -5000000
A7: 3 | B7: Kawat | C7: 27-7-26 | D7: 20 | E7: kg | F7: 30000 | G7: =F7*D7 -> 600000 | I7: =D7*H7 -> 0 | J7: =I7-G7 -> -600000
A8: 4 | B8: Paku 5 cm | C8: 27-7-26 | D8: 10 | E8: kg | F8: 20000 | G8: =F8*D8 -> 200000 | I8: =D8*H8 -> 0 | J8: =I8-G8 -> -200000 | K8: mines uang | L8: 100000
A9: 5 | B9: Paku 7 cm | C9: 27-7-26 | D9: 10 | E9: kg | F9: 20000 | G9: =F9*D9 -> 200000 | I9: =D9*H9 -> 0 | J9: =I9-G9 -> -200000 | K9: blm terbyr | L9: =SUM(G8:G10) -> 5200000
A10: 6 | B10: Triplek/ Plywood 9 mm | C10: 27-7-26 | D10: 50 | E10: lembar | F10: 96000 | G10: =F10*D10 -> 4800000 | I10: =D10*H10 -> 0 | J10: =I10-G10 -> -4800000 | K10: mines kawat | L10: 200000
A11: 7 | L11: =SUM(L8:L10) -> 5500000
A12: 8
B13: TOTAL | G13: =SUM(G5:G12) -> 62500000 | I13: =SUM(I5:I12) -> 0 | J13: =SUM(J5:J12) -> -62500000
B16: yang belum dibyr
B17: NAMA BARANG | C17: TGL | D17: JUMLAH BARANG | E17: SATUAN | F17: HARGA SATUAN | G17: HARGA BELI | H17: HARGA JUAL SATUAN | I17: HARGA JUAL | J17: KEUNTUNGAN
B18: paku | C18: 4-8-2026 | D18: 15 | E18: kg | F18: 20000 | G18: =F18*D18 -> 300000 | I18: =D18*H18 -> 0 | J18: =I18-G18 -> -300000
B19: Talangan kayu | C19: 12-8-2026 | D19: 1 | F19: 4100000 | G19: =F19*D19 -> 4100000 | I19: =D19*H19 -> 0 | J19: =I19-G19 -> -4100000
B20: Talangan bambu | C20: 19-8-2026 | D20: 1 | F20: 1200000 | G20: =F20*D20 -> 1200000 | I20: =D20*H20 -> 0 | J20: =I20-G20 -> -1200000
B21: Talangan gaji tukang | C21: 25-8-2026 | D21: 1 | F21: 7760000 | G21: =F21*D21 -> 7760000 | I21: =D21*H21 -> 0 | J21: =I21-G21 -> -7760000
G22: =F22*D22 -> 0 | I22: =D22*H22 -> 0 | J22: =I22-G22 -> 0
G23: =F23*D23 -> 0 | I23: =D23*H23 -> 0 | J23: =I23-G23 -> 0
B24: TOTAL | D24: =SUM(D17:D23) -> 18 | E24: zak | F24: =SUM(F18:F23) -> 13080000 | G24: =SUM(G18:G23) -> 13360000 | H24: =SUM(H18:H23) -> 0 | I24: =SUM(I18:I23) -> 0 | J24: =SUM(J18:J23) -> -13360000
B26: SUDAH TERBAYAR
A27: NO | B27: NAMA BARANG | C27: TGL | D27: JUMLAH BARANG | E27: SATUAN | F27: HARGA SATUAN | G27: HARGA BELI | H27: HARGA JUAL SATUAN | I27: HARGA JUAL | J27: KEUNTUNGAN
A28: 1 | B28: Besi beton polos 12x12 | C28: 27-7-26 | D28: 470 | E28: Btg | F28: 110000 | G28: =F28*D28 -> 51700000 | H28: 113000 | I28: =D28*H28 -> 53110000 | J28: =I28-G28 -> 1410000
A29: 2 | B29: Besi beton polos 8x12 | C29: 27-7-26 | D29: 100 | E29: Btg | F29: 50000 | G29: =F29*D29 -> 5000000 | H29: 55000 | I29: =D29*H29 -> 5500000 | J29: =I29-G29 -> 500000
A30: 3 | B30: Kawat | C30: 27-7-26 | D30: 20 | E30: kg | F30: 30000 | G30: =F30*D30 -> 600000 | H30: 20000 | I30: =D30*H30 -> 400000 | J30: =I30-G30 -> -200000
G31: =F31*D31 -> 0 | I31: =D31*H31 -> 0 | J31: =I31-G31 -> 0
G32: =F32*D32 -> 0 | I32: =D32*H32 -> 0 | J32: =I32-G32 -> 0
G33: =F33*D33 -> 0 | I33: =D33*H33 -> 0 | J33: =I33-G33 -> 0
G34: =F34*D34 -> 0 | I34: =D34*H34 -> 0 | J34: =I34-G34 -> 0
B35: TOTAL | G35: =SUM(G28:G34) -> 57300000 | H35: =SUM(H28:H34) -> 188000 | I35: =SUM(I28:I34) -> 59010000 | J35: =SUM(J28:J34) -> 1710000
B36: SISA
B37: NAMA BARANG | C37: TGL | D37: JUMLAH BARANG | E37: SATUAN | F37: HARGA SATUAN | G37: HARGA BELI | H37: HARGA JUAL SATUAN | I37: HARGA JUAL | J37: KEUNTUNGAN
B38: KAWAT | D38: 20 | E38: KG | F38: 20000 | G38: =F38*D38 -> 400000 | I38: =D38*H38 -> 0 | J38: =I38-G38 -> -400000
G39: =F39*D39 -> 0 | I39: =D39*H39 -> 0 | J39: =I39-G39 -> 0
G40: =F40*D40 -> 0 | I40: =D40*H40 -> 0 | J40: =I40-G40 -> 0
B41: TOTAL | D41: =SUM(D38:D40) -> 20 | E41: mobil | F41: =SUM(F38:F40) -> 20000 | G41: =SUM(G38:G40) -> 400000 | H41: =SUM(H38:H40) -> 0 | I41: =SUM(I38:I40) -> 0 | J41: =SUM(J38:J40) -> -400000
B44: SUDAH TERBAYAR ( paku )
B45: NAMA BARANG | C45: TGL | D45: JUMLAH BARANG | E45: SATUAN | F45: HARGA SATUAN | G45: HARGA BELI | H45: HARGA JUAL SATUAN | I45: HARGA JUAL | J45: KEUNTUNGAN
B46: Paku | C46: 19-8-26 | D46: 10 | E46: kg | F46: 20000 | G46: =SUM(D46*F46) -> 200000 | H46: 24000 | I46: =D46*H46 -> 240000 | J46: =I46-G46 -> 40000
B47: paku | C47: 19-8-26 | D47: 10 | E47: kg | F47: 20000 | G47: =SUM(D47*F47) -> 200000 | H47: 24000 | I47: =D47*H47 -> 240000 | J47: =I47-G47 -> 40000
B48: Triplek/ Plywood 9 mm | C48: 19-8-26 | D48: 50 | E48: lembar | F48: 96000 | G48: =SUM(D48*F48) -> 4800000 | H48: 100000 | I48: =D48*H48 -> 5000000 | J48: =I48-G48 -> 200000
B50: TOTAL | D50: =SUM(D46:D47) -> 20 | E50: kubik | F50: =SUM(F46:F47) -> 40000 | G50: =SUM(G46:G49) -> 5200000 | H50: =SUM(H46:H47) -> 48000 | I50: =SUM(I46:I47) -> 480000 | J50: =SUM(J46:J49) -> 280000
B53: NAMA BARANG | C53: TGL | D53: JUMLAH BARANG | E53: SATUAN | F53: HARGA SATUAN | G53: HARGA BELI | H53: HARGA JUAL SATUAN | I53: HARGA JUAL | J53: KEUNTUNGAN
G54: =F54*D54 -> 0
G55: =F55*D55 -> 0 | I55: =D55*H55 -> 0 | J55: =I55-G55 -> 0
G56: =F56*D56 -> 0 | I56: =D56*H56 -> 0 | J56: =I56-G56 -> 0
B57: TOTAL | F57: =SUM(F54:F56) -> 0 | G57: =SUM(G54:G56) -> 0 | H57: =SUM(H54:H56) -> 0 | I57: =SUM(I54:I56) -> 0 | J57: =SUM(J55:J56) -> 0
H60: total harga jual | I60: =I57+I50+I41+I35+I24+I13 -> 59490000
H61: tambahan timbunan | I61: 110000
H62: molen | I62: 500000
H63: total yang diterima | I63: =I60+I61+I62 -> 60100000
H64: solar+ gas | I64: 2425000
I65: =I63-I64 -> 57675000

Sheet Sheet1
A1: ANGGARAN BOR AIR
A3: NO | B3: TERPAKAI UNTUK | C3: JUMLAH | D3: AWAL ANGGARAN | E3: SISA
A4: 1 | B4: TITIK 1-7 | C4: 105000000 | D4: 255000000 | E4: =SUM(D4-C4) -> 150000000
A5: 2 | B5: TITIK 1-2 | C5: 30000000 | D5: 150000000 | E5: =SUM(D5-C5) -> 120000000

Sheet PESTISIDA (2)
A5: NO | B5: TGL | C5: NAMA BARANG | D5: STOK BARANG | J5: TRANSAKSI | N5: LABA/RUGI
D6: BARU | E6: LAMA | F6: JML | G6: SAT | H6: HARGA BELI | J6: PENJUALAN | M6: PEMBELIAN
H7: SAT | I7: JML | J7: SAT | K7: HARGA | L7: JML | M7: HARGA
A8: 1 | B8: 03-09 S.D. 03-09-2025 | C8: ANTIJI 1 LTR | D8: 10 | F8: =SUM(D8+E8)-J8 -> 10 | G8: BTL | H8: 292000 | I8: =SUM(F8*H8) -> 2920000 | K8: 370000 | L8: =SUM(J8*K8) -> 0 | M8: =SUM(J8*H8) -> 0 | N8: =SUM(L8-M8) -> 0 | O8: =SUM(N8/M8*100) -> #DIV/0!
A9: 2 | B9: 03-09 S.D. 03-09-2025 | C9: ANTIJI 500 MIL | D9: 17 | F9: =SUM(D9+E9)-J9 -> 17 | G9: BTL | H9: 160000 | I9: =SUM(F9*H9) -> 2720000 | K9: 220000 | L9: =SUM(J9*K9) -> 0 | M9: =SUM(J9*H9) -> 0 | N9: =SUM(L9-M9) -> 0 | O9: =SUM(N9/M9*100) -> #DIV/0!
A10: 3 | B10: 03-09 S.D. 03-09-2025 | C10: NOVLECT 500 MIL | D10: 40 | F10: =SUM(D10+E10)-J10 -> 40 | G10: BTL | H10: 370000 | I10: =SUM(F10*H10)-800000 -> 14000000 | K10: 450000 | L10: =SUM(J10*K10) -> 0 | M10: =SUM(J10*H10) -> 0 | N10: =SUM(L10-M10) -> 0 | O10: =SUM(N10/M10*100) -> #DIV/0!
A11: 4 | B11: 03-09 S.D. 03-09-2025 | C11: AMSINAT 1 LTR | D11: 60 | F11: =SUM(D11+E11)-J11 -> 60 | G11: BTL | H11: 65000 | I11: =SUM(F11*H11) -> 3900000 | K11: 105000 | L11: =SUM(J11*K11) -> 0 | M11: =SUM(J11*H11) -> 0 | N11: =SUM(L11-M11) -> 0 | O11: =SUM(N11/M11*100) -> #DIV/0!
A12: 5 | B12: 03-09 S.D. 03-09-2025 | C12: FENITE 200 MIL | D12: 40 | F12: =SUM(D12+E12)-J12 -> 40 | G12: BTL | H12: 180000 | I12: =SUM(F12*H12) -> 7200000 | K12: 225000 | L12: =SUM(J12*K12) -> 0 | M12: =SUM(J12*H12) -> 0 | N12: =SUM(L12-M12) -> 0 | O12: =SUM(N12/M12*100) -> #DIV/0!
A13: 6 | B13: 03-09 S.D. 03-09-2025 | C13: RATCEL 1 KG | D13: 2 | F13: =SUM(D13+E13)-J13 -> 2 | G13: BTL | H13: 175000 | I13: =SUM(F13*H13) -> 350000 | K13: 240000 | L13: =SUM(J13*K13) -> 0 | M13: =SUM(J13*H13) -> 0 | N13: =SUM(L13-M13) -> 0 | O13: =SUM(N13/M13*100) -> #DIV/0!
A14: 7 | B14: 03-09 S.D. 03-09-2025 | C14: KOVIN PLUS 1 KG | D14: 2 | F14: =SUM(D14+E14)-J14 -> 2 | G14: BKS | H14: 132000 | I14: =SUM(F14*H14) -> 264000 | K14: 180000 | L14: =SUM(J14*K14) -> 0 | M14: =SUM(J14*H14) -> 0 | N14: =SUM(L14-M14) -> 0 | O14: =SUM(N14/M14*100) -> #DIV/0!
A15: 8 | B15: 03-09 S.D. 03-09-2025 | C15: BESTNOID 100 GRAM | D15: 50 | F15: =SUM(D15+E15)-J15 -> 50 | G15: BKS | H15: 57000 | I15: =SUM(F15*H15) -> 2850000 | K15: 85000 | L15: =SUM(J15*K15) -> 0 | M15: =SUM(J15*H15) -> 0 | N15: =SUM(L15-M15) -> 0 | O15: =SUM(N15/M15*100) -> #DIV/0!
A16: 9 | B16: 03-09 S.D. 03-09-2025 | C16: REGENT MERAH 50 MIL | D16: 80 | F16: =SUM(D16+E16)-J16 -> 80 | G16: BTL | H16: 27000 | I16: =SUM(F16*H16) -> 2160000 | K16: 45000 | L16: =SUM(J16*K16) -> 0 | M16: =SUM(J16*H16) -> 0 | N16: =SUM(L16-M16) -> 0 | O16: =SUM(N16/M16*100) -> #DIV/0!
A17: 10 | B17: 03-09 S.D. 03-09-2025 | C17: SUPRETOX 1 LTR | D17: 40 | F17: =SUM(D17+E17)-J17 -> 40 | G17: BTL | H17: 52000 | I17: =SUM(F17*H17) -> 2080000 | K17: 95000 | L17: =SUM(J17*K17) -> 0 | M17: =SUM(J17*H17) -> 0 | N17: =SUM(L17-M17) -> 0 | O17: =SUM(N17/M17*100) -> #DIV/0!
A18: 11 | B18: 03-09 S.D. 03-09-2025 | C18: CENTOP 1 LTR | D18: 40 | F18: =SUM(D18+E18)-J18 -> 40 | G18: BTL | H18: 55000 | I18: =SUM(F18*H18) -> 2200000 | K18: 95000 | L18: =SUM(J18*K18) -> 0 | M18: =SUM(J18*H18) -> 0 | N18: =SUM(L18-M18) -> 0 | O18: =SUM(N18/M18*100) -> #DIV/0!
A19: 12 | B19: 03-09 S.D. 03-09-2025 | C19: SUPREMO 1 LTR | D19: 40 | F19: =SUM(D19+E19)-J19 -> 40 | G19: BTL | H19: 65000 | I19: =SUM(F19*H19) -> 2600000 | K19: 100000 | L19: =SUM(J19*K19) -> 0 | M19: =SUM(J19*H19) -> 0 | N19: =SUM(L19-M19) -> 0 | O19: =SUM(N19/M19*100) -> #DIV/0!
A20: 13 | B20: 03-09 S.D. 03-09-2025 | C20: FENOMIN 400 MIL | D20: 46 | F20: =SUM(D20+E20)-J20 -> 46 | G20: BTL | H20: 30000 | I20: =SUM(F20*H20)-180000 -> 1200000 | K20: 40000 | L20: =SUM(J20*K20) -> 0 | M20: =SUM(J20*H20) -> 0 | N20: =SUM(L20-M20) -> 0 | O20: =SUM(N20/M20*100) -> #DIV/0!
A21: 14 | B21: 03-09 S.D. 03-09-2025 | C21: DELTAXON 1 LTR | D21: 40 | F21: =SUM(D21+E21)-J21 -> 40 | G21: BTL | H21: 45000 | I21: =SUM(F21*H21) -> 1800000 | K21: 90000 | L21: =SUM(J21*K21) -> 0 | M21: =SUM(J21*H21) -> 0 | N21: =SUM(L21-M21) -> 0 | O21: =SUM(N21/M21*100) -> #DIV/0!
A22: 15 | B22: 03-09 S.D. 03-09-2025 | C22: DANKE 250 GRAM | D22: 40 | F22: =SUM(D22+E22)-J22 -> 40 | G22: BTL | H22: 60000 | I22: =SUM(F22*H22) -> 2400000 | K22: 85000 | L22: =SUM(J22*K22) -> 0 | M22: =SUM(J22*H22) -> 0 | N22: =SUM(L22-M22) -> 0 | O22: =SUM(N22/M22*100) -> #DIV/0!
A23: 16 | B23: 03-09 S.D. 03-09-2025 | C23: SEPATULORENG (40) | D23: 2 | F23: =SUM(D23+E23)-J23 -> 2 | G23: PSG | H23: 165000 | I23: =SUM(F23*H23) -> 330000 | K23: 250000 | L23: =SUM(J23*K23) -> 0 | M23: =SUM(J23*H23) -> 0 | N23: =SUM(L23-M23) -> 0 | O23: =SUM(N23/M23*100) -> #DIV/0!
A24: 17 | B24: 03-09 S.D. 03-09-2025 | C24: SEPATULORENG (41) | D24: 3 | F24: =SUM(D24+E24)-J24 -> 3 | G24: PSG | H24: 165000 | I24: =SUM(F24*H24) -> 495000 | K24: 250000 | L24: =SUM(J24*K24) -> 0 | M24: =SUM(J24*H24) -> 0 | N24: =SUM(L24-M24) -> 0 | O24: =SUM(N24/M24*100) -> #DIV/0!
A25: 18 | B25: 03-09 S.D. 03-09-2025 | C25: WARING LEO/JANGKAR | D25: 1 | F25: =SUM(D25+E25)-J25 -> 1 | G25: ROL | H25: 295000 | I25: =SUM(F25*H25) -> 295000 | K25: 295000 | L25: =SUM(J25*K25) -> 0 | M25: =SUM(J25*H25) -> 0 | N25: =SUM(L25-M25) -> 0 | O25: =SUM(N25/M25*100) -> #DIV/0!
A26: 19 | B26: 03-09 S.D. 03-09-2025 | C26: LOYANT 500 MIL | D26: 40 | F26: =SUM(D26+E26)-J26 -> 40 | G26: BTL | H26: 365000 | I26: =SUM(F26*H26)-600000 -> 14000000 | K26: 440000 | L26: =SUM(J26*K26) -> 0 | M26: =SUM(J26*H26) -> 0 | N26: =SUM(L26-M26) -> 0 | O26: =SUM(N26/M26*100) -> #DIV/0!
C27: JUMLAH | I27: =SUM(I8:I26) -> 63764000 | L27: =SUM(L8:L26) -> 0 | M27: =SUM(M8:M26) -> 0 | N27: =SUM(N8:N26) -> 0
C29: Sisa pestisida sebelumnya | D29: =SUM('[55]Tahap ke 4'!$C$31) -> 20922800
D30: =SUM(D29+I27) -> 84686800 | H30: =900000/20 -> 45000
